Workbook
Name cerfa_charges: 'Postes comptables'!$I$3:$I$41
Name cerfa_produits: 'Postes comptables'!$L$3:$L$33
Name cvn_charges: 'Postes comptables'!$I$43:$I$46
Name cvn_produits: 'Postes comptables'!$L$35:$L$37
Name date_debut: Accueil!$C$8
Name date_fin: Accueil!$C$10
Name dep_deroule: 'Postes comptables'!$N$2:$N$72
Name depenses: Analytique!$AD$10:$AD$150
Name postes_depenses: 'Postes comptables'!$C$3:$C$50
Name postes_recettes: 'Postes comptables'!$C$54:$C$96
Name rec_deroule: 'Postes comptables'!$O$2:$O$70
Name recettes: Analytique!$AG$10:$AG$150

Sheet Accueil
G2: SOLDE DES COMPTES AU DEBUT DE L'EXERCICE COMPTABLE | L2: SOLDE DES COMPTES ACTUELS (compte tenu des opérations saisies)
D4: Conception : | E4: Didier CABY | G4: Etablissement bancaire | H4: Nom du compte | J4: Montants (en €) | L4: Etablissement bancaire | M4: Nom du compte | O4: Montants (en €) | Q4: Type de compte
B6: NOM DE L'ASSOCIATION | C6: MON ASSO DEMO | G6: C.AGRICOLE | H6: COMPTE COURANT | J6: 3678.13 | K6: =IF(H6="","",Q6) -> Trésorerie | L6: =G6 -> C.AGRICOLE | M6: =H6 -> COMPTE COURANT | O6: ='Suivi Tréso. '!E6 -> 4858.15 | Q6: Trésorerie | S6: Trésorerie | T6: {=IF(OR(AND(Q6="Trésorerie",M6<>"CAISSE"),ISERROR(INDIRECT("'"&M6&"'!"&"J2"))),"",IF(ROUND(O6,2)<>ROUND(INDIRECT("'"&M6&"'!"&"J2"),2),"Anomalie",""))} | U6: {=IF(OR(AND(Q6="Trésorerie",M6<>"CAISSE"),ISERROR(INDIRECT("'"&M6&"'!"&"J2"))),"",ROUND(INDIRECT("'"&M6&"'!"&"J2"),2)-ROUND(O6,2))}
S7: Actif
B8: DATE DE DEBUT EXERCICE COMPTABLE | C8: 45658 | D8: au format JJ/MM/AAAA | G8: C.AGRICOLE | H8: LIVRET A | J8: 14516.62 | K8: =IF(H8="","",Q8) -> Trésorerie | L8: =G8 -> C.AGRICOLE | M8: =H8 -> LIVRET A | O8: ='Suivi Tréso. '!E15 -> 16343.46 | Q8: Trésorerie | S8: Passif | T8: {=IF(OR(AND(Q8="Trésorerie",M8<>"CAISSE"),ISERROR(INDIRECT("'"&M8&"'!"&"J2"))),"",IF(ROUND(O8,2)<>ROUND(INDIRECT("'"&M8&"'!"&"J2"),2),"Anomalie",""))} | U8: {=IF(OR(AND(Q8="Trésorerie",M8<>"CAISSE"),ISERROR(INDIRECT("'"&M8&"'!"&"J2"))),"",ROUND(INDIRECT("'"&M8&"'!"&"J2"),2)-ROUND(O8,2))}
B10: DATE DE FIN EXERCICE COMPTABLE | C10: 46022 | D10: au format JJ/MM/AAAA | H10: CAISSE | J10: 2.15 | K10: =IF(H10="","",Q10) -> Trésorerie | L10: =G10 -> 0 | M10: =H10 -> CAISSE | O10: ='Suivi Tréso. '!E19 -> 2.15 | Q10: Trésorerie | T10: {=IF(OR(AND(Q10="Trésorerie",M10<>"CAISSE"),ISERROR(INDIRECT("'"&M10&"'!"&"J2"))),"",IF(ROUND(O10,2)<>ROUND(INDIRECT("'"&M10&"'!"&"J2"),2),"Anomalie",""))} | U10: {=IF(OR(AND(Q10="Trésorerie",M10<>"CAISSE"),ISERROR(INDIRECT("'"&M10&"'!"&"J2"))),"",ROUND(INDIRECT("'"&M10&"'!"&"J2"),2)-ROUND(O10,2))}
K12: =IF(H12="","",Q12) | L12: =G12 -> 0 | M12: =H12 -> 0 | O12: ='Suivi Tréso. '!E23 -> 0 | Q12: Trésorerie | T12: {=IF(OR(AND(Q12="Trésorerie",M12<>"CAISSE"),ISERROR(INDIRECT("'"&M12&"'!"&"J2"))),"",IF(ROUND(O12,2)<>ROUND(INDIRECT("'"&M12&"'!"&"J2"),2),"Anomalie",""))} | U12: {=IF(OR(AND(Q12="Trésorerie",M12<>"CAISSE"),ISERROR(INDIRECT("'"&M12&"'!"&"J2"))),"",ROUND(INDIRECT("'"&M12&"'!"&"J2"),2)-ROUND(O12,2))}
G14: SUMUP | H14: CARTE BANCAIRE | J14: 684.02 | K14: =IF(H14="","",Q14) -> Trésorerie | L14: =G14 -> SUMUP | M14: =H14 -> CARTE BANCAIRE | O14: ='Suivi Tréso. '!E27 -> 117.12 | Q14: Trésorerie | T14: {=IF(OR(AND(Q14="Trésorerie",M14<>"CAISSE"),ISERROR(INDIRECT("'"&M14&"'!"&"J2"))),"",IF(ROUND(O14,2)<>ROUND(INDIRECT("'"&M14&"'!"&"J2"),2),"Anomalie",""))} | U14: {=IF(OR(AND(Q14="Trésorerie",M14<>"CAISSE"),ISERROR(INDIRECT("'"&M14&"'!"&"J2"))),"",ROUND(INDIRECT("'"&M14&"'!"&"J2"),2)-ROUND(O14,2))}
H16: A PAYER | J16: -104 | K16: =IF(H16="","",Q16) -> Passif | L16: =G16 -> 0 | M16: =H16 -> A PAYER | O16: ='Suivi Tréso. '!E31 -> -368.5 | Q16: Passif | T16: {=IF(OR(AND(Q16="Trésorerie",M16<>"CAISSE"),ISERROR(INDIRECT("'"&M16&"'!"&"J2"))),"",IF(ROUND(O16,2)<>ROUND(INDIRECT("'"&M16&"'!"&"J2"),2),"Anomalie",""))} | U16: {=IF(OR(AND(Q16="Trésorerie",M16<>"CAISSE"),ISERROR(INDIRECT("'"&M16&"'!"&"J2"))),"",ROUND(INDIRECT("'"&M16&"'!"&"J2"),2)-ROUND(O16,2))} -> 0
H18: A RECEVOIR | J18: 780 | K18: =IF(H18="","",Q18) -> Actif | L18: =G18 -> 0 | M18: =H18 -> A RECEVOIR | O18: ='Suivi Tréso. '!E35 -> 126 | Q18: Actif | T18: {=IF(OR(AND(Q18="Trésorerie",M18<>"CAISSE"),ISERROR(INDIRECT("'"&M18&"'!"&"J2"))),"",IF(ROUND(O18,2)<>ROUND(INDIRECT("'"&M18&"'!"&"J2"),2),"Anomalie",""))} | U18: {=IF(OR(AND(Q18="Trésorerie",M18<>"CAISSE"),ISERROR(INDIRECT("'"&M18&"'!"&"J2"))=TRUE),"",ROUND(INDIRECT("'"&M18&"'!"&"J2"),2)-ROUND(O18,2))} -> 0
H19: Activités
H20: A REVERSER | J20: 0 | K20: =IF(H20="","",Q20) -> Trésorerie | L20: =G20 -> 0 | M20: =H20 -> A REVERSER | O20: ='Suivi Tréso. '!E39 -> 0 | Q20: Trésorerie | T20: {=IF(OR(AND(Q20="Trésorerie",M20<>"CAISSE"),ISERROR(INDIRECT("'"&M20&"'!"&"J2"))),"",IF(ROUND(O20,2)<>ROUND(INDIRECT("'"&M20&"'!"&"J2"),2),"Anomalie",""))} | U20: {=IF(OR(AND(Q20="Trésorerie",M20<>"CAISSE"),ISERROR(INDIRECT("'"&M20&"'!"&"J2"))),"",ROUND(INDIRECT("'"&M20&"'!"&"J2"),2)-ROUND(O20,2))}
K22: =IF(H22="","",Q22) | L22: =G22 -> 0 | M22: =H22 -> 0 | O22: ='Suivi Tréso. '!E43 -> 0 | Q22: Trésorerie | T22: {=IF(OR(AND(Q22="Trésorerie",M22<>"CAISSE"),ISERROR(INDIRECT("'"&M22&"'!"&"J2"))),"",IF(ROUND(O22,2)<>ROUND(INDIRECT("'"&M22&"'!"&"J2"),2),"Anomalie",""))}
K24: =IF(H24="","",Q24) | L24: =G24 -> 0 | M24: =H24 -> 0 | O24: ='Suivi Tréso. '!E47 -> 0 | Q24: Trésorerie | T24: {=IF(OR(AND(Q24="Trésorerie",M24<>"CAISSE"),ISERROR(INDIRECT("'"&M24&"'!"&"J2"))),"",IF(ROUND(O24,2)<>ROUND(INDIRECT("'"&M24&"'!"&"J2"),2),"Anomalie",""))}
G26: TOTAL | J26: =SUM(J6:J24) -> 19556.92 | L26: TOTAL | O26: =SUM(O6:O24) -> 21078.38
G28: SITUATION DE L'EXERCICE | J28: ='Synth (détaillé)'!H8 -> 1521.46 | L28: EVOLUTION DE LA TRESORERIE | O28: =O26-J26 -> 1521.46 | Q28: =IF(J30<>O30,"Il y a une anomalie dans votre saisie","")
J30: =ROUND(J28,2) -> 1521.46 | O30: =ROUND(O28,2) -> 1521.46
L32: = zones de saisie
B33: Version : V.20260110

Sheet Postes comptables
C1: COMPTES PERSONNALISES DE L'ASSOCIATION | D1: POSTES DU CERFA | E1: Eléments à inscrire dans ce poste | H1: PLAN DE COMPTES DU CERFA
C2: POSTES DE DEPENSES | H2: LES CHARGES (DEPENSES) | K2: LES PRODUITS (RECETTES) | N2: ="-------"&A3 -> -------60 - ACHATS | O2: ="-------"&A54 -> -------70 - REMUN. DES SERVICES
A3: =H3 -> 60 - ACHATS | B3: 60-01 | C3: Achat de matériel musical | D3: Fournitures d'ateliers ou d'activités | E3: batteries, instruments | F3: =IF(C3="","",IF(COUNTIF('Postes comptables'!$I:$I,D3)=0,"Anomalie","")) | H3: 60 - ACHATS | I3: Fournitures d'ateliers ou d'activités | K3: 70 - REMUN. DES SERVICES | L3: Participation des usagers | N3: =IF(C3="","",C3) -> Achat de matériel musical | O3: =IF(C54="","",C54) -> Recettes buvettes | Q3: {=IF(ROWS($1:1)<=SUM(IF(dep_deroule<>"",1/COUNTIF(dep_deroule,dep_deroule))),INDEX(dep_deroule,SMALL(IF(FREQUENCY(IF(dep_deroule<>"",MATCH(dep_deroule,dep_deroule,0)),ROW(INDIRECT("1:"&ROWS(dep_deroule))))>0,ROW(INDIRECT("1:"&ROWS(dep_deroule)))),ROWS($1:1))),"")} -> -------60 - ACHATS | R3: {=IF(ROWS($1:1)<=SUM(IF(rec_deroule<>"",1/COUNTIF(rec_deroule,rec_deroule))),INDEX(rec_deroule,SMALL(IF(FREQUENCY(IF(rec_deroule<>"",MATCH(rec_deroule,rec_deroule,0)),ROW(INDIRECT("1:"&ROWS(rec_deroule))))>0,ROW(INDIRECT("1:"&ROWS(rec_deroule)))),ROWS($1:1))),"")} -> -------70 - REMUN. DES SERVICES
B4: 60-02 | C4: Achat de partitions | D4: Fournitures d'ateliers ou d'activités | E4: partitions achetées | F4: =IF(C4="","",IF(COUNTIF('Postes comptables'!$I:$I,D4)=0,"Anomalie","")) | I4: Eau, gaz, électricité | L4: Prestations de services CNAF | N4: =IF(C4="","",C4) -> Achat de partitions | O4: =IF(C55="","",C55) -> Prestations concerts | Q4: {=IF(ROWS($1:2)<=SUM(IF(dep_deroule<>"",1/COUNTIF(dep_deroule,dep_deroule))),INDEX(dep_deroule,SMALL(IF(FREQUENCY(IF(dep_deroule<>"",MATCH(dep_deroule,dep_deroule,0)),ROW(INDIRECT("1:"&ROWS(dep_deroule))))>0,ROW(INDIRECT("1:"&ROWS(dep_deroule)))),ROWS($1:2))),"")} -> Achat de matériel musical | R4: {=IF(ROWS($1:2)<=SUM(IF(rec_deroule<>"",1/COUNTIF(rec_deroule,rec_deroule))),INDEX(rec_deroule,SMALL(IF(FREQUENCY(IF(rec_deroule<>"",MATCH(rec_deroule,rec_deroule,0)),ROW(INDIRECT("1:"&ROWS(rec_deroule))))>0,ROW(INDIRECT("1:"&ROWS(rec_deroule)))),ROWS($1:2))),"")} -> Recettes buvettes
B5: 60-03 | C5: Achat de matériel et accessoires | D5: Fournitures d'ateliers ou d'activités | E5: pare sons, classeurs musiciens, lampes pupitres | F5: =IF(C5="","",IF(COUNTIF('Postes comptables'!$I:$I,D5)=0,"Anomalie","")) | I5: Fournitures d'entretien et de bureau | L5: Autres prestations de services | N5: =IF(C5="","",C5) -> Achat de matériel et accessoires | O5: =IF(C56="","",C56) -> Participations musiciens | Q5: {=IF(ROWS($1:3)<=SUM(IF(dep_deroule<>"",1/COUNTIF(dep_deroule,dep_deroule))),INDEX(dep_deroule,SMALL(IF(FREQUENCY(IF(dep_deroule<>"",MATCH(dep_deroule,dep_deroule,0)),ROW(INDIRECT("1:"&ROWS(dep_deroule))))>0,ROW(INDIRECT("1:"&ROWS(dep_deroule)))),ROWS($1:3))),"")} -> Achat de partitions | R5: {=IF(ROWS($1:3)<=SUM(IF(rec_deroule<>"",1/COUNTIF(rec_deroule,rec_deroule))),INDEX(rec_deroule,SMALL(IF(FREQUENCY(IF(rec_deroule<>"",MATCH(rec_deroule,rec_deroule,0)),ROW(INDIRECT("1:"&ROWS(rec_deroule))))>0,ROW(INDIRECT("1:"&ROWS(rec_deroule)))),ROWS($1:3))),"")} -> Prestations concerts
B6: 60-04 | C6: Fournitures énergie | D6: Eau, gaz, électricité | E6: Eau, gaz, électricité | F6: =IF(C6="","",IF(COUNTIF('Postes comptables'!$I:$I,D6)=0,"Anomalie","")) | I6: Autres achats 60 | N6: =IF(C6="","",C6) -> Fournitures énergie | O6: =IF(C57="","",C57) -> Rétrocession Licences Office 365 | Q6: {=IF(ROWS($1:4)<=SUM(IF(dep_deroule<>"",1/COUNTIF(dep_deroule,dep_deroule))),INDEX(dep_deroule,SMALL(IF(FREQUENCY(IF(dep_deroule<>"",MATCH(dep_deroule,dep_deroule,0)),ROW(INDIRECT("1:"&ROWS(dep_deroule))))>0,ROW(INDIRECT("1:"&ROWS(dep_deroule)))),ROWS($1:4))),"")} -> Achat de matériel et accessoires | R6: {=IF(ROWS($1:4)<=SUM(IF(rec_deroule<>"",1/COUNTIF(rec_deroule,rec_deroule))),INDEX(rec_deroule,SMALL(IF(FREQUENCY(IF(rec_deroule<>"",MATCH(rec_deroule,rec_deroule,0)),ROW(INDIRECT("1:"&ROWS(rec_deroule))))>0,ROW(INDIRECT("1:"&ROWS(rec_deroule)))),ROWS($1:4))),"")} -> Participations musiciens
B7: 60-05 | C7: Fournitures entretien et petit équipement | D7: Fournitures d'entretien et de bureau | E7: Outillages, produits nettoyage, antibactériens, masques … | F7: =IF(C7="","",IF(COUNTIF('Postes comptables'!$I:$I,D7)=0,"Anomalie","")) | N7: =IF(C7="","",C7) -> Fournitures entretien et petit équipement | O7: =IF(C58="","",C58) -> Vente lampes pupitres | Q7: {=IF(ROWS($1:5)<=SUM(IF(dep_deroule<>"",1/COUNTIF(dep_deroule,dep_deroule))),INDEX(dep_deroule,SMALL(IF(FREQUENCY(IF(dep_deroule<>"",MATCH(dep_deroule,dep_deroule,0)),ROW(INDIRECT("1:"&ROWS(dep_deroule))))>0,ROW(INDIRECT("1:"&ROWS(dep_deroule)))),ROWS($1:5))),"")} -> Fournitures énergie | R7: {=IF(ROWS($1:5)<=SUM(IF(rec_deroule<>"",1/COUNTIF(rec_deroule,rec_deroule))),INDEX(rec_deroule,SMALL(IF(FREQUENCY(IF(rec_deroule<>"",MATCH(rec_deroule,rec_deroule,0)),ROW(INDIRECT("1:"&ROWS(rec_deroule))))>0,ROW(INDIRECT("1:"&ROWS(rec_deroule)))),ROWS($1:5))),"")} -> Rétrocession Licences Office 365
B8: 60-06 | C8: Fournitures de bureau, de reprographie | D8: Fournitures d'entretien et de bureau | E8: papier, crayons, encre pour l'imprimante, boites archives, enveloppes | F8: =IF(C8="","",IF(COUNTIF('Postes comptables'!$I:$I,D8)=0,"Anomalie","")) | H8: 61 - SERVICES EXTERIEURS | I8: Sous traitance générale | K8: 73 - CONCOURS PUBLICS | L8: Concours publics | N8: =IF(C8="","",C8) -> Fournitures de bureau, de reprographie | O8: ="-------"&A59 -> -------73 - CONCOURS PUBLICS | Q8: {=IF(ROWS($1:6)<=SUM(IF(dep_deroule<>"",1/COUNTIF(dep_deroule,dep_deroule))),INDEX(dep_deroule,SMALL(IF(FREQUENCY(IF(dep_deroule<>"",MATCH(dep_deroule,dep_deroule,0)),ROW(INDIRECT("1:"&ROWS(dep_deroule))))>0,ROW(INDIRECT("1:"&ROWS(dep_deroule)))),ROWS($1:6))),"")} -> Fournitures entretien et petit équipement | R8: {=IF(ROWS($1:6)<=SUM(IF(rec_deroule<>"",1/COUNTIF(rec_deroule,rec_deroule))),INDEX(rec_deroule,SMALL(IF(FREQUENCY(IF(rec_deroule<>"",MATCH(rec_deroule,rec_deroule,0)),ROW(INDIRECT("1:"&ROWS(rec_deroule))))>0,ROW(INDIRECT("1:"&ROWS(rec_deroule)))),ROWS($1:6))),"")} -> Vente lampes pupitres
B9: 60-07 | C9: Achat licences Office 365 | D9: Autres achats 60 | E9: Licences Office 365 | F9: =IF(C9="","",IF(COUNTIF('Postes comptables'!$I:$I,D9)=0,"Anomalie","")) | I9: Formation des bénévoles | N9: =IF(C9="","",C9) -> Achat licences Office 365 | O9: =IF(C59="","",C59) | Q9: {=IF(ROWS($1:7)<=SUM(IF(dep_deroule<>"",1/COUNTIF(dep_deroule,dep_deroule))),INDEX(dep_deroule,SMALL(IF(FREQUENCY(IF(dep_deroule<>"",MATCH(dep_deroule,dep_deroule,0)),ROW(INDIRECT("1:"&ROWS(dep_deroule))))>0,ROW(INDIRECT("1:"&ROWS(dep_deroule)))),ROWS($1:7))),"")} -> Fournitures de bureau, de reprographie | R9: {=IF(ROWS($1:7)<=SUM(IF(rec_deroule<>"",1/COUNTIF(rec_deroule,rec_deroule))),INDEX(rec_deroule,SMALL(IF(FREQUENCY(IF(rec_deroule<>"",MATCH(rec_deroule,rec_deroule,0)),ROW(INDIRECT("1:"&ROWS(rec_deroule))))>0,ROW(INDIRECT("1:"&ROWS(rec_deroule)))),ROWS($1:7))),"")} -> -------73 - CONCOURS PUBLICS
A10: =H8 -> 61 - SERVICES EXTERIEURS | B10: 61-01 | C10: Locations | D10: Locations | E10: location camion pour matériel | F10: =IF(C10="","",IF(COUNTIF('Postes comptables'!$I:$I,D10)=0,"Anomalie","")) | I10: Locations | K10: 74 - SUBVENTIONS | L10: Etat | N10: ="-------"&A10 -> -------61 - SERVICES EXTERIEURS | O10: =IF(C60="","",C60) | Q10: {=IF(ROWS($1:8)<=SUM(IF(dep_deroule<>"",1/COUNTIF(dep_deroule,dep_deroule))),INDEX(dep_deroule,SMALL(IF(FREQUENCY(IF(dep_deroule<>"",MATCH(dep_deroule,dep_deroule,0)),ROW(INDIRECT("1:"&ROWS(dep_deroule))))>0,ROW(INDIRECT("1:"&ROWS(dep_deroule)))),ROWS($1:8))),"")} -> Achat licences Office 365 | R10: {=IF(ROWS($1:8)<=SUM(IF(rec_deroule<>"",1/COUNTIF(rec_deroule,rec_deroule))),INDEX(rec_deroule,SMALL(IF(FREQUENCY(IF(rec_deroule<>"",MATCH(rec_deroule,rec_deroule,0)),ROW(INDIRECT("1:"&ROWS(rec_deroule))))>0,ROW(INDIRECT("1:"&ROWS(rec_deroule)))),ROWS($1:8))),"")} -> -------74 - SUBVENTIONS
B11: 61-02 | C11: Entretien et réparations | D11: Travaux d'entretien et de réparation | E11: Entretien et réparations des immeubles, des matériels | F11: =IF(C11="","",IF(COUNTIF('Postes comptables'!$I:$I,D11)=0,"Anomalie","")) | I11: Travaux d'entretien et de réparation | L11: Ville de Reims Fonctionnement | N11: =IF(C10="","",C10) -> Locations | O11: ="-------"&A61 -> -------74 - SUBVENTIONS | Q11: {=IF(ROWS($1:9)<=SUM(IF(dep_deroule<>"",1/COUNTIF(dep_deroule,dep_deroule))),INDEX(dep_deroule,SMALL(IF(FREQUENCY(IF(dep_deroule<>"",MATCH(dep_deroule,dep_deroule,0)),ROW(INDIRECT("1:"&ROWS(dep_deroule))))>0,ROW(INDIRECT("1:"&ROWS(dep_deroule)))),ROWS($1:9))),"")} -> -------61 - SERVICES EXTERIEURS | R11: {=IF(ROWS($1:9)<=SUM(IF(rec_deroule<>"",1/COUNTIF(rec_deroule,rec_deroule))),INDEX(rec_deroule,SMALL(IF(FREQUENCY(IF(rec_deroule<>"",MATCH(rec_deroule,rec_deroule,0)),ROW(INDIRECT("1:"&ROWS(rec_deroule))))>0,ROW(INDIRECT("1:"&ROWS(rec_deroule)))),ROWS($1:9))),"")} -> Etat 1 (préciser ministère)
B12: 61-03 | C12: Primes d'assurance | D12: Primes d'assurance | E12: prime assurance AXA | F12: =IF(C12="","",IF(COUNTIF('Postes comptables'!$I:$I,D12)=0,"Anomalie","")) | I12: Primes d'assurance | L12: Ville de Reims pour une action | N12: =IF(C11="","",C11) -> Entretien et réparations | O12: =IF(C61="","",C61) -> Etat 1 (préciser ministère) | Q12: {=IF(ROWS($1:10)<=SUM(IF(dep_deroule<>"",1/COUNTIF(dep_deroule,dep_deroule))),INDEX(dep_deroule,SMALL(IF(FREQUENCY(IF(dep_deroule<>"",MATCH(dep_deroule,dep_deroule,0)),ROW(INDIRECT("1:"&ROWS(dep_deroule))))>0,ROW(INDIRECT("1:"&ROWS(dep_deroule)))),ROWS($1:10))),"")} -> Locations | R12: {=IF(ROWS($1:10)<=SUM(IF(rec_deroule<>"",1/COUNTIF(rec_deroule,rec_deroule))),INDEX(rec_deroule,SMALL(IF(FREQUENCY(IF(rec_deroule<>"",MATCH(rec_deroule,rec_deroule,0)),ROW(INDIRECT("1:"&ROWS(rec_deroule))))>0,ROW(INDIRECT("1:"&ROWS(rec_deroule)))),ROWS($1:10))),"")} -> Ville de Reims : fonctionnement
B13: 61-04 | C13: Sécurité concerts | D13: Sous traitance générale | E13: Frais liés à la société de surveillance et de sécurité concerts CRR | F13: =IF(C13="","",IF(COUNTIF('Postes comptables'!$I:$I,D13)=0,"Anomalie","")) | I13: Documentation / études et recherches | L13: Ville de Reims Equipement | N13: =IF(C12="","",C12) -> Primes d'assurance | O13: =IF(C62="","",C62) | Q13: {=IF(ROWS($1:11)<=SUM(IF(dep_deroule<>"",1/COUNTIF(dep_deroule,dep_deroule))),INDEX(dep_deroule,SMALL(IF(FREQUENCY(IF(dep_deroule<>"",MATCH(dep_deroule,dep_deroule,0)),ROW(INDIRECT("1:"&ROWS(dep_deroule))))>0,ROW(INDIRECT("1:"&ROWS(dep_deroule)))),ROWS($1:11))),"")} -> Entretien et réparations | R13: {=IF(ROWS($1:11)<=SUM(IF(rec_deroule<>"",1/COUNTIF(rec_deroule,rec_deroule))),INDEX(rec_deroule,SMALL(IF(FREQUENCY(IF(rec_deroule<>"",MATCH(rec_deroule,rec_deroule,0)),ROW(INDIRECT("1:"&ROWS(rec_deroule))))>0,ROW(INDIRECT("1:"&ROWS(rec_deroule)))),ROWS($1:11))),"")} -> Ville de Reims : projet
B14: 61-05 | C14: Prestations et honoraires | D14: Sous traitance générale | E14: Prestations pour concerts | F14: =IF(C14="","",IF(COUNTIF('Postes comptables'!$I:$I,D14)=0,"Anomalie","")) | I14: Autres services externes 61 | L14: Région Grand-Est | N14: =IF(C13="","",C13) -> Sécurité concerts | O14: =IF(C63="","",C63) | Q14: {=IF(ROWS($1:12)<=SUM(IF(dep_deroule<>"",1/COUNTIF(dep_deroule,dep_deroule))),INDEX(dep_deroule,SMALL(IF(FREQUENCY(IF(dep_deroule<>"",MATCH(dep_deroule,dep_deroule,0)),ROW(INDIRECT("1:"&ROWS(dep_deroule))))>0,ROW(INDIRECT("1:"&ROWS(dep_deroule)))),ROWS($1:12))),"")} -> Primes d'assurance | R14: {=IF(ROWS($1:12)<=SUM(IF(rec_deroule<>"",1/COUNTIF(rec_deroule,rec_deroule))),INDEX(rec_deroule,SMALL(IF(FREQUENCY(IF(rec_deroule<>"",MATCH(rec_deroule,rec_deroule,0)),ROW(INDIRECT("1:"&ROWS(rec_deroule))))>0,ROW(INDIRECT("1:"&ROWS(rec_deroule)))),ROWS($1:12))),"")} -> Ville de Reims : équipement
B15: 61-06 | C15: Domaine h3c-reims.fr | D15: Locations | E15: Frais hébergement site internet | F15: =IF(C15="","",IF(COUNTIF('Postes comptables'!$I:$I,D15)=0,"Anomalie","")) | L15: Département de la Marne | N15: =IF(C14="","",C14) -> Prestations et honoraires | O15: =IF(C64="","",C64) -> Ville de Reims : fonctionnement | Q15: {=IF(ROWS($1:13)<=SUM(IF(dep_deroule<>"",1/COUNTIF(dep_deroule,dep_deroule))),INDEX(dep_deroule,SMALL(IF(FREQUENCY(IF(dep_deroule<>"",MATCH(dep_deroule,dep_deroule,0)),ROW(INDIRECT("1:"&ROWS(dep_deroule))))>0,ROW(INDIRECT("1:"&ROWS(dep_deroule)))),ROWS($1:13))),"")} -> Sécurité concerts | R15: {=IF(ROWS($1:13)<=SUM(IF(rec_deroule<>"",1/COUNTIF(rec_deroule,rec_deroule))),INDEX(rec_deroule,SMALL(IF(FREQUENCY(IF(rec_deroule<>"",MATCH(rec_deroule,rec_deroule,0)),ROW(INDIRECT("1:"&ROWS(rec_deroule))))>0,ROW(INDIRECT("1:"&ROWS(rec_deroule)))),ROWS($1:13))),"")} -> Région Grand-Est
B16: 61-07 | F16: =IF(C16="","",IF(COUNTIF('Postes comptables'!$I:$I,D16)=0,"Anomalie","")) | H16: 62 - AUTRES SERVICES EXTERIEURS | I16: Transports d'activités et d'animations | L16: Autres communes | N16: =IF(C15="","",C15) -> Domaine h3c-reims.fr | O16: =IF(C65="","",C65) -> Ville de Reims : projet | Q16: {=IF(ROWS($1:14)<=SUM(IF(dep_deroule<>"",1/COUNTIF(dep_deroule,dep_deroule))),INDEX(dep_deroule,SMALL(IF(FREQUENCY(IF(dep_deroule<>"",MATCH(dep_deroule,dep_deroule,0)),ROW(INDIRECT("1:"&ROWS(dep_deroule))))>0,ROW(INDIRECT("1:"&ROWS(dep_deroule)))),ROWS($1:14))),"")} -> Prestations et honoraires | R16: {=IF(ROWS($1:14)<=SUM(IF(rec_deroule<>"",1/COUNTIF(rec_deroule,rec_deroule))),INDEX(rec_deroule,SMALL(IF(FREQUENCY(IF(rec_deroule<>"",MATCH(rec_deroule,rec_deroule,0)),ROW(INDIRECT("1:"&ROWS(rec_deroule))))>0,ROW(INDIRECT("1:"&ROWS(rec_deroule)))),ROWS($1:14))),"")} -> Département de la Marne
A17: =H16 -> 62 - AUTRES SERVICES EXTERIEURS | B17: 62-01 | C17: Cadeaux aux musiciens | D17: Autres services extérieurs 62 | E17: cadeaux pour départs, naissance, mariage | F17: =IF(C17="","",IF(COUNTIF('Postes comptables'!$I:$I,D17)=0,"Anomalie","")) | I17: Missions et réceptions | L17: A.C.S.E. | N17: =IF(C16="","",C16) | O17: =IF(C66="","",C66) -> Ville de Reims : équipement | Q17: {=IF(ROWS($1:15)<=SUM(IF(dep_deroule<>"",1/COUNTIF(dep_deroule,dep_deroule))),INDEX(dep_deroule,SMALL(IF(FREQUENCY(IF(dep_deroule<>"",MATCH(dep_deroule,dep_deroule,0)),ROW(INDIRECT("1:"&ROWS(dep_deroule))))>0,ROW(INDIRECT("1:"&ROWS(dep_deroule)))),ROWS($1:15))),"")} -> Domaine h3c-reims.fr | R17: {=IF(ROWS($1:15)<=SUM(IF(rec_deroule<>"",1/COUNTIF(rec_deroule,rec_deroule))),INDEX(rec_deroule,SMALL(IF(FREQUENCY(IF(rec_deroule<>"",MATCH(rec_deroule,rec_deroule,0)),ROW(INDIRECT("1:"&ROWS(rec_deroule))))>0,ROW(INDIRECT("1:"&ROWS(rec_deroule)))),ROWS($1:15))),"")} -> Autres communes
B18: 62-02 | C18: Publications, relations publiques | D18: Autres services extérieurs 62 | E18: cadeaux lors concerts | F18: =IF(C18="","",IF(COUNTIF('Postes comptables'!$I:$I,D18)=0,"Anomalie","")) | I18: Frais postaux - téléphone | L18: Caisse d'Allocations familiales | N18: ="-------"&A17 -> -------62 - AUTRES SERVICES EXTERIEURS | O18: =IF(C67="","",C67) -> Région Grand-Est | Q18: {=IF(ROWS($1:16)<=SUM(IF(dep_deroule<>"",1/COUNTIF(dep_deroule,dep_deroule))),INDEX(dep_deroule,SMALL(IF(FREQUENCY(IF(dep_deroule<>"",MATCH(dep_deroule,dep_deroule,0)),ROW(INDIRECT("1:"&ROWS(dep_deroule))))>0,ROW(INDIRECT("1:"&ROWS(dep_deroule)))),ROWS($1:16))),"")} -> -------62 - AUTRES SERVICES EXTERIEURS | R18: {=IF(ROWS($1:16)<=SUM(IF(rec_deroule<>"",1/COUNTIF(rec_deroule,rec_deroule))),INDEX(rec_deroule,SMALL(IF(FREQUENCY(IF(rec_deroule<>"",MATCH(rec_deroule,rec_deroule,0)),ROW(INDIRECT("1:"&ROWS(rec_deroule))))>0,ROW(INDIRECT("1:"&ROWS(rec_deroule)))),ROWS($1:16))),"")} -> A.C.S.E.
B19: 62-03 | C19: Frais réception bureau/ca/forums | D19: Missions et réceptions | E19: achats lors ca/bureau | F19: =IF(C19="","",IF(COUNTIF('Postes comptables'!$I:$I,D19)=0,"Anomalie","")) | I19: Services bancaires | L19: Caisse des Dépôts et Consignations | N19: =IF(C17="","",C17) -> Cadeaux aux musiciens | O19: =IF(C68="","",C68) | Q19: {=IF(ROWS($1:17)<=SUM(IF(dep_deroule<>"",1/COUNTIF(dep_deroule,dep_deroule))),INDEX(dep_deroule,SMALL(IF(FREQUENCY(IF(dep_deroule<>"",MATCH(dep_deroule,dep_deroule,0)),ROW(INDIRECT("1:"&ROWS(dep_deroule))))>0,ROW(INDIRECT("1:"&ROWS(dep_deroule)))),ROWS($1:17))),"")} -> Cadeaux aux musiciens | R19: {=IF(ROWS($1:17)<=SUM(IF(rec_deroule<>"",1/COUNTIF(rec_deroule,rec_deroule))),INDEX(rec_deroule,SMALL(IF(FREQUENCY(IF(rec_deroule<>"",MATCH(rec_deroule,rec_deroule,0)),ROW(INDIRECT("1:"&ROWS(rec_deroule))))>0,ROW(INDIRECT("1:"&ROWS(rec_deroule)))),ROWS($1:17))),"")} -> Caisse d'Allocations familiales
B20: 62-04 | C20: Frais réception concerts | D20: Missions et réceptions | E20: achats cocktails après concerts | F20: =IF(C20="","",IF(COUNTIF('Postes comptables'!$I:$I,D20)=0,"Anomalie","")) | I20: Autres services extérieurs 62 | L20: Union européenne | N20: =IF(C18="","",C18) -> Publications, relations publiques | O20: =IF(C69="","",C69) -> Département de la Marne | Q20: {=IF(ROWS($1:18)<=SUM(IF(dep_deroule<>"",1/COUNTIF(dep_deroule,dep_deroule))),INDEX(dep_deroule,SMALL(IF(FREQUENCY(IF(dep_deroule<>"",MATCH(dep_deroule,dep_deroule,0)),ROW(INDIRECT("1:"&ROWS(dep_deroule))))>0,ROW(INDIRECT("1:"&ROWS(dep_deroule)))),ROWS($1:18))),"")} -> Publications, relations publiques | R20: {=IF(ROWS($1:18)<=SUM(IF(rec_deroule<>"",1/COUNTIF(rec_deroule,rec_deroule))),INDEX(rec_deroule,SMALL(IF(FREQUENCY(IF(rec_deroule<>"",MATCH(rec_deroule,rec_deroule,0)),ROW(INDIRECT("1:"&ROWS(rec_deroule))))>0,ROW(INDIRECT("1:"&ROWS(rec_deroule)))),ROWS($1:18))),"")} -> Caisse des Dépôts et Consignations
B21: 62-05 | C21: Frais réception Ste Cécile | D21: Missions et réceptions | E21: frais liés à la Ste Cécile | F21: =IF(C21="","",IF(COUNTIF('Postes comptables'!$I:$I,D21)=0,"Anomalie","")) | L21: Autres subventions | N21: =IF(C19="","",C19) -> Frais réception bureau/ca/forums | O21: =IF(C70="","",C70) -> Autres communes | Q21: {=IF(ROWS($1:19)<=SUM(IF(dep_deroule<>"",1/COUNTIF(dep_deroule,dep_deroule))),INDEX(dep_deroule,SMALL(IF(FREQUENCY(IF(dep_deroule<>"",MATCH(dep_deroule,dep_deroule,0)),ROW(INDIRECT("1:"&ROWS(dep_deroule))))>0,ROW(INDIRECT("1:"&ROWS(dep_deroule)))),ROWS($1:19))),"")} -> Frais réception bureau/ca/forums | R21: {=IF(ROWS($1:19)<=SUM(IF(rec_deroule<>"",1/COUNTIF(rec_deroule,rec_deroule))),INDEX(rec_deroule,SMALL(IF(FREQUENCY(IF(rec_deroule<>"",MATCH(rec_deroule,rec_deroule,0)),ROW(INDIRECT("1:"&ROWS(rec_deroule))))>0,ROW(INDIRECT("1:"&ROWS(rec_deroule)))),ROWS($1:19))),"")} -> Union Européenne
B22: 62-06 | F22: =IF(C22="","",IF(COUNTIF('Postes comptables'!$I:$I,D22)=0,"Anomalie","")) | H22: 63 - IMPOTS ET TAXES | I22: Taxe sur les salaires | N22: =IF(C20="","",C20) -> Frais réception concerts | O22: =IF(C71="","",C71) | Q22: {=IF(ROWS($1:20)<=SUM(IF(dep_deroule<>"",1/COUNTIF(dep_deroule,dep_deroule))),INDEX(dep_deroule,SMALL(IF(FREQUENCY(IF(dep_deroule<>"",MATCH(dep_deroule,dep_deroule,0)),ROW(INDIRECT("1:"&ROWS(dep_deroule))))>0,ROW(INDIRECT("1:"&ROWS(dep_deroule)))),ROWS($1:20))),"")} -> Frais réception concerts | R22: {=IF(ROWS($1:20)<=SUM(IF(rec_deroule<>"",1/COUNTIF(rec_deroule,rec_deroule))),INDEX(rec_deroule,SMALL(IF(FREQUENCY(IF(rec_deroule<>"",MATCH(rec_deroule,rec_deroule,0)),ROW(INDIRECT("1:"&ROWS(rec_deroule))))>0,ROW(INDIRECT("1:"&ROWS(rec_deroule)))),ROWS($1:20))),"")} -> Autres subventions
B23: 62-07 | C23: Frais postaux et télécommunications | D23: Frais postaux - téléphone | E23: Frais de timbres et de téléphone | F23: =IF(C23="","",IF(COUNTIF('Postes comptables'!$I:$I,D23)=0,"Anomalie","")) | I23: Autres impôts et taxes | N23: =IF(C21="","",C21) -> Frais réception Ste Cécile | O23: =IF(C72="","",C72) -> A.C.S.E. | Q23: {=IF(ROWS($1:21)<=SUM(IF(dep_deroule<>"",1/COUNTIF(dep_deroule,dep_deroule))),INDEX(dep_deroule,SMALL(IF(FREQUENCY(IF(dep_deroule<>"",MATCH(dep_deroule,dep_deroule,0)),ROW(INDIRECT("1:"&ROWS(dep_deroule))))>0,ROW(INDIRECT("1:"&ROWS(dep_deroule)))),ROWS($1:21))),"")} -> Frais réception Ste Cécile | R23: {=IF(ROWS($1:21)<=SUM(IF(rec_deroule<>"",1/COUNTIF(rec_deroule,rec_deroule))),INDEX(rec_deroule,SMALL(IF(FREQUENCY(IF(rec_deroule<>"",MATCH(rec_deroule,rec_deroule,0)),ROW(INDIRECT("1:"&ROWS(rec_deroule))))>0,ROW(INDIRECT("1:"&ROWS(rec_deroule)))),ROWS($1:21))),"")} -> -------75 - AUTRES PRODUITS GESTION COURANTE
B24: 62-08 | C24: Services bancaires | D24: Autres services extérieurs 62 | E24: Frais bancaires - compte service CA, frais / encaissement carte SUMUP | F24: =IF(C24="","",IF(COUNTIF('Postes comptables'!$I:$I,D24)=0,"Anomalie","")) | K24: 75 - AUTRES PRODUITS GESTION COURANTE | L24: Participation des adhérents | N24: =IF(C22="","",C22) | O24: =IF(C73="","",C73) -> Caisse d'Allocations familiales | Q24: {=IF(ROWS($1:22)<=SUM(IF(dep_deroule<>"",1/COUNTIF(dep_deroule,dep_deroule))),INDEX(dep_deroule,SMALL(IF(FREQUENCY(IF(dep_deroule<>"",MATCH(dep_deroule,dep_deroule,0)),ROW(INDIRECT("1:"&ROWS(dep_deroule))))>0,ROW(INDIRECT("1:"&ROWS(dep_deroule)))),ROWS($1:22))),"")} -> Frais postaux et télécommunications | R24: {=IF(ROWS($1:22)<=SUM(IF(rec_deroule<>"",1/COUNTIF(rec_deroule,rec_deroule))),INDEX(rec_deroule,SMALL(IF(FREQUENCY(IF(rec_deroule<>"",MATCH(rec_deroule,rec_deroule,0)),ROW(INDIRECT("1:"&ROWS(rec_deroule))))>0,ROW(INDIRECT("1:"&ROWS(rec_deroule)))),ROWS($1:22))),"")} -> Cotisations
B25: 62-09 | C25: Divers | D25: Autres services extérieurs 62 | E25: Autres charges externes, cotisations diverses | F25: =IF(C25="","",IF(COUNTIF('Postes comptables'!$I:$I,D25)=0,"Anomalie","")) | L25: Sponsoring, partenariats privés | N25: =IF(C23="","",C23) -> Frais postaux et télécommunications | O25: =IF(C74="","",C74) -> Caisse des Dépôts et Consignations | Q25: {=IF(ROWS($1:23)<=SUM(IF(dep_deroule<>"",1/COUNTIF(dep_deroule,dep_deroule))),INDEX(dep_deroule,SMALL(IF(FREQUENCY(IF(dep_deroule<>"",MATCH(dep_deroule,dep_deroule,0)),ROW(INDIRECT("1:"&ROWS(dep_deroule))))>0,ROW(INDIRECT("1:"&ROWS(dep_deroule)))),ROWS($1:23))),"")} -> Services bancaires | R25: {=IF(ROWS($1:23)<=SUM(IF(rec_deroule<>"",1/COUNTIF(rec_deroule,rec_deroule))),INDEX(rec_deroule,SMALL(IF(FREQUENCY(IF(rec_deroule<>"",MATCH(rec_deroule,rec_deroule,0)),ROW(INDIRECT("1:"&ROWS(rec_deroule))))>0,ROW(INDIRECT("1:"&ROWS(rec_deroule)))),ROWS($1:23))),"")} -> Dons des bienfaiteurs
A26: =H22 -> 63 - IMPOTS ET TAXES | B26: 63-01 | C26: Impôts et taxes sur rémunération | D26: Taxe sur les salaires | F26: =IF(C26="","",IF(COUNTIF('Postes comptables'!$I:$I,D26)=0,"Anomalie","")) | H26: 64 - FRAIS DE PERSONNEL | I26: Salaires bruts | K26: 76 - PRODUITS FINANCIERS | L26: Produits financiers | N26: =IF(C24="","",C24) -> Services bancaires | O26: =IF(C75="","",C75) -> Union Européenne | Q26: {=IF(ROWS($1:24)<=SUM(IF(dep_deroule<>"",1/COUNTIF(dep_deroule,dep_deroule))),INDEX(dep_deroule,SMALL(IF(FREQUENCY(IF(dep_deroule<>"",MATCH(dep_deroule,dep_deroule,0)),ROW(INDIRECT("1:"&ROWS(dep_deroule))))>0,ROW(INDIRECT("1:"&ROWS(dep_deroule)))),ROWS($1:24))),"")} -> Divers | R26: {=IF(ROWS($1:24)<=SUM(IF(rec_deroule<>"",1/COUNTIF(rec_deroule,rec_deroule))),INDEX(rec_deroule,SMALL(IF(FREQUENCY(IF(rec_deroule<>"",MATCH(rec_deroule,rec_deroule,0)),ROW(INDIRECT("1:"&ROWS(rec_deroule))))>0,ROW(INDIRECT("1:"&ROWS(rec_deroule)))),ROWS($1:24))),"")} -> Indemnités d'assurances
B27: 63-02 | C27: Impôts, taxes (administration des impôts) | D27: Autres impôts et taxes | F27: =IF(C27="","",IF(COUNTIF('Postes comptables'!$I:$I,D27)=0,"Anomalie","")) | I27: Charges sociales de l'employeur | N27: =IF(C25="","",C25) -> Divers | O27: =IF(C76="","",C76) -> Autres subventions | Q27: {=IF(ROWS($1:25)<=SUM(IF(dep_deroule<>"",1/COUNTIF(dep_deroule,dep_deroule))),INDEX(dep_deroule,SMALL(IF(FREQUENCY(IF(dep_deroule<>"",MATCH(dep_deroule,dep_deroule,0)),ROW(INDIRECT("1:"&ROWS(dep_deroule))))>0,ROW(INDIRECT("1:"&ROWS(dep_deroule)))),ROWS($1:25))),"")} -> -------63 - IMPOTS ET TAXES | R27: {=IF(ROWS($1:25)<=SUM(IF(rec_deroule<>"",1/COUNTIF(rec_deroule,rec_deroule))),INDEX(rec_deroule,SMALL(IF(FREQUENCY(IF(rec_deroule<>"",MATCH(rec_deroule,rec_deroule,0)),ROW(INDIRECT("1:"&ROWS(rec_deroule))))>0,ROW(INDIRECT("1:"&ROWS(rec_deroule)))),ROWS($1:25))),"")} -> -------76 - PRODUITS FINANCIERS
B28: 63-03 | C28: Impôts, taxes (autres organismes) | D28: Autres impôts et taxes | F28: =IF(C28="","",IF(COUNTIF('Postes comptables'!$I:$I,D28)=0,"Anomalie","")) | I28: Autres charges de personnel 64 | K28: 77 - PRODUITS EXCEPTIONNELS | L28: Produits exceptionnels | N28: ="-------"&A26 -> -------63 - IMPOTS ET TAXES | O28: =IF(C77="","",C77) | Q28: {=IF(ROWS($1:26)<=SUM(IF(dep_deroule<>"",1/COUNTIF(dep_deroule,dep_deroule))),INDEX(dep_deroule,SMALL(IF(FREQUENCY(IF(dep_deroule<>"",MATCH(dep_deroule,dep_deroule,0)),ROW(INDIRECT("1:"&ROWS(dep_deroule))))>0,ROW(INDIRECT("1:"&ROWS(dep_deroule)))),ROWS($1:26))),"")} -> Impôts et taxes sur rémunération | R28: {=IF(ROWS($1:26)<=SUM(IF(rec_deroule<>"",1/COUNTIF(rec_deroule,rec_deroule))),INDEX(rec_deroule,SMALL(IF(FREQUENCY(IF(rec_deroule<>"",MATCH(rec_deroule,rec_deroule,0)),ROW(INDIRECT("1:"&ROWS(rec_deroule))))>0,ROW(INDIRECT("1:"&ROWS(rec_deroule)))),ROWS($1:26))),"")} -> Intérêts des placements
B29: 63-04 | F29: =IF(C29="","",IF(COUNTIF('Postes comptables'!$I:$I,D29)=0,"Anomalie","")) | N29: =IF(C26="","",C26) -> Impôts et taxes sur rémunération | O29: =IF(C78="","",C78) | Q29: {=IF(ROWS($1:27)<=SUM(IF(dep_deroule<>"",1/COUNTIF(dep_deroule,dep_deroule))),INDEX(dep_deroule,SMALL(IF(FREQUENCY(IF(dep_deroule<>"",MATCH(dep_deroule,dep_deroule,0)),ROW(INDIRECT("1:"&ROWS(dep_deroule))))>0,ROW(INDIRECT("1:"&ROWS(dep_deroule)))),ROWS($1:27))),"")} -> Impôts, taxes (administration des impôts) | R29: {=IF(ROWS($1:27)<=SUM(IF(rec_deroule<>"",1/COUNTIF(rec_deroule,rec_deroule))),INDEX(rec_deroule,SMALL(IF(FREQUENCY(IF(rec_deroule<>"",MATCH(rec_deroule,rec_deroule,0)),ROW(INDIRECT("1:"&ROWS(rec_deroule))))>0,ROW(INDIRECT("1:"&ROWS(rec_deroule)))),ROWS($1:27))),"")} -> Revenus des V.M.P.
A30: =H26 -> 64 - FRAIS DE PERSONNEL | B30: 64-01 | C30: Rémunération des personnels | D30: Salaires bruts | E30: Salaires nets versés aux vacataires lors concerts | F30: =IF(C30="","",IF(COUNTIF('Postes comptables'!$I:$I,D30)=0,"Anomalie","")) | H30: 65 - AUTRES CHARGES DE GESTION COURANTE | I30: Autres charges de gestion courante | K30: 78 - REPRISES AMORT. ET PROVISIONS | L30: Reprises sur amortissements et provisions | N30: =IF(C27="","",C27) -> Impôts, taxes (administration des impôts) | O30: =IF(C79="","",C79) | Q30: {=IF(ROWS($1:28)<=SUM(IF(dep_deroule<>"",1/COUNTIF(dep_deroule,dep_deroule))),INDEX(dep_deroule,SMALL(IF(FREQUENCY(IF(dep_deroule<>"",MATCH(dep_deroule,dep_deroule,0)),ROW(INDIRECT("1:"&ROWS(dep_deroule))))>0,ROW(INDIRECT("1:"&ROWS(dep_deroule)))),ROWS($1:28))),"")} -> Impôts, taxes (autres organismes) | R30: {=IF(ROWS($1:28)<=SUM(IF(rec_deroule<>"",1/COUNTIF(rec_deroule,rec_deroule))),INDEX(rec_deroule,SMALL(IF(FREQUENCY(IF(rec_deroule<>"",MATCH(rec_deroule,rec_deroule,0)),ROW(INDIRECT("1:"&ROWS(rec_deroule))))>0,ROW(INDIRECT("1:"&ROWS(rec_deroule)))),ROWS($1:28))),"")} -> -------77 - PRODUITS EXCEPTIONNELS
B31: 64-02 | C31: Charges sociales | D31: Charges sociales de l'employeur | E31: Cotisations à l'URSSAF | F31: =IF(C31="","",IF(COUNTIF('Postes comptables'!$I:$I,D31)=0,"Anomalie","")) | N31: =IF(C28="","",C28) -> Impôts, taxes (autres organismes) | O31: =IF(C80="","",C80) | Q31: {=IF(ROWS($1:29)<=SUM(IF(dep_deroule<>"",1/COUNTIF(dep_deroule,dep_deroule))),INDEX(dep_deroule,SMALL(IF(FREQUENCY(IF(dep_deroule<>"",MATCH(dep_deroule,dep_deroule,0)),ROW(INDIRECT("1:"&ROWS(dep_deroule))))>0,ROW(INDIRECT("1:"&ROWS(dep_deroule)))),ROWS($1:29))),"")} -> -------64 - FRAIS DE PERSONNEL | R31: {=IF(ROWS($1:29)<=SUM(IF(rec_deroule<>"",1/COUNTIF(rec_deroule,rec_deroule))),INDEX(rec_deroule,SMALL(IF(FREQUENCY(IF(rec_deroule<>"",MATCH(rec_deroule,rec_deroule,0)),ROW(INDIRECT("1:"&ROWS(rec_deroule))))>0,ROW(INDIRECT("1:"&ROWS(rec_deroule)))),ROWS($1:29))),"")} -> Produits exceptionnels
B32: 64-03 | C32: Autres charges de personnel | D32: Autres charges de personnel 64 | E32: Médecine du travail | F32: =IF(C32="","",IF(COUNTIF('Postes comptables'!$I:$I,D32)=0,"Anomalie","")) | H32: 66 - CHARGES FINANCIERES | I32: Intérêts des emprunts | K32: 79 - TRANSFERTS DE CHARGES | L32: Transferts de charge | N32: =IF(C29="","",C29) | O32: ="-------"&A81 -> -------75 - AUTRES PRODUITS GESTION COURANTE | Q32: {=IF(ROWS($1:30)<=SUM(IF(dep_deroule<>"",1/COUNTIF(dep_deroule,dep_deroule))),INDEX(dep_deroule,SMALL(IF(FREQUENCY(IF(dep_deroule<>"",MATCH(dep_deroule,dep_deroule,0)),ROW(INDIRECT("1:"&ROWS(dep_deroule))))>0,ROW(INDIRECT("1:"&ROWS(dep_deroule)))),ROWS($1:30))),"")} -> Rémunération des personnels | R32: {=IF(ROWS($1:30)<=SUM(IF(rec_deroule<>"",1/COUNTIF(rec_deroule,rec_deroule))),INDEX(rec_deroule,SMALL(IF(FREQUENCY(IF(rec_deroule<>"",MATCH(rec_deroule,rec_deroule,0)),ROW(INDIRECT("1:"&ROWS(rec_deroule))))>0,ROW(INDIRECT("1:"&ROWS(rec_deroule)))),ROWS($1:30))),"")} -> -------78 - REPRISES AMORT. ET PROVISIONS
B33: 64-04 | F33: =IF(C33="","",IF(COUNTIF('Postes comptables'!$I:$I,D33)=0,"Anomalie","")) | I33: Autres charges financières | N33: ="-------"&A30 -> -------64 - FRAIS DE PERSONNEL | O33: =IF(C81="","",C81) -> Cotisations | Q33: {=IF(ROWS($1:31)<=SUM(IF(dep_deroule<>"",1/COUNTIF(dep_deroule,dep_deroule))),INDEX(dep_deroule,SMALL(IF(FREQUENCY(IF(dep_deroule<>"",MATCH(dep_deroule,dep_deroule,0)),ROW(INDIRECT("1:"&ROWS(dep_deroule))))>0,ROW(INDIRECT("1:"&ROWS(dep_deroule)))),ROWS($1:31))),"")} -> Charges sociales | R33: {=IF(ROWS($1:31)<=SUM(IF(rec_deroule<>"",1/COUNTIF(rec_deroule,rec_deroule))),INDEX(rec_deroule,SMALL(IF(FREQUENCY(IF(rec_deroule<>"",MATCH(rec_deroule,rec_deroule,0)),ROW(INDIRECT("1:"&ROWS(rec_deroule))))>0,ROW(INDIRECT("1:"&ROWS(rec_deroule)))),ROWS($1:31))),"")} -> Reprises sur amortissements et provisions
A34: =H30 -> 65 - AUTRES CHARGES DE GESTION COURANTE | B34: 65-01 | C34: Redevances | D34: Autres charges de gestion courante | E34: Droits SACEM, SPRE si diffusion musique en public | F34: =IF(C34="","",IF(COUNTIF('Postes comptables'!$I:$I,D34)=0,"Anomalie","")) | K34: LES CONTRIBUTIONS VOLONTAIRES EN NATURE | N34: =IF(C30="","",C30) -> Rémunération des personnels | O34: =IF(C82="","",C82) -> Dons des bienfaiteurs | Q34: {=IF(ROWS($1:32)<=SUM(IF(dep_deroule<>"",1/COUNTIF(dep_deroule,dep_deroule))),INDEX(dep_deroule,SMALL(IF(FREQUENCY(IF(dep_deroule<>"",MATCH(dep_deroule,dep_deroule,0)),ROW(INDIRECT("1:"&ROWS(dep_deroule))))>0,ROW(INDIRECT("1:"&ROWS(dep_deroule)))),ROWS($1:32))),"")} -> Autres charges de personnel | R34: {=IF(ROWS($1:32)<=SUM(IF(rec_deroule<>"",1/COUNTIF(rec_deroule,rec_deroule))),INDEX(rec_deroule,SMALL(IF(FREQUENCY(IF(rec_deroule<>"",MATCH(rec_deroule,rec_deroule,0)),ROW(INDIRECT("1:"&ROWS(rec_deroule))))>0,ROW(INDIRECT("1:"&ROWS(rec_deroule)))),ROWS($1:32))),"")} -> Couverture déficit prévsionnel/fonds propres
B35: 65-02 | C35: Autres charges de gestion courante | D35: Autres charges de gestion courante | E35: Autres charges | F35: =IF(C35="","",IF(COUNTIF('Postes comptables'!$I:$I,D35)=0,"Anomalie","")) | H35: 67 - CHARGES EXCEPTIONNELLES | I35: Charges exceptionnelles | K35: 87 - CONTRIB. VOLONT. EN NATURE | L35: Bénévolat | N35: =IF(C31="","",C31) -> Charges sociales | O35: =IF(C83="","",C83) -> Indemnités d'assurances | Q35: {=IF(ROWS($1:33)<=SUM(IF(dep_deroule<>"",1/COUNTIF(dep_deroule,dep_deroule))),INDEX(dep_deroule,SMALL(IF(FREQUENCY(IF(dep_deroule<>"",MATCH(dep_deroule,dep_deroule,0)),ROW(INDIRECT("1:"&ROWS(dep_deroule))))>0,ROW(INDIRECT("1:"&ROWS(dep_deroule)))),ROWS($1:33))),"")} -> -------65 - AUTRES CHARGES DE GESTION COURANTE | R35: {=IF(ROWS($1:33)<=SUM(IF(rec_deroule<>"",1/COUNTIF(rec_deroule,rec_deroule))),INDEX(rec_deroule,SMALL(IF(FREQUENCY(IF(rec_deroule<>"",MATCH(rec_deroule,rec_deroule,0)),ROW(INDIRECT("1:"&ROWS(rec_deroule))))>0,ROW(INDIRECT("1:"&ROWS(rec_deroule)))),ROWS($1:33))),"")} -> -------79 - TRANSFERTS DE CHARGES
B36: 65-03 | F36: =IF(C36="","",IF(COUNTIF('Postes comptables'!$I:$I,D36)=0,"Anomalie","")) | L36: Prestations en nature | N36: =IF(C32="","",C32) -> Autres charges de personnel | O36: ="-------"&A84 -> -------76 - PRODUITS FINANCIERS | Q36: {=IF(ROWS($1:34)<=SUM(IF(dep_deroule<>"",1/COUNTIF(dep_deroule,dep_deroule))),INDEX(dep_deroule,SMALL(IF(FREQUENCY(IF(dep_deroule<>"",MATCH(dep_deroule,dep_deroule,0)),ROW(INDIRECT("1:"&ROWS(dep_deroule))))>0,ROW(INDIRECT("1:"&ROWS(dep_deroule)))),ROWS($1:34))),"")} -> Redevances | R36: {=IF(ROWS($1:34)<=SUM(IF(rec_deroule<>"",1/COUNTIF(rec_deroule,rec_deroule))),INDEX(rec_deroule,SMALL(IF(FREQUENCY(IF(rec_deroule<>"",MATCH(rec_deroule,rec_deroule,0)),ROW(INDIRECT("1:"&ROWS(rec_deroule))))>0,ROW(INDIRECT("1:"&ROWS(rec_deroule)))),ROWS($1:34))),"")} -> Transfert de charges (supprimé)
A37: =H32 -> 66 - CHARGES FINANCIERES | B37: 66-01 | C37: Charges financières | D37: Intérêts des emprunts | E37: Intérêts payés sur emprunts, sur découverts | F37: =IF(C37="","",IF(COUNTIF('Postes comptables'!$I:$I,D37)=0,"Anomalie","")) | H37: 68 - DOTATIONS | I37: Dotation aux amortissements | L37: Dons en nature | N37: =IF(C33="","",C33) | O37: =IF(C84="","",C84) -> Intérêts des placements | Q37: {=IF(ROWS($1:35)<=SUM(IF(dep_deroule<>"",1/COUNTIF(dep_deroule,dep_deroule))),INDEX(dep_deroule,SMALL(IF(FREQUENCY(IF(dep_deroule<>"",MATCH(dep_deroule,dep_deroule,0)),ROW(INDIRECT("1:"&ROWS(dep_deroule))))>0,ROW(INDIRECT("1:"&ROWS(dep_deroule)))),ROWS($1:35))),"")} -> Autres charges de gestion courante | R37: {=IF(ROWS($1:35)<=SUM(IF(rec_deroule<>"",1/COUNTIF(rec_deroule,rec_deroule))),INDEX(rec_deroule,SMALL(IF(FREQUENCY(IF(rec_deroule<>"",MATCH(rec_deroule,rec_deroule,0)),ROW(INDIRECT("1:"&ROWS(rec_deroule))))>0,ROW(INDIRECT("1:"&ROWS(rec_deroule)))),ROWS($1:35))),"")} -> -------87 - CONTRIB. VOLONT. EN NATURE
B38: 66-02 | F38: =IF(C38="","",IF(COUNTIF('Postes comptables'!$I:$I,D38)=0,"Anomalie","")) | I38: Dotation aux provisions | N38: ="-------"&A34 -> -------65 - AUTRES CHARGES DE GESTION COURANTE | O38: =IF(C85="","",C85) -> Revenus des V.M.P. | Q38: {=IF(ROWS($1:36)<=SUM(IF(dep_deroule<>"",1/COUNTIF(dep_deroule,dep_deroule))),INDEX(dep_deroule,SMALL(IF(FREQUENCY(IF(dep_deroule<>"",MATCH(dep_deroule,dep_deroule,0)),ROW(INDIRECT("1:"&ROWS(dep_deroule))))>0,ROW(INDIRECT("1:"&ROWS(dep_deroule)))),ROWS($1:36))),"")} -> -------66 - CHARGES FINANCIERES | R38: {=IF(ROWS($1:36)<=SUM(IF(rec_deroule<>"",1/COUNTIF(rec_deroule,rec_deroule))),INDEX(rec_deroule,SMALL(IF(FREQUENCY(IF(rec_deroule<>"",MATCH(rec_deroule,rec_deroule,0)),ROW(INDIRECT("1:"&ROWS(rec_deroule))))>0,ROW(INDIRECT("1:"&ROWS(rec_deroule)))),ROWS($1:36))),"")} -> Bénévolat
A39: =H35 -> 67 - CHARGES EXCEPTIONNELLES | B39: 67-01 | C39: Charges exceptionnelles | D39: Charges exceptionnelles | E39: Charges non récurrentes | F39: =IF(C39="","",IF(COUNTIF('Postes comptables'!$I:$I,D39)=0,"Anomalie","")) | N39: =IF(C34="","",C34) -> Redevances | O39: ="-------"&A86 -> -------77 - PRODUITS EXCEPTIONNELS | Q39: {=IF(ROWS($1:37)<=SUM(IF(dep_deroule<>"",1/COUNTIF(dep_deroule,dep_deroule))),INDEX(dep_deroule,SMALL(IF(FREQUENCY(IF(dep_deroule<>"",MATCH(dep_deroule,dep_deroule,0)),ROW(INDIRECT("1:"&ROWS(dep_deroule))))>0,ROW(INDIRECT("1:"&ROWS(dep_deroule)))),ROWS($1:37))),"")} -> Charges financières | R39: {=IF(ROWS($1:37)<=SUM(IF(rec_deroule<>"",1/COUNTIF(rec_deroule,rec_deroule))),INDEX(rec_deroule,SMALL(IF(FREQUENCY(IF(rec_deroule<>"",MATCH(rec_deroule,rec_deroule,0)),ROW(INDIRECT("1:"&ROWS(rec_deroule))))>0,ROW(INDIRECT("1:"&ROWS(rec_deroule)))),ROWS($1:37))),"")} -> Prestations en nature
B40: 67-02 | F40: =IF(C40="","",IF(COUNTIF('Postes comptables'!$I:$I,D40)=0,"Anomalie","")) | H40: 69 - IMPOT SUR LES BENEFICES | I40: Impôt sur les bénéfices | N40: =IF(C35="","",C35) -> Autres charges de gestion courante | O40: =IF(C86="","",C86) -> Produits exceptionnels | Q40: {=IF(ROWS($1:38)<=SUM(IF(dep_deroule<>"",1/COUNTIF(dep_deroule,dep_deroule))),INDEX(dep_deroule,SMALL(IF(FREQUENCY(IF(dep_deroule<>"",MATCH(dep_deroule,dep_deroule,0)),ROW(INDIRECT("1:"&ROWS(dep_deroule))))>0,ROW(INDIRECT("1:"&ROWS(dep_deroule)))),ROWS($1:38))),"")} -> -------67 - CHARGES EXCEPTIONNELLES | R40: {=IF(ROWS($1:38)<=SUM(IF(rec_deroule<>"",1/COUNTIF(rec_deroule,rec_deroule))),INDEX(rec_deroule,SMALL(IF(FREQUENCY(IF(rec_deroule<>"",MATCH(rec_deroule,rec_deroule,0)),ROW(INDIRECT("1:"&ROWS(rec_deroule))))>0,ROW(INDIRECT("1:"&ROWS(rec_deroule)))),ROWS($1:38))),"")} -> Dons en nature
A41: =H37 -> 68 - DOTATIONS | B41: 68-01 | C41: Dotation aux amortissements | D41: Dotation aux amortissements | E41: Amortissement des matériels immobilisés, provisions constatées (pour risques, pour travaux) | F41: =IF(C41="","",IF(COUNTIF('Postes comptables'!$I:$I,D41)=0,"Anomalie","")) | N41: =IF(C36="","",C36) | O41: =IF(C87="","",C87) | Q41: {=IF(ROWS($1:39)<=SUM(IF(dep_deroule<>"",1/COUNTIF(dep_deroule,dep_deroule))),INDEX(dep_deroule,SMALL(IF(FREQUENCY(IF(dep_deroule<>"",MATCH(dep_deroule,dep_deroule,0)),ROW(INDIRECT("1:"&ROWS(dep_deroule))))>0,ROW(INDIRECT("1:"&ROWS(dep_deroule)))),ROWS($1:39))),"")} -> Charges exceptionnelles | R41: {=IF(ROWS($1:39)<=SUM(IF(rec_deroule<>"",1/COUNTIF(rec_deroule,rec_deroule))),INDEX(rec_deroule,SMALL(IF(FREQUENCY(IF(rec_deroule<>"",MATCH(rec_deroule,rec_deroule,0)),ROW(INDIRECT("1:"&ROWS(rec_deroule))))>0,ROW(INDIRECT("1:"&ROWS(rec_deroule)))),ROWS($1:39))),"")}
B42: 68-02 | C42: Dotations aux provisions | D42: Dotation aux provisions | E42: Part des subventions affectées non encore consommées sur l'exercice | F42: =IF(C42="","",IF(COUNTIF('Postes comptables'!$I:$I,D42)=0,"Anomalie","")) | H42: LES CONTRIBUTIONS VOLONTAIRES EN NATURE | N42: ="-------"&A37 -> -------66 - CHARGES FINANCIERES | O42: ="-------"&A88 -> -------78 - REPRISES AMORT. ET PROVISIONS | Q42: {=IF(ROWS($1:40)<=SUM(IF(dep_deroule<>"",1/COUNTIF(dep_deroule,dep_deroule))),INDEX(dep_deroule,SMALL(IF(FREQUENCY(IF(dep_deroule<>"",MATCH(dep_deroule,dep_deroule,0)),ROW(INDIRECT("1:"&ROWS(dep_deroule))))>0,ROW(INDIRECT("1:"&ROWS(dep_deroule)))),ROWS($1:40))),"")} -> -------68 - DOTATIONS | R42: {=IF(ROWS($1:40)<=SUM(IF(rec_deroule<>"",1/COUNTIF(rec_deroule,rec_deroule))),INDEX(rec_deroule,SMALL(IF(FREQUENCY(IF(rec_deroule<>"",MATCH(rec_deroule,rec_deroule,0)),ROW(INDIRECT("1:"&ROWS(rec_deroule))))>0,ROW(INDIRECT("1:"&ROWS(rec_deroule)))),ROWS($1:40))),"")}
A43: =H40 -> 69 - IMPOT SUR LES BENEFICES | B43: 69-01 | C43: Impôts sur les bénéfices | D43: Impôt sur les bénéfices | E43: Quote-part des bénéfices distribués aux salariés (accord de participation) | F43: =IF(C43="","",IF(COUNTIF('Postes comptables'!$I:$I,D43)=0,"Anomalie","")) | H43: 86 - EMPLOIS DE CVN | I43: Secours en nature | N43: =IF(C37="","",C37) -> Charges financières | O43: =IF(C88="","",C88) -> Reprises sur amortissements et provisions | Q43: {=IF(ROWS($1:41)<=SUM(IF(dep_deroule<>"",1/COUNTIF(dep_deroule,dep_deroule))),INDEX(dep_deroule,SMALL(IF(FREQUENCY(IF(dep_deroule<>"",MATCH(dep_deroule,dep_deroule,0)),ROW(INDIRECT("1:"&ROWS(dep_deroule))))>0,ROW(INDIRECT("1:"&ROWS(dep_deroule)))),ROWS($1:41))),"")} -> Dotation aux amortissements | R43: {=IF(ROWS($1:41)<=SUM(IF(rec_deroule<>"",1/COUNTIF(rec_deroule,rec_deroule))),INDEX(rec_deroule,SMALL(IF(FREQUENCY(IF(rec_deroule<>"",MATCH(rec_deroule,rec_deroule,0)),ROW(INDIRECT("1:"&ROWS(rec_deroule))))>0,ROW(INDIRECT("1:"&ROWS(rec_deroule)))),ROWS($1:41))),"")}
B44: 69-02 | F44: =IF(C44="","",IF(COUNTIF('Postes comptables'!$I:$I,D44)=0,"Anomalie","")) | I44: Mise à disposition gratuite de biens et services | N44: =IF(C38="","",C38) | O44: =IF(C89="","",C89) -> Couverture déficit prévsionnel/fonds propres | Q44: {=IF(ROWS($1:42)<=SUM(IF(dep_deroule<>"",1/COUNTIF(dep_deroule,dep_deroule))),INDEX(dep_deroule,SMALL(IF(FREQUENCY(IF(dep_deroule<>"",MATCH(dep_deroule,dep_deroule,0)),ROW(INDIRECT("1:"&ROWS(dep_deroule))))>0,ROW(INDIRECT("1:"&ROWS(dep_deroule)))),ROWS($1:42))),"")} -> Dotations aux provisions | R44: {=IF(ROWS($1:42)<=SUM(IF(rec_deroule<>"",1/COUNTIF(rec_deroule,rec_deroule))),INDEX(rec_deroule,SMALL(IF(FREQUENCY(IF(rec_deroule<>"",MATCH(rec_deroule,rec_deroule,0)),ROW(INDIRECT("1:"&ROWS(rec_deroule))))>0,ROW(INDIRECT("1:"&ROWS(rec_deroule)))),ROWS($1:42))),"")}
B45: 69-03 | F45: =IF(C45="","",IF(COUNTIF('Postes comptables'!$I:$I,D45)=0,"Anomalie","")) | I45: Valorisation du personnel bénévole | N45: ="-------"&A39 -> -------67 - CHARGES EXCEPTIONNELLES | O45: ="-------"&A90 -> -------79 - TRANSFERTS DE CHARGES | Q45: {=IF(ROWS($1:43)<=SUM(IF(dep_deroule<>"",1/COUNTIF(dep_deroule,dep_deroule))),INDEX(dep_deroule,SMALL(IF(FREQUENCY(IF(dep_deroule<>"",MATCH(dep_deroule,dep_deroule,0)),ROW(INDIRECT("1:"&ROWS(dep_deroule))))>0,ROW(INDIRECT("1:"&ROWS(dep_deroule)))),ROWS($1:43))),"")} -> -------69 - IMPOT SUR LES BENEFICES | R45: {=IF(ROWS($1:43)<=SUM(IF(rec_deroule<>"",1/COUNTIF(rec_deroule,rec_deroule))),INDEX(rec_deroule,SMALL(IF(FREQUENCY(IF(rec_deroule<>"",MATCH(rec_deroule,rec_deroule,0)),ROW(INDIRECT("1:"&ROWS(rec_deroule))))>0,ROW(INDIRECT("1:"&ROWS(rec_deroule)))),ROWS($1:43))),"")}
N46: =IF(C39="","",C39) -> Charges exceptionnelles | O46: =IF(C90="","",C90) -> Transfert de charges (supprimé) | Q46: {=IF(ROWS($1:44)<=SUM(IF(dep_deroule<>"",1/COUNTIF(dep_deroule,dep_deroule))),INDEX(dep_deroule,SMALL(IF(FREQUENCY(IF(dep_deroule<>"",MATCH(dep_deroule,dep_deroule,0)),ROW(INDIRECT("1:"&ROWS(dep_deroule))))>0,ROW(INDIRECT("1:"&ROWS(dep_deroule)))),ROWS($1:44))),"")} -> Impôts sur les bénéfices | R46: {=IF(ROWS($1:44)<=SUM(IF(rec_deroule<>"",1/COUNTIF(rec_deroule,rec_deroule))),INDEX(rec_deroule,SMALL(IF(FREQUENCY(IF(rec_deroule<>"",MATCH(rec_deroule,rec_deroule,0)),ROW(INDIRECT("1:"&ROWS(rec_deroule))))>0,ROW(INDIRECT("1:"&ROWS(rec_deroule)))),ROWS($1:44))),"")}
A47: =H43 -> 86 - EMPLOIS DE CVN | B47: 86-01 | C47: Secours en nature | D47: Secours en nature | F47: =IF(C47="","",IF(COUNTIF('Postes comptables'!$I:$I,D47)=0,"Anomalie","")) | N47: =IF(C40="","",C40) | O47: =IF(C91="","",C91) | Q47: {=IF(ROWS($1:45)<=SUM(IF(dep_deroule<>"",1/COUNTIF(dep_deroule,dep_deroule))),INDEX(dep_deroule,SMALL(IF(FREQUENCY(IF(dep_deroule<>"",MATCH(dep_deroule,dep_deroule,0)),ROW(INDIRECT("1:"&ROWS(dep_deroule))))>0,ROW(INDIRECT("1:"&ROWS(dep_deroule)))),ROWS($1:45))),"")} -> -------86 - EMPLOIS DE CVN | R47: {=IF(ROWS($1:45)<=SUM(IF(rec_deroule<>"",1/COUNTIF(rec_deroule,rec_deroule))),INDEX(rec_deroule,SMALL(IF(FREQUENCY(IF(rec_deroule<>"",MATCH(rec_deroule,rec_deroule,0)),ROW(INDIRECT("1:"&ROWS(rec_deroule))))>0,ROW(INDIRECT("1:"&ROWS(rec_deroule)))),ROWS($1:45))),"")}
B48: 86-02 | C48: Mise à disposition gratuite de biens et services | D48: Mise à disposition gratuite de biens et services | E48: locaux prétés par collectivité, matériel | F48: =IF(C48="","",IF(COUNTIF('Postes comptables'!$I:$I,D48)=0,"Anomalie","")) | N48: ="-------"&A41 -> -------68 - DOTATIONS | O48: =IF(C92="","",C92) | Q48: {=IF(ROWS($1:46)<=SUM(IF(dep_deroule<>"",1/COUNTIF(dep_deroule,dep_deroule))),INDEX(dep_deroule,SMALL(IF(FREQUENCY(IF(dep_deroule<>"",MATCH(dep_deroule,dep_deroule,0)),ROW(INDIRECT("1:"&ROWS(dep_deroule))))>0,ROW(INDIRECT("1:"&ROWS(dep_deroule)))),ROWS($1:46))),"")} -> Secours en nature | R48: {=IF(ROWS($1:46)<=SUM(IF(rec_deroule<>"",1/COUNTIF(rec_deroule,rec_deroule))),INDEX(rec_deroule,SMALL(IF(FREQUENCY(IF(rec_deroule<>"",MATCH(rec_deroule,rec_deroule,0)),ROW(INDIRECT("1:"&ROWS(rec_deroule))))>0,ROW(INDIRECT("1:"&ROWS(rec_deroule)))),ROWS($1:46))),"")}
B49: 86-03 | F49: =IF(C49="","",IF(COUNTIF('Postes comptables'!$I:$I,D49)=0,"Anomalie","")) | N49: =IF(C41="","",C41) -> Dotation aux amortissements | O49: ="-------"&A93 -> -------87 - CONTRIB. VOLONT. EN NATURE | Q49: {=IF(ROWS($1:47)<=SUM(IF(dep_deroule<>"",1/COUNTIF(dep_deroule,dep_deroule))),INDEX(dep_deroule,SMALL(IF(FREQUENCY(IF(dep_deroule<>"",MATCH(dep_deroule,dep_deroule,0)),ROW(INDIRECT("1:"&ROWS(dep_deroule))))>0,ROW(INDIRECT("1:"&ROWS(dep_deroule)))),ROWS($1:47))),"")} -> Mise à disposition gratuite de biens et services | R49: {=IF(ROWS($1:47)<=SUM(IF(rec_deroule<>"",1/COUNTIF(rec_deroule,rec_deroule))),INDEX(rec_deroule,SMALL(IF(FREQUENCY(IF(rec_deroule<>"",MATCH(rec_deroule,rec_deroule,0)),ROW(INDIRECT("1:"&ROWS(rec_deroule))))>0,ROW(INDIRECT("1:"&ROWS(rec_deroule)))),ROWS($1:47))),"")}
B50: 86-04 | C50: Personnel bénévole | D50: Valorisation du personnel bénévole | E50: temps passé par les bénévoles pour la gestion de l'association | F50: =IF(C50="","",IF(COUNTIF('Postes comptables'!$I:$I,D50)=0,"Anomalie","")) | N50: =IF(C42="","",C42) -> Dotations aux provisions | O50: =IF(C93="","",C93) -> Bénévolat | Q50: {=IF(ROWS($1:48)<=SUM(IF(dep_deroule<>"",1/COUNTIF(dep_deroule,dep_deroule))),INDEX(dep_deroule,SMALL(IF(FREQUENCY(IF(dep_deroule<>"",MATCH(dep_deroule,dep_deroule,0)),ROW(INDIRECT("1:"&ROWS(dep_deroule))))>0,ROW(INDIRECT("1:"&ROWS(dep_deroule)))),ROWS($1:48))),"")} -> Personnel bénévole | R50: {=IF(ROWS($1:48)<=SUM(IF(rec_deroule<>"",1/COUNTIF(rec_deroule,rec_deroule))),INDEX(rec_deroule,SMALL(IF(FREQUENCY(IF(rec_deroule<>"",MATCH(rec_deroule,rec_deroule,0)),ROW(INDIRECT("1:"&ROWS(rec_deroule))))>0,ROW(INDIRECT("1:"&ROWS(rec_deroule)))),ROWS($1:48))),"")}
N51: ="-------"&A43 -> -------69 - IMPOT SUR LES BENEFICES | O51: =IF(C94="","",C94) -> Prestations en nature | Q51: {=IF(ROWS($1:49)<=SUM(IF(dep_deroule<>"",1/COUNTIF(dep_deroule,dep_deroule))),INDEX(dep_deroule,SMALL(IF(FREQUENCY(IF(dep_deroule<>"",MATCH(dep_deroule,dep_deroule,0)),ROW(INDIRECT("1:"&ROWS(dep_deroule))))>0,ROW(INDIRECT("1:"&ROWS(dep_deroule)))),ROWS($1:49))),"")} | R51: {=IF(ROWS($1:49)<=SUM(IF(rec_deroule<>"",1/COUNTIF(rec_deroule,rec_deroule))),INDEX(rec_deroule,SMALL(IF(FREQUENCY(IF(rec_deroule<>"",MATCH(rec_deroule,rec_deroule,0)),ROW(INDIRECT("1:"&ROWS(rec_deroule))))>0,ROW(INDIRECT("1:"&ROWS(rec_deroule)))),ROWS($1:49))),"")}
C52: POSTES DE RECETTES | N52: =IF(C43="","",C43) -> Impôts sur les bénéfices | O52: =IF(C95="","",C95) | Q52: {=IF(ROWS($1:50)<=SUM(IF(dep_deroule<>"",1/COUNTIF(dep_deroule,dep_deroule))),INDEX(dep_deroule,SMALL(IF(FREQUENCY(IF(dep_deroule<>"",MATCH(dep_deroule,dep_deroule,0)),ROW(INDIRECT("1:"&ROWS(dep_deroule))))>0,ROW(INDIRECT("1:"&ROWS(dep_deroule)))),ROWS($1:50))),"")} | R52: {=IF(ROWS($1:50)<=SUM(IF(rec_deroule<>"",1/COUNTIF(rec_deroule,rec_deroule))),INDEX(rec_deroule,SMALL(IF(FREQUENCY(IF(rec_deroule<>"",MATCH(rec_deroule,rec_deroule,0)),ROW(INDIRECT("1:"&ROWS(rec_deroule))))>0,ROW(INDIRECT("1:"&ROWS(rec_deroule)))),ROWS($1:50))),"")}
N53: =IF(C44="","",C44) | O53: =IF(C96="","",C96) -> Dons en nature | Q53: {=IF(ROWS($1:51)<=SUM(IF(dep_deroule<>"",1/COUNTIF(dep_deroule,dep_deroule))),INDEX(dep_deroule,SMALL(IF(FREQUENCY(IF(dep_deroule<>"",MATCH(dep_deroule,dep_deroule,0)),ROW(INDIRECT("1:"&ROWS(dep_deroule))))>0,ROW(INDIRECT("1:"&ROWS(dep_deroule)))),ROWS($1:51))),"")} | R53: {=IF(ROWS($1:51)<=SUM(IF(rec_deroule<>"",1/COUNTIF(rec_deroule,rec_deroule))),INDEX(rec_deroule,SMALL(IF(FREQUENCY(IF(rec_deroule<>"",MATCH(rec_deroule,rec_deroule,0)),ROW(INDIRECT("1:"&ROWS(rec_deroule))))>0,ROW(INDIRECT("1:"&ROWS(rec_deroule)))),ROWS($1:51))),"")}
A54: =K3 -> 70 - REMUN. DES SERVICES | B54: 70-01 | C54: Recettes buvettes | D54: Participation des usagers | E54: Recettes des buvettes, des lotos, de tombolas | F54: =IF(C54="","",IF(COUNTIF('Postes comptables'!$L:$L,D54)=0,"Anomalie","")) | N54: =IF(C45="","",C45) | O54: =IF(C97="","",C97) | Q54: {=IF(ROWS($1:52)<=SUM(IF(dep_deroule<>"",1/COUNTIF(dep_deroule,dep_deroule))),INDEX(dep_deroule,SMALL(IF(FREQUENCY(IF(dep_deroule<>"",MATCH(dep_deroule,dep_deroule,0)),ROW(INDIRECT("1:"&ROWS(dep_deroule))))>0,ROW(INDIRECT("1:"&ROWS(dep_deroule)))),ROWS($1:52))),"")} | R54: {=IF(ROWS($1:52)<=SUM(IF(rec_deroule<>"",1/COUNTIF(rec_deroule,rec_deroule))),INDEX(rec_deroule,SMALL(IF(FREQUENCY(IF(rec_deroule<>"",MATCH(rec_deroule,rec_deroule,0)),ROW(INDIRECT("1:"&ROWS(rec_deroule))))>0,ROW(INDIRECT("1:"&ROWS(rec_deroule)))),ROWS($1:52))),"")}
B55: 70-02 | C55: Prestations concerts | D55: Participation des usagers | E55: Billets d'entrée à un spectacle, à une manifestation | F55: =IF(C55="","",IF(COUNTIF('Postes comptables'!$L:$L,D55)=0,"Anomalie","")) | N55: =IF(C46="","",C46) | Q55: {=IF(ROWS($1:53)<=SUM(IF(dep_deroule<>"",1/COUNTIF(dep_deroule,dep_deroule))),INDEX(dep_deroule,SMALL(IF(FREQUENCY(IF(dep_deroule<>"",MATCH(dep_deroule,dep_deroule,0)),ROW(INDIRECT("1:"&ROWS(dep_deroule))))>0,ROW(INDIRECT("1:"&ROWS(dep_deroule)))),ROWS($1:53))),"")} | R55: {=IF(ROWS($1:53)<=SUM(IF(rec_deroule<>"",1/COUNTIF(rec_deroule,rec_deroule))),INDEX(rec_deroule,SMALL(IF(FREQUENCY(IF(rec_deroule<>"",MATCH(rec_deroule,rec_deroule,0)),ROW(INDIRECT("1:"&ROWS(rec_deroule))))>0,ROW(INDIRECT("1:"&ROWS(rec_deroule)))),ROWS($1:53))),"")}
B56: 70-03 | C56: Participations musiciens | D56: Participation des usagers | E56: Participations aux repas, sorties des musiciens | F56: =IF(C56="","",IF(COUNTIF('Postes comptables'!$L:$L,D56)=0,"Anomalie","")) | N56: ="-------"&A47 -> -------86 - EMPLOIS DE CVN | Q56: {=IF(ROWS($1:54)<=SUM(IF(dep_deroule<>"",1/COUNTIF(dep_deroule,dep_deroule))),INDEX(dep_deroule,SMALL(IF(FREQUENCY(IF(dep_deroule<>"",MATCH(dep_deroule,dep_deroule,0)),ROW(INDIRECT("1:"&ROWS(dep_deroule))))>0,ROW(INDIRECT("1:"&ROWS(dep_deroule)))),ROWS($1:54))),"")} | R56: {=IF(ROWS($1:54)<=SUM(IF(rec_deroule<>"",1/COUNTIF(rec_deroule,rec_deroule))),INDEX(rec_deroule,SMALL(IF(FREQUENCY(IF(rec_deroule<>"",MATCH(rec_deroule,rec_deroule,0)),ROW(INDIRECT("1:"&ROWS(rec_deroule))))>0,ROW(INDIRECT("1:"&ROWS(rec_deroule)))),ROWS($1:54))),"")}
B57: 70-04 | C57: Rétrocession Licences Office 365 | D57: Autres prestations de services | E57: Participation des adhérents (ou autres) à un voyage | F57: =IF(C57="","",IF(COUNTIF('Postes comptables'!$L:$L,D57)=0,"Anomalie","")) | N57: =IF(C47="","",C47) -> Secours en nature | Q57: {=IF(ROWS($1:55)<=SUM(IF(dep_deroule<>"",1/COUNTIF(dep_deroule,dep_deroule))),INDEX(dep_deroule,SMALL(IF(FREQUENCY(IF(dep_deroule<>"",MATCH(dep_deroule,dep_deroule,0)),ROW(INDIRECT("1:"&ROWS(dep_deroule))))>0,ROW(INDIRECT("1:"&ROWS(dep_deroule)))),ROWS($1:55))),"")} | R57: {=IF(ROWS($1:55)<=SUM(IF(rec_deroule<>"",1/COUNTIF(rec_deroule,rec_deroule))),INDEX(rec_deroule,SMALL(IF(FREQUENCY(IF(rec_deroule<>"",MATCH(rec_deroule,rec_deroule,0)),ROW(INDIRECT("1:"&ROWS(rec_deroule))))>0,ROW(INDIRECT("1:"&ROWS(rec_deroule)))),ROWS($1:55))),"")}
B58: 70-05 | C58: Vente lampes pupitres | D58: Autres prestations de services | F58: =IF(C58="","",IF(COUNTIF('Postes comptables'!$L:$L,D58)=0,"Anomalie","")) | N58: =IF(C48="","",C48) -> Mise à disposition gratuite de biens et services | Q58: {=IF(ROWS($1:56)<=SUM(IF(dep_deroule<>"",1/COUNTIF(dep_deroule,dep_deroule))),INDEX(dep_deroule,SMALL(IF(FREQUENCY(IF(dep_deroule<>"",MATCH(dep_deroule,dep_deroule,0)),ROW(INDIRECT("1:"&ROWS(dep_deroule))))>0,ROW(INDIRECT("1:"&ROWS(dep_deroule)))),ROWS($1:56))),"")} | R58: {=IF(ROWS($1:56)<=SUM(IF(rec_deroule<>"",1/COUNTIF(rec_deroule,rec_deroule))),INDEX(rec_deroule,SMALL(IF(FREQUENCY(IF(rec_deroule<>"",MATCH(rec_deroule,rec_deroule,0)),ROW(INDIRECT("1:"&ROWS(rec_deroule))))>0,ROW(INDIRECT("1:"&ROWS(rec_deroule)))),ROWS($1:56))),"")}
A59: =K8 -> 73 - CONCOURS PUBLICS | B59: 73-01 | F59: =IF(C59="","",IF(COUNTIF('Postes comptables'!$L:$L,D59)=0,"Anomalie","")) | N59: =IF(C49="","",C49) | Q59: {=IF(ROWS($1:57)<=SUM(IF(dep_deroule<>"",1/COUNTIF(dep_deroule,dep_deroule))),INDEX(dep_deroule,SMALL(IF(FREQUENCY(IF(dep_deroule<>"",MATCH(dep_deroule,dep_deroule,0)),ROW(INDIRECT("1:"&ROWS(dep_deroule))))>0,ROW(INDIRECT("1:"&ROWS(dep_deroule)))),ROWS($1:57))),"")} | R59: {=IF(ROWS($1:57)<=SUM(IF(rec_deroule<>"",1/COUNTIF(rec_deroule,rec_deroule))),INDEX(rec_deroule,SMALL(IF(FREQUENCY(IF(rec_deroule<>"",MATCH(rec_deroule,rec_deroule,0)),ROW(INDIRECT("1:"&ROWS(rec_deroule))))>0,ROW(INDIRECT("1:"&ROWS(rec_deroule)))),ROWS($1:57))),"")}
B60: 73-02 | F60: =IF(C60="","",IF(COUNTIF('Postes comptables'!$L:$L,D60)=0,"Anomalie","")) | N60: =IF(C50="","",C50) -> Personnel bénévole
A61: =K10 -> 74 - SUBVENTIONS | B61: 74-01 | C61: Etat 1 (préciser ministère) | D61: Etat | E61: Subventions de l'Etat | F61: =IF(C61="","",IF(COUNTIF('Postes comptables'!$L:$L,D61)=0,"Anomalie",""))
B62: 74-02 | D62: Etat | F62: =IF(C62="","",IF(COUNTIF('Postes comptables'!$L:$L,D62)=0,"Anomalie",""))
B63: 74-03 | D63: Etat | F63: =IF(C63="","",IF(COUNTIF('Postes comptables'!$L:$L,D63)=0,"Anomalie",""))
B64: 74-04 | C64: Ville de Reims : fonctionnement | D64: Ville de Reims Fonctionnement | F64: =IF(C64="","",IF(COUNTIF('Postes comptables'!$L:$L,D64)=0,"Anomalie",""))
B65: 74-05 | C65: Ville de Reims : projet | D65: Ville de Reims pour une action | F65: =IF(C65="","",IF(COUNTIF('Postes comptables'!$L:$L,D65)=0,"Anomalie",""))
B66: 74-06 | C66: Ville de Reims : équipement | D66: Ville de Reims Equipement | F66: =IF(C66="","",IF(COUNTIF('Postes comptables'!$L:$L,D66)=0,"Anomalie",""))
B67: 74-07 | C67: Région Grand-Est | D67: Région Grand-Est | F67: =IF(C67="","",IF(COUNTIF('Postes comptables'!$L:$L,D67)=0,"Anomalie",""))
B68: 74-08 | F68: =IF(C68="","",IF(COUNTIF('Postes comptables'!$L:$L,D68)=0,"Anomalie",""))
B69: 74-09 | C69: Département de la Marne | D69: Département de la Marne | F69: =IF(C69="","",IF(COUNTIF('Postes comptables'!$L:$L,D69)=0,"Anomalie",""))
B70: 74-10 | C70: Autres communes | D70: Autres Communes | E70: Subventions des communes ou des communautés de communes ou d'agglomérations | F70: =IF(C70="","",IF(COUNTIF('Postes comptables'!$L:$L,D70)=0,"Anomalie",""))
B71: 74-11 | F71: =IF(C71="","",IF(COUNTIF('Postes comptables'!$L:$L,D71)=0,"Anomalie",""))
B72: 74-12 | C72: A.C.S.E. | D72: A.C.S.E. | F72: =IF(C72="","",IF(COUNTIF('Postes comptables'!$L:$L,D72)=0,"Anomalie",""))
B73: 74-13 | C73: Caisse d'Allocations familiales | D73: Caisse d'Allocations familiales | F73: =IF(C73="","",IF(COUNTIF('Postes comptables'!$L:$L,D73)=0,"Anomalie",""))
B74: 74-14 | C74: Caisse des Dépôts et Consignations | D74: Caisse des Dépôts et Consignations | F74: =IF(C74="","",IF(COUNTIF('Postes comptables'!$L:$L,D74)=0,"Anomalie",""))
B75: 74-15 | C75: Union Européenne | D75: Union européenne | F75: =IF(C75="","",IF(COUNTIF('Postes comptables'!$L:$L,D75)=0,"Anomalie",""))
B76: 74-16 | C76: Autres subventions | D76: Autres subventions | F76: =IF(C76="","",IF(COUNTIF('Postes comptables'!$L:$L,D76)=0,"Anomalie",""))
B77: 74-17 | F77: =IF(C77="","",IF(COUNTIF('Postes comptables'!$L:$L,D77)=0,"Anomalie",""))
B78: 74-18 | F78: =IF(C78="","",IF(COUNTIF('Postes comptables'!$L:$L,D78)=0,"Anomalie",""))
B79: 74-19 | E79: Dons reçus de bienfaiteurs ou autres entités | F79: =IF(C79="","",IF(COUNTIF('Postes comptables'!$L:$L,D79)=0,"Anomalie",""))
B80: 74-20 | E80: Sommes reçus des partenaires | F80: =IF(C80="","",IF(COUNTIF('Postes comptables'!$L:$L,D80)=0,"Anomalie",""))
A81: =K24 -> 75 - AUTRES PRODUITS GESTION COURANTE | B81: 75-01 | C81: Cotisations | D81: Participation des adhérents | E81: Cotisations reçues des membres de l'association | F81: =IF(C81="","",IF(COUNTIF('Postes comptables'!$L:$L,D81)=0,"Anomalie",""))
B82: 75-02 | C82: Dons des bienfaiteurs | D82: Sponsoring, partenariats privés | F82: =IF(C82="","",IF(COUNTIF('Postes comptables'!$L:$L,D82)=0,"Anomalie",""))
B83: 75-03 | C83: Indemnités d'assurances | D83: Sponsoring, partenariats privés | E83: Prise en charge par assurances | F83: =IF(C83="","",IF(COUNTIF('Postes comptables'!$L:$L,D83)=0,"Anomalie",""))
A84: =K26 -> 76 - PRODUITS FINANCIERS | B84: 76-01 | C84: Intérêts des placements | D84: Produits financiers | E84: intérêts reçus sur des placements financiers | F84: =IF(C84="","",IF(COUNTIF('Postes comptables'!$L:$L,D84)=0,"Anomalie",""))
B85: 76-02 | C85: Revenus des V.M.P. | D85: Produits financiers | E85: Coupons des parts sociales | F85: =IF(C85="","",IF(COUNTIF('Postes comptables'!$L:$L,D85)=0,"Anomalie",""))
A86: =K28 -> 77 - PRODUITS EXCEPTIONNELS | B86: 77-01 | C86: Produits exceptionnels | D86: Produits exceptionnels | E86: Produits non récurrents (dégrèvements d'impôts) | F86: =IF(C86="","",IF(COUNTIF('Postes comptables'!$L:$L,D86)=0,"Anomalie",""))
B87: 77-02 | F87: =IF(C87="","",IF(COUNTIF('Postes comptables'!$L:$L,D87)=0,"Anomalie",""))
A88: =K30 -> 78 - REPRISES AMORT. ET PROVISIONS | B88: 78-01 | C88: Reprises sur amortissements et provisions | D88: Reprises sur amortissements et provisions | E88: Reprises sur provisions constituées les années précédentes | F88: =IF(C88="","",IF(COUNTIF('Postes comptables'!$L:$L,D88)=0,"Anomalie",""))
B89: 78-02 | C89: Couverture déficit prévsionnel/fonds propres | D89: Reprises sur amortissements et provisions | F89: =IF(C89="","",IF(COUNTIF('Postes comptables'!$L:$L,D89)=0,"Anomalie",""))
A90: =K32 -> 79 - TRANSFERTS DE CHARGES | B90: 79-01 | C90: Transfert de charges (supprimé) | D90: Transferts de charge | E90: Remboursements d'indemnités d'assurances, de cotisation URSSAF, aides à l'embauche, prise en charge d'un loyer, aides COVID | F90: =IF(C90="","",IF(COUNTIF('Postes comptables'!$L:$L,D90)=0,"Anomalie",""))
B91: 79-02 | F91: =IF(C91="","",IF(COUNTIF('Postes comptables'!$L:$L,D91)=0,"Anomalie",""))
A93: =K35 -> 87 - CONTRIB. VOLONT. EN NATURE | B93: 87-01 | C93: Bénévolat | D93: Bénévolat | E93: Temps passé par les bénévoles pour la gestion de l'association | F93: =IF(C93="","",IF(COUNTIF('Postes comptables'!$L:$L,D93)=0,"Anomalie",""))
B94: 87-02 | C94: Prestations en nature | D94: Prestations en nature | E94: Réalisation de flyers, location gratuite de salles | F94: =IF(C94="","",IF(COUNTIF('Postes comptables'!$L:$L,D94)=0,"Anomalie",""))
B95: 87-03 | F95: =IF(C95="","",IF(COUNTIF('Postes comptables'!$L:$L,D95)=0,"Anomalie",""))
B96: 87-04 | C96: Dons en nature | D96: Dons en nature | E96: biens offerts à l'association | F96: =IF(C96="","",IF(COUNTIF('Postes comptables'!$L:$L,D96)=0,"Anomalie",""))
C98: POSTES ANALYTIQUES PERSONNALISES DE L'ASSOCIATION
B99: 92-01 | C99: Autres concerts
B100: 92-02 | C100: Concerts Conservatoire
B101: 92-03 | C101: Déplacement Aix La Chapelle
B102: 92-04 | C102: Fonctionnement
...

Sheet Dépenses
A1: DATE | B1: TIERS | C1: LIBELLE DE LA DEPENSE | D1: NUMERO FACTURE | E1: MONTANT PAYE | F1: POSTE COMPTABLE | G1: POSTE ANALYTIQUE | H1: MODE DE REGLEMENT | I1: NUMERO PIECE | J1: Sur relevé bancaire | K1: =Accueil!G6&" "&Accueil!H6&" "&Accueil!K6 -> C.AGRICOLE COMPTE COURANT Trésorerie | L1: =Accueil!G8&" "&Accueil!H8&" "&Accueil!K8 -> C.AGRICOLE LIVRET A Trésorerie | M1: =Accueil!G10&" "&Accueil!H10&" "&Accueil!K10 -> CAISSE Trésorerie | N1: =Accueil!G12&" "&Accueil!H12&" "&Accueil!K12 | O1: =Accueil!G14&" "& Accueil!H14&" "&Accueil!K14 -> SUMUP CARTE BANCAIRE Trésorerie | P1: =Accueil!G16&" "& Accueil!H16&" "&Accueil!K16 -> A PAYER Passif | Q1: =Accueil!G18&" "& Accueil!H18&" "&Accueil!K18 -> A RECEVOIR Actif | R1: =Accueil!G20&" "& Accueil!H20&" "&Accueil!K20 -> A REVERSER Trésorerie | S1: =Accueil!G22&" "& Accueil!H22&" "&Accueil!K22 | T1: =Accueil!G24&" "& Accueil!H24&" "&Accueil!K24 | AB1: =Accueil!$Q$6 -> Trésorerie | AC1: =Accueil!$Q$8 -> Trésorerie | AD1: =Accueil!$Q$10 -> Trésorerie | AE1: =Accueil!$Q$12 -> Trésorerie | AF1: =Accueil!$Q$14 -> Trésorerie | AG1: =Accueil!$Q$16 -> Passif | AH1: =Accueil!$Q$18 -> Actif | AI1: =Accueil!$Q$20 -> Trésorerie | AJ1: =Accueil!$Q$22 -> Trésorerie | AK1: =Accueil!$Q$24 -> Trésorerie
A2: 45666 | B2: CREDIT AGRICOLE | C2: Compte service 12 | D2: AC003 | E2: 1.18 | F2: Services bancaires | G2: Fonctionnement | H2: PSEPA | J2: X | K2: X | U2: =IF(ISBLANK(F2),0,1) -> 1 | V2: =IF(F2="","",IF(COUNTIF('Postes comptables'!$A:$C,F2)=0,"Anomalie","")) | W2: =MONTH(A2) -> 1 | X2: =IF(F2="","",MATCH(F2,'Postes comptables'!$C$3:$C$45,0)) -> 22 | Y2: {=IF(X2="","",INDEX('Postes comptables'!$B$3:$B$45,X2,0))} -> 62-08 | Z2: =IF(G2="","",IF(COUNTIF('Postes comptables'!$C$99:$C$148,G2)=0,"Anomalie","")) | AA2: =IF(AND(F2="",A2<>"",COUNTIF(AB2:AK2,"D")=0),TRUE,FALSE) -> FALSE | AB2: =IF(AND(K2="X",AB$1<>"Trésorerie"),"D","") | AC2: =IF(AND(L2="X",AC$1<>"Trésorerie"),"D","") | AD2: =IF(AND(M2="X",AD$1<>"Trésorerie"),"D","") | AE2: =IF(AND(N2="X",AE$1<>"Trésorerie"),"D","") | AF2: =IF(AND(O2="X",AF$1<>"Trésorerie"),"D","") | AG2: =IF(AND(P2="X",AG$1<>"Trésorerie"),"D","") | AH2: =IF(AND(Q2="X",AH$1<>"Trésorerie"),"D","") | AI2: =IF(AND(R2="X",AI$1<>"Trésorerie"),"D","") | ... AK2: =IF(AND(T2="X",AK$1<>"Trésorerie"),"D","")
A3: 45666 | B3: E.LECLERC | C3: Réunion Bureau+CA | D3: AC001 | E3: 31.55 | F3: Frais réception bureau/ca/forums | G3: Fonctionnement | H3: VSEPA | J3: X | K3: X | U3: =IF(ISBLANK(F3),0,1) -> 1 | V3: =IF(F3="","",IF(COUNTIF('Postes comptables'!$A:$C,F3)=0,"Anomalie","")) | W3: =MONTH(A3) -> 1 | X3: =IF(F3="","",MATCH(F3,'Postes comptables'!$C$3:$C$45,0)) -> 17 | Y3: {=IF(X3="","",INDEX('Postes comptables'!$B$3:$B$45,X3,0))} -> 62-03 | Z3: =IF(G3="","",IF(COUNTIF('Postes comptables'!$C$99:$C$148,G3)=0,"Anomalie","")) | AA3: =IF(AND(F3="",A3<>"",COUNTIF(AB3:AK3,"D")=0),TRUE,FALSE) -> FALSE | AB3: =IF(AND(K3="X",AB$1<>"Trésorerie"),"D","") | AC3: =IF(AND(L3="X",AC$1<>"Trésorerie"),"D","") | AD3: =IF(AND(M3="X",AD$1<>"Trésorerie"),"D","") | AE3: =IF(AND(N3="X",AE$1<>"Trésorerie"),"D","") | AF3: =IF(AND(O3="X",AF$1<>"Trésorerie"),"D","") | AG3: =IF(AND(P3="X",AG$1<>"Trésorerie"),"D","") | AH3: =IF(AND(Q3="X",AH$1<>"Trésorerie"),"D","") | AI3: =IF(AND(R3="X",AI$1<>"Trésorerie"),"D","") | ... AK3: =IF(AND(T3="X",AK$1<>"Trésorerie"),"D","")
A4: 45667 | B4: AXA | C4: Rembt Réparation Baryton | D4: AC005 | E4: -150 | F4: Entretien et réparations | G4: Fonctionnement | H4: REMISE | I4: 6453991 | J4: X | K4: X | U4: =IF(ISBLANK(F4),0,1) -> 1 | V4: =IF(F4="","",IF(COUNTIF('Postes comptables'!$A:$C,F4)=0,"Anomalie","")) | W4: =MONTH(A4) -> 1 | X4: =IF(F4="","",MATCH(F4,'Postes comptables'!$C$3:$C$45,0)) -> 9 | Y4: {=IF(X4="","",INDEX('Postes comptables'!$B$3:$B$45,X4,0))} -> 61-02 | Z4: =IF(G4="","",IF(COUNTIF('Postes comptables'!$C$99:$C$148,G4)=0,"Anomalie","")) | AA4: =IF(AND(F4="",A4<>"",COUNTIF(AB4:AK4,"D")=0),TRUE,FALSE) -> FALSE | AB4: =IF(AND(K4="X",AB$1<>"Trésorerie"),"D","") | AC4: =IF(AND(L4="X",AC$1<>"Trésorerie"),"D","") | AD4: =IF(AND(M4="X",AD$1<>"Trésorerie"),"D","") | AE4: =IF(AND(N4="X",AE$1<>"Trésorerie"),"D","") | AF4: =IF(AND(O4="X",AF$1<>"Trésorerie"),"D","") | AG4: =IF(AND(P4="X",AG$1<>"Trésorerie"),"D","") | AH4: =IF(AND(Q4="X",AH$1<>"Trésorerie"),"D","") | AI4: =IF(AND(R4="X",AI$1<>"Trésorerie"),"D","") | ... AK4: =IF(AND(T4="X",AK$1<>"Trésorerie"),"D","")
A5: 45667 | B5: AXA | C5: Assurance 2025 | D5: AC002 | E5: 227.7 | F5: Primes d'assurance | G5: Fonctionnement | H5: CHEQUE | I5: 5481199 | J5: X | K5: X | U5: =IF(ISBLANK(F5),0,1) -> 1 | V5: =IF(F5="","",IF(COUNTIF('Postes comptables'!$A:$C,F5)=0,"Anomalie","")) | W5: =MONTH(A5) -> 1 | X5: =IF(F5="","",MATCH(F5,'Postes comptables'!$C$3:$C$45,0)) -> 10 | Y5: {=IF(X5="","",INDEX('Postes comptables'!$B$3:$B$45,X5,0))} -> 61-03 | Z5: =IF(G5="","",IF(COUNTIF('Postes comptables'!$C$99:$C$148,G5)=0,"Anomalie","")) | AA5: =IF(AND(F5="",A5<>"",COUNTIF(AB5:AK5,"D")=0),TRUE,FALSE) -> FALSE | AB5: =IF(AND(K5="X",AB$1<>"Trésorerie"),"D","") | AC5: =IF(AND(L5="X",AC$1<>"Trésorerie"),"D","") | AD5: =IF(AND(M5="X",AD$1<>"Trésorerie"),"D","") | AE5: =IF(AND(N5="X",AE$1<>"Trésorerie"),"D","") | AF5: =IF(AND(O5="X",AF$1<>"Trésorerie"),"D","") | AG5: =IF(AND(P5="X",AG$1<>"Trésorerie"),"D","") | AH5: =IF(AND(Q5="X",AH$1<>"Trésorerie"),"D","") | AI5: =IF(AND(R5="X",AI$1<>"Trésorerie"),"D","") | ... AK5: =IF(AND(T5="X",AK$1<>"Trésorerie"),"D","")
A6: 45667 | B6: MOLENAAR | C6: Partition Godfather Saga | D6: AC011 | E6: 206.39 | F6: Achat de partitions | G6: Partitions/Matériel musical | H6: CB | O6: X | U6: =IF(ISBLANK(F6),0,1) -> 1 | V6: =IF(F6="","",IF(COUNTIF('Postes comptables'!$A:$C,F6)=0,"Anomalie","")) | W6: =MONTH(A6) -> 1 | X6: =IF(F6="","",MATCH(F6,'Postes comptables'!$C$3:$C$45,0)) -> 2 | Y6: {=IF(X6="","",INDEX('Postes comptables'!$B$3:$B$45,X6,0))} -> 60-02 | Z6: =IF(G6="","",IF(COUNTIF('Postes comptables'!$C$99:$C$148,G6)=0,"Anomalie","")) | AA6: =IF(AND(F6="",A6<>"",COUNTIF(AB6:AK6,"D")=0),TRUE,FALSE) -> FALSE | AB6: =IF(AND(K6="X",AB$1<>"Trésorerie"),"D","") | AC6: =IF(AND(L6="X",AC$1<>"Trésorerie"),"D","") | AD6: =IF(AND(M6="X",AD$1<>"Trésorerie"),"D","") | AE6: =IF(AND(N6="X",AE$1<>"Trésorerie"),"D","") | AF6: =IF(AND(O6="X",AF$1<>"Trésorerie"),"D","") | AG6: =IF(AND(P6="X",AG$1<>"Trésorerie"),"D","") | AH6: =IF(AND(Q6="X",AH$1<>"Trésorerie"),"D","") | AI6: =IF(AND(R6="X",AI$1<>"Trésorerie"),"D","") | ... AK6: =IF(AND(T6="X",AK$1<>"Trésorerie"),"D","")
A7: 45667 | B7: NG MUSIQUE | C7: Réparation Baryton | D7: AC004 | E7: 150 | F7: Entretien et réparations | G7: Fonctionnement | H7: VSEPA | J7: X | K7: X | U7: =IF(ISBLANK(F7),0,1) -> 1 | V7: =IF(F7="","",IF(COUNTIF('Postes comptables'!$A:$C,F7)=0,"Anomalie","")) | W7: =MONTH(A7) -> 1 | X7: =IF(F7="","",MATCH(F7,'Postes comptables'!$C$3:$C$45,0)) -> 9 | Y7: {=IF(X7="","",INDEX('Postes comptables'!$B$3:$B$45,X7,0))} -> 61-02 | Z7: =IF(G7="","",IF(COUNTIF('Postes comptables'!$C$99:$C$148,G7)=0,"Anomalie","")) | AA7: =IF(AND(F7="",A7<>"",COUNTIF(AB7:AK7,"D")=0),TRUE,FALSE) -> FALSE | AB7: =IF(AND(K7="X",AB$1<>"Trésorerie"),"D","") | AC7: =IF(AND(L7="X",AC$1<>"Trésorerie"),"D","") | AD7: =IF(AND(M7="X",AD$1<>"Trésorerie"),"D","") | AE7: =IF(AND(N7="X",AE$1<>"Trésorerie"),"D","") | AF7: =IF(AND(O7="X",AF$1<>"Trésorerie"),"D","") | AG7: =IF(AND(P7="X",AG$1<>"Trésorerie"),"D","") | AH7: =IF(AND(Q7="X",AH$1<>"Trésorerie"),"D","") | AI7: =IF(AND(R7="X",AI$1<>"Trésorerie"),"D","") | ... AK7: =IF(AND(T7="X",AK$1<>"Trésorerie"),"D","")
A8: 45671 | B8: BUREAU VALLEE | C8: Fournitures pour partitions | D8: AC006 | E8: 17.67 | F8: Fournitures de bureau, de reprographie | G8: Partitions/Matériel musical | H8: VSEPA | J8: X | K8: X | U8: =IF(ISBLANK(F8),0,1) -> 1 | V8: =IF(F8="","",IF(COUNTIF('Postes comptables'!$A:$C,F8)=0,"Anomalie","")) | W8: =MONTH(A8) -> 1 | X8: =IF(F8="","",MATCH(F8,'Postes comptables'!$C$3:$C$45,0)) -> 6 | Y8: {=IF(X8="","",INDEX('Postes comptables'!$B$3:$B$45,X8,0))} -> 60-06 | Z8: =IF(G8="","",IF(COUNTIF('Postes comptables'!$C$99:$C$148,G8)=0,"Anomalie","")) | AA8: =IF(AND(F8="",A8<>"",COUNTIF(AB8:AK8,"D")=0),TRUE,FALSE) -> FALSE | AB8: =IF(AND(K8="X",AB$1<>"Trésorerie"),"D","") | AC8: =IF(AND(L8="X",AC$1<>"Trésorerie"),"D","") | AD8: =IF(AND(M8="X",AD$1<>"Trésorerie"),"D","") | AE8: =IF(AND(N8="X",AE$1<>"Trésorerie"),"D","") | AF8: =IF(AND(O8="X",AF$1<>"Trésorerie"),"D","") | AG8: =IF(AND(P8="X",AG$1<>"Trésorerie"),"D","") | AH8: =IF(AND(Q8="X",AH$1<>"Trésorerie"),"D","") | AI8: =IF(AND(R8="X",AI$1<>"Trésorerie"),"D","") | ... AK8: =IF(AND(T8="X",AK$1<>"Trésorerie"),"D","")
A9: 45671 | B9: LIVRET A | C9: VIREMENT INTERNE | D9: X | E9: 1483.38 | H9: VSEPA | J9: X | K9: X | U9: =IF(ISBLANK(F9),0,1) -> 0 | V9: =IF(F9="","",IF(COUNTIF('Postes comptables'!$A:$C,F9)=0,"Anomalie","")) | W9: =MONTH(A9) -> 1 | X9: =IF(F9="","",MATCH(F9,'Postes comptables'!$C$3:$C$45,0)) | Y9: {=IF(X9="","",INDEX('Postes comptables'!$B$3:$B$45,X9,0))} | Z9: =IF(G9="","",IF(COUNTIF('Postes comptables'!$C$99:$C$148,G9)=0,"Anomalie","")) | AA9: =IF(AND(F9="",A9<>"",COUNTIF(AB9:AK9,"D")=0),TRUE,FALSE) -> TRUE | AB9: =IF(AND(K9="X",AB$1<>"Trésorerie"),"D","") | AC9: =IF(AND(L9="X",AC$1<>"Trésorerie"),"D","") | AD9: =IF(AND(M9="X",AD$1<>"Trésorerie"),"D","") | AE9: =IF(AND(N9="X",AE$1<>"Trésorerie"),"D","") | AF9: =IF(AND(O9="X",AF$1<>"Trésorerie"),"D","") | AG9: =IF(AND(P9="X",AG$1<>"Trésorerie"),"D","") | AH9: =IF(AND(Q9="X",AH$1<>"Trésorerie"),"D","") | AI9: =IF(AND(R9="X",AI$1<>"Trésorerie"),"D","") | ... AK9: =IF(AND(T9="X",AK$1<>"Trésorerie"),"D","")
A10: 45672 | B10: FREE | C10: Mobile 01 | D10: AC008 | E10: 2 | F10: Frais postaux et télécommunications | G10: Fonctionnement | H10: PSEPA | J10: X | K10: X | U10: =IF(ISBLANK(F10),0,1) -> 1 | V10: =IF(F10="","",IF(COUNTIF('Postes comptables'!$A:$C,F10)=0,"Anomalie","")) | W10: =MONTH(A10) -> 1 | X10: =IF(F10="","",MATCH(F10,'Postes comptables'!$C$3:$C$45,0)) -> 21 | Y10: {=IF(X10="","",INDEX('Postes comptables'!$B$3:$B$45,X10,0))} -> 62-07 | Z10: =IF(G10="","",IF(COUNTIF('Postes comptables'!$C$99:$C$148,G10)=0,"Anomalie","")) | AA10: =IF(AND(F10="",A10<>"",COUNTIF(AB10:AK10,"D")=0),TRUE,FALSE) -> FALSE | AB10: =IF(AND(K10="X",AB$1<>"Trésorerie"),"D","") | AC10: =IF(AND(L10="X",AC$1<>"Trésorerie"),"D","") | AD10: =IF(AND(M10="X",AD$1<>"Trésorerie"),"D","") | AE10: =IF(AND(N10="X",AE$1<>"Trésorerie"),"D","") | AF10: =IF(AND(O10="X",AF$1<>"Trésorerie"),"D","") | AG10: =IF(AND(P10="X",AG$1<>"Trésorerie"),"D","") | AH10: =IF(AND(Q10="X",AH$1<>"Trésorerie"),"D","") | AI10: =IF(AND(R10="X",AI$1<>"Trésorerie"),"D","") | ... AK10: =IF(AND(T10="X",AK$1<>"Trésorerie"),"D","")
A11: 45672 | B11: URSSAF | C11: Cotisations 12 | D11: X | E11: 104 | H11: PSEPA | J11: X | K11: X | P11: X | U11: =IF(ISBLANK(F11),0,1) -> 0 | V11: =IF(F11="","",IF(COUNTIF('Postes comptables'!$A:$C,F11)=0,"Anomalie","")) | W11: =MONTH(A11) -> 1 | X11: =IF(F11="","",MATCH(F11,'Postes comptables'!$C$3:$C$45,0)) | Y11: {=IF(X11="","",INDEX('Postes comptables'!$B$3:$B$45,X11,0))} | Z11: =IF(G11="","",IF(COUNTIF('Postes comptables'!$C$99:$C$148,G11)=0,"Anomalie","")) | AA11: =IF(AND(F11="",A11<>"",COUNTIF(AB11:AK11,"D")=0),TRUE,FALSE) -> FALSE | AB11: =IF(AND(K11="X",AB$1<>"Trésorerie"),"D","") | AC11: =IF(AND(L11="X",AC$1<>"Trésorerie"),"D","") | AD11: =IF(AND(M11="X",AD$1<>"Trésorerie"),"D","") | AE11: =IF(AND(N11="X",AE$1<>"Trésorerie"),"D","") | AF11: =IF(AND(O11="X",AF$1<>"Trésorerie"),"D","") | AG11: =IF(AND(P11="X",AG$1<>"Trésorerie"),"D","") -> D | AH11: =IF(AND(Q11="X",AH$1<>"Trésorerie"),"D","") | AI11: =IF(AND(R11="X",AI$1<>"Trésorerie"),"D","") | ... AK11: =IF(AND(T11="X",AK$1<>"Trésorerie"),"D","")
A12: 45677 | B12: E.LECLERC | C12: Galettes AG | D12: AC010 | E12: 49.99 | F12: Frais réception bureau/ca/forums | G12: Fonctionnement | H12: VSEPA | J12: X | K12: X | U12: =IF(ISBLANK(F12),0,1) -> 1 | V12: =IF(F12="","",IF(COUNTIF('Postes comptables'!$A:$C,F12)=0,"Anomalie","")) | W12: =MONTH(A12) -> 1 | X12: =IF(F12="","",MATCH(F12,'Postes comptables'!$C$3:$C$45,0)) -> 17 | Y12: {=IF(X12="","",INDEX('Postes comptables'!$B$3:$B$45,X12,0))} -> 62-03 | Z12: =IF(G12="","",IF(COUNTIF('Postes comptables'!$C$99:$C$148,G12)=0,"Anomalie","")) | AA12: =IF(AND(F12="",A12<>"",COUNTIF(AB12:AK12,"D")=0),TRUE,FALSE) -> FALSE | AB12: =IF(AND(K12="X",AB$1<>"Trésorerie"),"D","") | AC12: =IF(AND(L12="X",AC$1<>"Trésorerie"),"D","") | AD12: =IF(AND(M12="X",AD$1<>"Trésorerie"),"D","") | AE12: =IF(AND(N12="X",AE$1<>"Trésorerie"),"D","") | AF12: =IF(AND(O12="X",AF$1<>"Trésorerie"),"D","") | AG12: =IF(AND(P12="X",AG$1<>"Trésorerie"),"D","") | AH12: =IF(AND(Q12="X",AH$1<>"Trésorerie"),"D","") | AI12: =IF(AND(R12="X",AI$1<>"Trésorerie"),"D","") | ... AK12: =IF(AND(T12="X",AK$1<>"Trésorerie"),"D","")
A13: 45677 | B13: FLORA DEBOUT | C13: Champagne 12 blles | D13: AC007 | E13: 222 | F13: Frais réception bureau/ca/forums | G13: Fonctionnement | H13: VSEPA | J13: X | K13: X | U13: =IF(ISBLANK(F13),0,1) -> 1 | V13: =IF(F13="","",IF(COUNTIF('Postes comptables'!$A:$C,F13)=0,"Anomalie","")) | W13: =MONTH(A13) -> 1 | X13: =IF(F13="","",MATCH(F13,'Postes comptables'!$C$3:$C$45,0)) -> 17 | Y13: {=IF(X13="","",INDEX('Postes comptables'!$B$3:$B$45,X13,0))} -> 62-03 | Z13: =IF(G13="","",IF(COUNTIF('Postes comptables'!$C$99:$C$148,G13)=0,"Anomalie","")) | AA13: =IF(AND(F13="",A13<>"",COUNTIF(AB13:AK13,"D")=0),TRUE,FALSE) -> FALSE | AB13: =IF(AND(K13="X",AB$1<>"Trésorerie"),"D","") | AC13: =IF(AND(L13="X",AC$1<>"Trésorerie"),"D","") | AD13: =IF(AND(M13="X",AD$1<>"Trésorerie"),"D","") | AE13: =IF(AND(N13="X",AE$1<>"Trésorerie"),"D","") | AF13: =IF(AND(O13="X",AF$1<>"Trésorerie"),"D","") | AG13: =IF(AND(P13="X",AG$1<>"Trésorerie"),"D","") | AH13: =IF(AND(Q13="X",AH$1<>"Trésorerie"),"D","") | AI13: =IF(AND(R13="X",AI$1<>"Trésorerie"),"D","") | ... AK13: =IF(AND(T13="X",AK$1<>"Trésorerie"),"D","")
A14: 45677 | B14: MICROSOFT | C14: Licences Microsoft 365 | D14: AC009 | E14: 80.2 | F14: Achat licences Office 365 | G14: Fonctionnement | J14: X | K14: X | U14: =IF(ISBLANK(F14),0,1) -> 1 | V14: =IF(F14="","",IF(COUNTIF('Postes comptables'!$A:$C,F14)=0,"Anomalie","")) | W14: =MONTH(A14) -> 1 | X14: =IF(F14="","",MATCH(F14,'Postes comptables'!$C$3:$C$45,0)) -> 7 | Y14: {=IF(X14="","",INDEX('Postes comptables'!$B$3:$B$45,X14,0))} -> 60-07 | Z14: =IF(G14="","",IF(COUNTIF('Postes comptables'!$C$99:$C$148,G14)=0,"Anomalie","")) | AA14: =IF(AND(F14="",A14<>"",COUNTIF(AB14:AK14,"D")=0),TRUE,FALSE) -> FALSE | AB14: =IF(AND(K14="X",AB$1<>"Trésorerie"),"D","") | AC14: =IF(AND(L14="X",AC$1<>"Trésorerie"),"D","") | AD14: =IF(AND(M14="X",AD$1<>"Trésorerie"),"D","") | AE14: =IF(AND(N14="X",AE$1<>"Trésorerie"),"D","") | AF14: =IF(AND(O14="X",AF$1<>"Trésorerie"),"D","") | AG14: =IF(AND(P14="X",AG$1<>"Trésorerie"),"D","") | AH14: =IF(AND(Q14="X",AH$1<>"Trésorerie"),"D","") | AI14: =IF(AND(R14="X",AI$1<>"Trésorerie"),"D","") | ... AK14: =IF(AND(T14="X",AK$1<>"Trésorerie"),"D","")
A15: 45677 | B15: URSSAF | C15: Complément Cotisations 12 | D15: X | E15: 2 | F15: Charges sociales | G15: Fonctionnement | H15: PSEPA | J15: X | K15: X | U15: =IF(ISBLANK(F15),0,1) -> 1 | V15: =IF(F15="","",IF(COUNTIF('Postes comptables'!$A:$C,F15)=0,"Anomalie","")) | W15: =MONTH(A15) -> 1 | X15: =IF(F15="","",MATCH(F15,'Postes comptables'!$C$3:$C$45,0)) -> 29 | Y15: {=IF(X15="","",INDEX('Postes comptables'!$B$3:$B$45,X15,0))} -> 64-02 | Z15: =IF(G15="","",IF(COUNTIF('Postes comptables'!$C$99:$C$148,G15)=0,"Anomalie","")) | AA15: =IF(AND(F15="",A15<>"",COUNTIF(AB15:AK15,"D")=0),TRUE,FALSE) -> FALSE | AB15: =IF(AND(K15="X",AB$1<>"Trésorerie"),"D","") | AC15: =IF(AND(L15="X",AC$1<>"Trésorerie"),"D","") | AD15: =IF(AND(M15="X",AD$1<>"Trésorerie"),"D","") | AE15: =IF(AND(N15="X",AE$1<>"Trésorerie"),"D","") | AF15: =IF(AND(O15="X",AF$1<>"Trésorerie"),"D","") | AG15: =IF(AND(P15="X",AG$1<>"Trésorerie"),"D","") | AH15: =IF(AND(Q15="X",AH$1<>"Trésorerie"),"D","") | AI15: =IF(AND(R15="X",AI$1<>"Trésorerie"),"D","") | ... AK15: =IF(AND(T15="X",AK$1<>"Trésorerie"),"D","")
A16: 45692 | B16: FLUTE DE PAN | C16: Partition Ed Sheeran | D16: AC013 | E16: 91.6 | F16: Achat de partitions | G16: Partitions/Matériel musical | H16: CB | O16: X | U16: =IF(ISBLANK(F16),0,1) -> 1 | V16: =IF(F16="","",IF(COUNTIF('Postes comptables'!$A:$C,F16)=0,"Anomalie","")) | W16: =MONTH(A16) -> 2 | X16: =IF(F16="","",MATCH(F16,'Postes comptables'!$C$3:$C$45,0)) -> 2 | Y16: {=IF(X16="","",INDEX('Postes comptables'!$B$3:$B$45,X16,0))} -> 60-02 | Z16: =IF(G16="","",IF(COUNTIF('Postes comptables'!$C$99:$C$148,G16)=0,"Anomalie","")) | AA16: =IF(AND(F16="",A16<>"",COUNTIF(AB16:AK16,"D")=0),TRUE,FALSE) -> FALSE | AB16: =IF(AND(K16="X",AB$1<>"Trésorerie"),"D","") | AC16: =IF(AND(L16="X",AC$1<>"Trésorerie"),"D","") | AD16: =IF(AND(M16="X",AD$1<>"Trésorerie"),"D","") | AE16: =IF(AND(N16="X",AE$1<>"Trésorerie"),"D","") | AF16: =IF(AND(O16="X",AF$1<>"Trésorerie"),"D","") | AG16: =IF(AND(P16="X",AG$1<>"Trésorerie"),"D","") | AH16: =IF(AND(Q16="X",AH$1<>"Trésorerie"),"D","") | AI16: =IF(AND(R16="X",AI$1<>"Trésorerie"),"D","") | ... AK16: =IF(AND(T16="X",AK$1<>"Trésorerie"),"D","")
A17: 45692 | B17: G.BESSON | C17: Conducteur Banda | D17: AC012 | E17: 21.06 | F17: Achat de partitions | G17: Partitions/Matériel musical | H17: CB | O17: X | U17: =IF(ISBLANK(F17),0,1) -> 1 | V17: =IF(F17="","",IF(COUNTIF('Postes comptables'!$A:$C,F17)=0,"Anomalie","")) | W17: =MONTH(A17) -> 2 | X17: =IF(F17="","",MATCH(F17,'Postes comptables'!$C$3:$C$45,0)) -> 2 | Y17: {=IF(X17="","",INDEX('Postes comptables'!$B$3:$B$45,X17,0))} -> 60-02 | Z17: =IF(G17="","",IF(COUNTIF('Postes comptables'!$C$99:$C$148,G17)=0,"Anomalie","")) | AA17: =IF(AND(F17="",A17<>"",COUNTIF(AB17:AK17,"D")=0),TRUE,FALSE) -> FALSE | AB17: =IF(AND(K17="X",AB$1<>"Trésorerie"),"D","") | AC17: =IF(AND(L17="X",AC$1<>"Trésorerie"),"D","") | AD17: =IF(AND(M17="X",AD$1<>"Trésorerie"),"D","") | AE17: =IF(AND(N17="X",AE$1<>"Trésorerie"),"D","") | AF17: =IF(AND(O17="X",AF$1<>"Trésorerie"),"D","") | AG17: =IF(AND(P17="X",AG$1<>"Trésorerie"),"D","") | AH17: =IF(AND(Q17="X",AH$1<>"Trésorerie"),"D","") | AI17: =IF(AND(R17="X",AI$1<>"Trésorerie"),"D","") | ... AK17: =IF(AND(T17="X",AK$1<>"Trésorerie"),"D","")
A18: 45697 | B18: CREDIT AGRICOLE | C18: Compte service 01 | D18: AC014 | E18: 1.22 | F18: Services bancaires | G18: Fonctionnement | H18: PSEPA | J18: X | K18: X | U18: =IF(ISBLANK(F18),0,1) -> 1 | V18: =IF(F18="","",IF(COUNTIF('Postes comptables'!$A:$C,F18)=0,"Anomalie","")) | W18: =MONTH(A18) -> 2 | X18: =IF(F18="","",MATCH(F18,'Postes comptables'!$C$3:$C$45,0)) -> 22 | Y18: {=IF(X18="","",INDEX('Postes comptables'!$B$3:$B$45,X18,0))} -> 62-08 | Z18: =IF(G18="","",IF(COUNTIF('Postes comptables'!$C$99:$C$148,G18)=0,"Anomalie","")) | AA18: =IF(AND(F18="",A18<>"",COUNTIF(AB18:AK18,"D")=0),TRUE,FALSE) -> FALSE | AB18: =IF(AND(K18="X",AB$1<>"Trésorerie"),"D","") | AC18: =IF(AND(L18="X",AC$1<>"Trésorerie"),"D","") | AD18: =IF(AND(M18="X",AD$1<>"Trésorerie"),"D","") | AE18: =IF(AND(N18="X",AE$1<>"Trésorerie"),"D","") | AF18: =IF(AND(O18="X",AF$1<>"Trésorerie"),"D","") | AG18: =IF(AND(P18="X",AG$1<>"Trésorerie"),"D","") | AH18: =IF(AND(Q18="X",AH$1<>"Trésorerie"),"D","") | AI18: =IF(AND(R18="X",AI$1<>"Trésorerie"),"D","") | ... AK18: =IF(AND(T18="X",AK$1<>"Trésorerie"),"D","")
A19: 45701 | B19: FREE | C19: Mobile 02 | D19: AC014B | E19: 2 | F19: Frais postaux et télécommunications | G19: Fonctionnement | H19: PSEPA | J19: X | K19: x | U19: =IF(ISBLANK(F19),0,1) -> 1 | V19: =IF(F19="","",IF(COUNTIF('Postes comptables'!$A:$C,F19)=0,"Anomalie","")) | W19: =MONTH(A19) -> 2 | X19: =IF(F19="","",MATCH(F19,'Postes comptables'!$C$3:$C$45,0)) -> 21 | Y19: {=IF(X19="","",INDEX('Postes comptables'!$B$3:$B$45,X19,0))} -> 62-07 | Z19: =IF(G19="","",IF(COUNTIF('Postes comptables'!$C$99:$C$148,G19)=0,"Anomalie","")) | AA19: =IF(AND(F19="",A19<>"",COUNTIF(AB19:AK19,"D")=0),TRUE,FALSE) -> FALSE | AB19: =IF(AND(K19="X",AB$1<>"Trésorerie"),"D","") | AC19: =IF(AND(L19="X",AC$1<>"Trésorerie"),"D","") | AD19: =IF(AND(M19="X",AD$1<>"Trésorerie"),"D","") | AE19: =IF(AND(N19="X",AE$1<>"Trésorerie"),"D","") | AF19: =IF(AND(O19="X",AF$1<>"Trésorerie"),"D","") | AG19: =IF(AND(P19="X",AG$1<>"Trésorerie"),"D","") | AH19: =IF(AND(Q19="X",AH$1<>"Trésorerie"),"D","") | AI19: =IF(AND(R19="X",AI$1<>"Trésorerie"),"D","") | ... AK19: =IF(AND(T19="X",AK$1<>"Trésorerie"),"D","")
A20: 45725 | B20: CREDIT AGRICOLE | C20: Compte service 02 | D20: AC016 | E20: 6.09 | F20: Services bancaires | G20: Fonctionnement | H20: PSEPA | J20: X | K20: X | U20: =IF(ISBLANK(F20),0,1) -> 1 | V20: =IF(F20="","",IF(COUNTIF('Postes comptables'!$A:$C,F20)=0,"Anomalie","")) | W20: =MONTH(A20) -> 3 | X20: =IF(F20="","",MATCH(F20,'Postes comptables'!$C$3:$C$45,0)) -> 22 | Y20: {=IF(X20="","",INDEX('Postes comptables'!$B$3:$B$45,X20,0))} -> 62-08 | Z20: =IF(G20="","",IF(COUNTIF('Postes comptables'!$C$99:$C$148,G20)=0,"Anomalie","")) | AA20: =IF(AND(F20="",A20<>"",COUNTIF(AB20:AK20,"D")=0),TRUE,FALSE) -> FALSE | AB20: =IF(AND(K20="X",AB$1<>"Trésorerie"),"D","") | AC20: =IF(AND(L20="X",AC$1<>"Trésorerie"),"D","") | AD20: =IF(AND(M20="X",AD$1<>"Trésorerie"),"D","") | AE20: =IF(AND(N20="X",AE$1<>"Trésorerie"),"D","") | AF20: =IF(AND(O20="X",AF$1<>"Trésorerie"),"D","") | AG20: =IF(AND(P20="X",AG$1<>"Trésorerie"),"D","") | AH20: =IF(AND(Q20="X",AH$1<>"Trésorerie"),"D","") | AI20: =IF(AND(R20="X",AI$1<>"Trésorerie"),"D","") | ... AK20: =IF(AND(T20="X",AK$1<>"Trésorerie"),"D","")
A21: 45729 | B21: FREE | C21: Mobile 03 | D21: AC017 | E21: 2 | F21: Frais postaux et télécommunications | G21: Fonctionnement | H21: PSEPA | J21: X | K21: X | U21: =IF(ISBLANK(F21),0,1) -> 1 | V21: =IF(F21="","",IF(COUNTIF('Postes comptables'!$A:$C,F21)=0,"Anomalie","")) | W21: =MONTH(A21) -> 3 | X21: =IF(F21="","",MATCH(F21,'Postes comptables'!$C$3:$C$45,0)) -> 21 | Y21: {=IF(X21="","",INDEX('Postes comptables'!$B$3:$B$45,X21,0))} -> 62-07 | Z21: =IF(G21="","",IF(COUNTIF('Postes comptables'!$C$99:$C$148,G21)=0,"Anomalie","")) | AA21: =IF(AND(F21="",A21<>"",COUNTIF(AB21:AK21,"D")=0),TRUE,FALSE) -> FALSE | AB21: =IF(AND(K21="X",AB$1<>"Trésorerie"),"D","") | AC21: =IF(AND(L21="X",AC$1<>"Trésorerie"),"D","") | AD21: =IF(AND(M21="X",AD$1<>"Trésorerie"),"D","") | AE21: =IF(AND(N21="X",AE$1<>"Trésorerie"),"D","") | AF21: =IF(AND(O21="X",AF$1<>"Trésorerie"),"D","") | AG21: =IF(AND(P21="X",AG$1<>"Trésorerie"),"D","") | AH21: =IF(AND(Q21="X",AH$1<>"Trésorerie"),"D","") | AI21: =IF(AND(R21="X",AI$1<>"Trésorerie"),"D","") | ... AK21: =IF(AND(T21="X",AK$1<>"Trésorerie"),"D","")
A22: 45734 | B22: NG MUSIQUE | C22: Lampes pupitres | D22: AC015 | E22: 725 | F22: Achat de matériel et accessoires | G22: Fonctionnement | H22: VSEPA | J22: X | K22: X | U22: =IF(ISBLANK(F22),0,1) -> 1 | V22: =IF(F22="","",IF(COUNTIF('Postes comptables'!$A:$C,F22)=0,"Anomalie","")) | W22: =MONTH(A22) -> 3 | X22: =IF(F22="","",MATCH(F22,'Postes comptables'!$C$3:$C$45,0)) -> 3 | Y22: {=IF(X22="","",INDEX('Postes comptables'!$B$3:$B$45,X22,0))} -> 60-03 | Z22: =IF(G22="","",IF(COUNTIF('Postes comptables'!$C$99:$C$148,G22)=0,"Anomalie","")) | AA22: =IF(AND(F22="",A22<>"",COUNTIF(AB22:AK22,"D")=0),TRUE,FALSE) -> FALSE | AB22: =IF(AND(K22="X",AB$1<>"Trésorerie"),"D","") | AC22: =IF(AND(L22="X",AC$1<>"Trésorerie"),"D","") | AD22: =IF(AND(M22="X",AD$1<>"Trésorerie"),"D","") | AE22: =IF(AND(N22="X",AE$1<>"Trésorerie"),"D","") | AF22: =IF(AND(O22="X",AF$1<>"Trésorerie"),"D","") | AG22: =IF(AND(P22="X",AG$1<>"Trésorerie"),"D","") | AH22: =IF(AND(Q22="X",AH$1<>"Trésorerie"),"D","") | AI22: =IF(AND(R22="X",AI$1<>"Trésorerie"),"D","") | ... AK22: =IF(AND(T22="X",AK$1<>"Trésorerie"),"D","")
A23: 45741 | B23: CREDIT AGRICOLE | C23: Rétrocession compte service | D23: AC019 | E23: -4.88 | F23: Services bancaires | G23: Fonctionnement | H23: VSEPA | J23: X | K23: X | U23: =IF(ISBLANK(F23),0,1) -> 1 | V23: =IF(F23="","",IF(COUNTIF('Postes comptables'!$A:$C,F23)=0,"Anomalie","")) | W23: =MONTH(A23) -> 3 | X23: =IF(F23="","",MATCH(F23,'Postes comptables'!$C$3:$C$45,0)) -> 22 | Y23: {=IF(X23="","",INDEX('Postes comptables'!$B$3:$B$45,X23,0))} -> 62-08 | Z23: =IF(G23="","",IF(COUNTIF('Postes comptables'!$C$99:$C$148,G23)=0,"Anomalie","")) | AA23: =IF(AND(F23="",A23<>"",COUNTIF(AB23:AK23,"D")=0),TRUE,FALSE) -> FALSE | AB23: =IF(AND(K23="X",AB$1<>"Trésorerie"),"D","") | AC23: =IF(AND(L23="X",AC$1<>"Trésorerie"),"D","") | AD23: =IF(AND(M23="X",AD$1<>"Trésorerie"),"D","") | AE23: =IF(AND(N23="X",AE$1<>"Trésorerie"),"D","") | AF23: =IF(AND(O23="X",AF$1<>"Trésorerie"),"D","") | AG23: =IF(AND(P23="X",AG$1<>"Trésorerie"),"D","") | AH23: =IF(AND(Q23="X",AH$1<>"Trésorerie"),"D","") | AI23: =IF(AND(R23="X",AI$1<>"Trésorerie"),"D","") | ... AK23: =IF(AND(T23="X",AK$1<>"Trésorerie"),"D","")
A24: 45741 | B24: NG MUSIQUE | C24: Achats peaux | D24: AC021 | E24: 242 | F24: Achat de matériel musical | G24: Fonctionnement | H24: VSEPA | J24: X | K24: X | U24: =IF(ISBLANK(F24),0,1) -> 1 | V24: =IF(F24="","",IF(COUNTIF('Postes comptables'!$A:$C,F24)=0,"Anomalie","")) | W24: =MONTH(A24) -> 3 | X24: =IF(F24="","",MATCH(F24,'Postes comptables'!$C$3:$C$45,0)) -> 1 | Y24: {=IF(X24="","",INDEX('Postes comptables'!$B$3:$B$45,X24,0))} -> 60-01 | Z24: =IF(G24="","",IF(COUNTIF('Postes comptables'!$C$99:$C$148,G24)=0,"Anomalie","")) | AA24: =IF(AND(F24="",A24<>"",COUNTIF(AB24:AK24,"D")=0),TRUE,FALSE) -> FALSE | AB24: =IF(AND(K24="X",AB$1<>"Trésorerie"),"D","") | AC24: =IF(AND(L24="X",AC$1<>"Trésorerie"),"D","") | AD24: =IF(AND(M24="X",AD$1<>"Trésorerie"),"D","") | AE24: =IF(AND(N24="X",AE$1<>"Trésorerie"),"D","") | AF24: =IF(AND(O24="X",AF$1<>"Trésorerie"),"D","") | AG24: =IF(AND(P24="X",AG$1<>"Trésorerie"),"D","") | AH24: =IF(AND(Q24="X",AH$1<>"Trésorerie"),"D","") | AI24: =IF(AND(R24="X",AI$1<>"Trésorerie"),"D","") | ... AK24: =IF(AND(T24="X",AK$1<>"Trésorerie"),"D","")
A25: 45741 | B25: TRESOR PUBLIC | C25: Impôt sur placements | D25: AC020 | E25: 11 | F25: Impôts sur les bénéfices | G25: Fonctionnement | H25: VSEPA | J25: X | K25: X | U25: =IF(ISBLANK(F25),0,1) -> 1 | V25: =IF(F25="","",IF(COUNTIF('Postes comptables'!$A:$C,F25)=0,"Anomalie","")) | W25: =MONTH(A25) -> 3 | X25: =IF(F25="","",MATCH(F25,'Postes comptables'!$C$3:$C$45,0)) -> 41 | Y25: {=IF(X25="","",INDEX('Postes comptables'!$B$3:$B$45,X25,0))} -> 69-01 | Z25: =IF(G25="","",IF(COUNTIF('Postes comptables'!$C$99:$C$148,G25)=0,"Anomalie","")) | AA25: =IF(AND(F25="",A25<>"",COUNTIF(AB25:AK25,"D")=0),TRUE,FALSE) -> FALSE | AB25: =IF(AND(K25="X",AB$1<>"Trésorerie"),"D","") | AC25: =IF(AND(L25="X",AC$1<>"Trésorerie"),"D","") | AD25: =IF(AND(M25="X",AD$1<>"Trésorerie"),"D","") | AE25: =IF(AND(N25="X",AE$1<>"Trésorerie"),"D","") | AF25: =IF(AND(O25="X",AF$1<>"Trésorerie"),"D","") | AG25: =IF(AND(P25="X",AG$1<>"Trésorerie"),"D","") | AH25: =IF(AND(Q25="X",AH$1<>"Trésorerie"),"D","") | AI25: =IF(AND(R25="X",AI$1<>"Trésorerie"),"D","") | ... AK25: =IF(AND(T25="X",AK$1<>"Trésorerie"),"D","")
A26: 45756 | B26: CREDIT AGRICOLE | C26: Compte service 03 | D26: AC018 | E26: 6.09 | F26: Services bancaires | G26: Fonctionnement | H26: PSEPA | J26: X | K26: X | U26: =IF(ISBLANK(F26),0,1) -> 1 | V26: =IF(F26="","",IF(COUNTIF('Postes comptables'!$A:$C,F26)=0,"Anomalie","")) | W26: =MONTH(A26) -> 4 | X26: =IF(F26="","",MATCH(F26,'Postes comptables'!$C$3:$C$45,0)) -> 22 | Y26: {=IF(X26="","",INDEX('Postes comptables'!$B$3:$B$45,X26,0))} -> 62-08 | Z26: =IF(G26="","",IF(COUNTIF('Postes comptables'!$C$99:$C$148,G26)=0,"Anomalie","")) | AA26: =IF(AND(F26="",A26<>"",COUNTIF(AB26:AK26,"D")=0),TRUE,FALSE) -> FALSE | AB26: =IF(AND(K26="X",AB$1<>"Trésorerie"),"D","") | AC26: =IF(AND(L26="X",AC$1<>"Trésorerie"),"D","") | AD26: =IF(AND(M26="X",AD$1<>"Trésorerie"),"D","") | AE26: =IF(AND(N26="X",AE$1<>"Trésorerie"),"D","") | AF26: =IF(AND(O26="X",AF$1<>"Trésorerie"),"D","") | AG26: =IF(AND(P26="X",AG$1<>"Trésorerie"),"D","") | AH26: =IF(AND(Q26="X",AH$1<>"Trésorerie"),"D","") | AI26: =IF(AND(R26="X",AI$1<>"Trésorerie"),"D","") | ... AK26: =IF(AND(T26="X",AK$1<>"Trésorerie"),"D","")
A27: 45763 | B27: FREE | C27: Mobile 04 | D27: AC023 | E27: 2 | F27: Frais postaux et télécommunications | G27: Fonctionnement | H27: PSEPA | J27: X | K27: x | U27: =IF(ISBLANK(F27),0,1) -> 1 | V27: =IF(F27="","",IF(COUNTIF('Postes comptables'!$A:$C,F27)=0,"Anomalie","")) | W27: =MONTH(A27) -> 4 | X27: =IF(F27="","",MATCH(F27,'Postes comptables'!$C$3:$C$45,0)) -> 21 | Y27: {=IF(X27="","",INDEX('Postes comptables'!$B$3:$B$45,X27,0))} -> 62-07 | Z27: =IF(G27="","",IF(COUNTIF('Postes comptables'!$C$99:$C$148,G27)=0,"Anomalie","")) | AA27: =IF(AND(F27="",A27<>"",COUNTIF(AB27:AK27,"D")=0),TRUE,FALSE) -> FALSE | AB27: =IF(AND(K27="X",AB$1<>"Trésorerie"),"D","") | AC27: =IF(AND(L27="X",AC$1<>"Trésorerie"),"D","") | AD27: =IF(AND(M27="X",AD$1<>"Trésorerie"),"D","") | AE27: =IF(AND(N27="X",AE$1<>"Trésorerie"),"D","") | AF27: =IF(AND(O27="X",AF$1<>"Trésorerie"),"D","") | AG27: =IF(AND(P27="X",AG$1<>"Trésorerie"),"D","") | AH27: =IF(AND(Q27="X",AH$1<>"Trésorerie"),"D","") | AI27: =IF(AND(R27="X",AI$1<>"Trésorerie"),"D","") | ... AK27: =IF(AND(T27="X",AK$1<>"Trésorerie"),"D","")
A28: 45769 | B28: CREDIT AGRICOLE | C28: Rétrocession compte service | D28: AC025 | E28: -4.8 | F28: Services bancaires | G28: Fonctionnement | H28: VSEPA | J28: X | K28: X | U28: =IF(ISBLANK(F28),0,1) -> 1 | V28: =IF(F28="","",IF(COUNTIF('Postes comptables'!$A:$C,F28)=0,"Anomalie","")) | W28: =MONTH(A28) -> 4 | X28: =IF(F28="","",MATCH(F28,'Postes comptables'!$C$3:$C$45,0)) -> 22 | Y28: {=IF(X28="","",INDEX('Postes comptables'!$B$3:$B$45,X28,0))} -> 62-08 | Z28: =IF(G28="","",IF(COUNTIF('Postes comptables'!$C$99:$C$148,G28)=0,"Anomalie","")) | AA28: =IF(AND(F28="",A28<>"",COUNTIF(AB28:AK28,"D")=0),TRUE,FALSE) -> FALSE | AB28: =IF(AND(K28="X",AB$1<>"Trésorerie"),"D","") | AC28: =IF(AND(L28="X",AC$1<>"Trésorerie"),"D","") | AD28: =IF(AND(M28="X",AD$1<>"Trésorerie"),"D","") | AE28: =IF(AND(N28="X",AE$1<>"Trésorerie"),"D","") | AF28: =IF(AND(O28="X",AF$1<>"Trésorerie"),"D","") | AG28: =IF(AND(P28="X",AG$1<>"Trésorerie"),"D","") | AH28: =IF(AND(Q28="X",AH$1<>"Trésorerie"),"D","") | AI28: =IF(AND(R28="X",AI$1<>"Trésorerie"),"D","") | ... AK28: =IF(AND(T28="X",AK$1<>"Trésorerie"),"D","")
A29: 45771 | B29: O2SWITCH | C29: Renouvellement site h3c | D29: AC022 | E29: 100.8 | F29: Domaine h3c-reims.fr | G29: Fonctionnement | H29: VSEPA | J29: X | K29: X | U29: =IF(ISBLANK(F29),0,1) -> 1 | V29: =IF(F29="","",IF(COUNTIF('Postes comptables'!$A:$C,F29)=0,"Anomalie","")) | W29: =MONTH(A29) -> 4 | X29: =IF(F29="","",MATCH(F29,'Postes comptables'!$C$3:$C$45,0)) -> 13 | Y29: {=IF(X29="","",INDEX('Postes comptables'!$B$3:$B$45,X29,0))} -> 61-06 | Z29: =IF(G29="","",IF(COUNTIF('Postes comptables'!$C$99:$C$148,G29)=0,"Anomalie","")) | AA29: =IF(AND(F29="",A29<>"",COUNTIF(AB29:AK29,"D")=0),TRUE,FALSE) -> FALSE | AB29: =IF(AND(K29="X",AB$1<>"Trésorerie"),"D","") | AC29: =IF(AND(L29="X",AC$1<>"Trésorerie"),"D","") | AD29: =IF(AND(M29="X",AD$1<>"Trésorerie"),"D","") | AE29: =IF(AND(N29="X",AE$1<>"Trésorerie"),"D","") | AF29: =IF(AND(O29="X",AF$1<>"Trésorerie"),"D","") | AG29: =IF(AND(P29="X",AG$1<>"Trésorerie"),"D","") | AH29: =IF(AND(Q29="X",AH$1<>"Trésorerie"),"D","") | AI29: =IF(AND(R29="X",AI$1<>"Trésorerie"),"D","") | ... AK29: =IF(AND(T29="X",AK$1<>"Trésorerie"),"D","")
... A31: 45786 | B31: CREDIT AGRICOLE | C31: Compte service 04 | D31: AC026 | E31: 1.22 | F31: Services bancaires | G31: Fonctionnement | H31: PSEPA | J31: X | K31: X | U31: =IF(ISBLANK(F31),0,1) -> 1 | V31: =IF(F31="","",IF(COUNTIF('Postes comptables'!$A:$C,F31)=0,"Anomalie","")) | W31: =MONTH(A31) -> 5 | X31: =IF(F31="","",MATCH(F31,'Postes comptables'!$C$3:$C$45,0)) -> 22 | Y31: {=IF(X31="","",INDEX('Postes comptables'!$B$3:$B$45,X31,0))} -> 62-08 | Z31: =IF(G31="","",IF(COUNTIF('Postes comptables'!$C$99:$C$148,G31)=0,"Anomalie","")) | AA31: =IF(AND(F31="",A31<>"",COUNTIF(AB31:AK31,"D")=0),TRUE,FALSE) -> FALSE | AB31: =IF(AND(K31="X",AB$1<>"Trésorerie"),"D","") | AC31: =IF(AND(L31="X",AC$1<>"Trésorerie"),"D","") | AD31: =IF(AND(M31="X",AD$1<>"Trésorerie"),"D","") | AE31: =IF(AND(N31="X",AE$1<>"Trésorerie"),"D","") | AF31: =IF(AND(O31="X",AF$1<>"Trésorerie"),"D","") | AG31: =IF(AND(P31="X",AG$1<>"Trésorerie"),"D","") | AH31: =IF(AND(Q31="X",AH$1<>"Trésorerie"),"D","") | AI31: =IF(AND(R31="X",AI$1<>"Trésorerie"),"D","") | ... AK31: =IF(AND(T31="X",AK$1<>"Trésorerie"),"D","")
A32: 45788 | B32: SUMUP | C32: Lecteur cartes | D32: AC028 | E32: 82.8 | F32: Achat de matériel et accessoires | G32: Fonctionnement | H32: CB | O32: X | U32: =IF(ISBLANK(F32),0,1) -> 1 | V32: =IF(F32="","",IF(COUNTIF('Postes comptables'!$A:$C,F32)=0,"Anomalie","")) | W32: =MONTH(A32) -> 5 | X32: =IF(F32="","",MATCH(F32,'Postes comptables'!$C$3:$C$45,0)) -> 3 | Y32: {=IF(X32="","",INDEX('Postes comptables'!$B$3:$B$45,X32,0))} -> 60-03 | Z32: =IF(G32="","",IF(COUNTIF('Postes comptables'!$C$99:$C$148,G32)=0,"Anomalie","")) | AA32: =IF(AND(F32="",A32<>"",COUNTIF(AB32:AK32,"D")=0),TRUE,FALSE) -> FALSE | AB32: =IF(AND(K32="X",AB$1<>"Trésorerie"),"D","") | AC32: =IF(AND(L32="X",AC$1<>"Trésorerie"),"D","") | AD32: =IF(AND(M32="X",AD$1<>"Trésorerie"),"D","") | AE32: =IF(AND(N32="X",AE$1<>"Trésorerie"),"D","") | AF32: =IF(AND(O32="X",AF$1<>"Trésorerie"),"D","") | AG32: =IF(AND(P32="X",AG$1<>"Trésorerie"),"D","") | AH32: =IF(AND(Q32="X",AH$1<>"Trésorerie"),"D","") | AI32: =IF(AND(R32="X",AI$1<>"Trésorerie"),"D","") | ... AK32: =IF(AND(T32="X",AK$1<>"Trésorerie"),"D","")
A33: 45790 | B33: E.LECLERC | C33: Location camion concert | D33: AC027 | E33: 64 | F33: Locations | G33: Autres concerts | H33: VSEPA | J33: X | K33: X | U33: =IF(ISBLANK(F33),0,1) -> 1 | V33: =IF(F33="","",IF(COUNTIF('Postes comptables'!$A:$C,F33)=0,"Anomalie","")) | W33: =MONTH(A33) -> 5 | X33: =IF(F33="","",MATCH(F33,'Postes comptables'!$C$3:$C$45,0)) -> 8 | Y33: {=IF(X33="","",INDEX('Postes comptables'!$B$3:$B$45,X33,0))} -> 61-01 | Z33: =IF(G33="","",IF(COUNTIF('Postes comptables'!$C$99:$C$148,G33)=0,"Anomalie","")) | AA33: =IF(AND(F33="",A33<>"",COUNTIF(AB33:AK33,"D")=0),TRUE,FALSE) -> FALSE | AB33: =IF(AND(K33="X",AB$1<>"Trésorerie"),"D","") | AC33: =IF(AND(L33="X",AC$1<>"Trésorerie"),"D","") | AD33: =IF(AND(M33="X",AD$1<>"Trésorerie"),"D","") | AE33: =IF(AND(N33="X",AE$1<>"Trésorerie"),"D","") | AF33: =IF(AND(O33="X",AF$1<>"Trésorerie"),"D","") | AG33: =IF(AND(P33="X",AG$1<>"Trésorerie"),"D","") | AH33: =IF(AND(Q33="X",AH$1<>"Trésorerie"),"D","") | AI33: =IF(AND(R33="X",AI$1<>"Trésorerie"),"D","") | ... AK33: =IF(AND(T33="X",AK$1<>"Trésorerie"),"D","")
A34: 45791 | B34: FREE | C34: Mobile 05 | D34: AC029 | E34: 2 | F34: Frais postaux et télécommunications | G34: Fonctionnement | H34: PSEPA | J34: X | K34: X | U34: =IF(ISBLANK(F34),0,1) -> 1 | V34: =IF(F34="","",IF(COUNTIF('Postes comptables'!$A:$C,F34)=0,"Anomalie","")) | W34: =MONTH(A34) -> 5 | X34: =IF(F34="","",MATCH(F34,'Postes comptables'!$C$3:$C$45,0)) -> 21 | Y34: {=IF(X34="","",INDEX('Postes comptables'!$B$3:$B$45,X34,0))} -> 62-07 | Z34: =IF(G34="","",IF(COUNTIF('Postes comptables'!$C$99:$C$148,G34)=0,"Anomalie","")) | AA34: =IF(AND(F34="",A34<>"",COUNTIF(AB34:AK34,"D")=0),TRUE,FALSE) -> FALSE | AB34: =IF(AND(K34="X",AB$1<>"Trésorerie"),"D","") | AC34: =IF(AND(L34="X",AC$1<>"Trésorerie"),"D","") | AD34: =IF(AND(M34="X",AD$1<>"Trésorerie"),"D","") | AE34: =IF(AND(N34="X",AE$1<>"Trésorerie"),"D","") | AF34: =IF(AND(O34="X",AF$1<>"Trésorerie"),"D","") | AG34: =IF(AND(P34="X",AG$1<>"Trésorerie"),"D","") | AH34: =IF(AND(Q34="X",AH$1<>"Trésorerie"),"D","") | AI34: =IF(AND(R34="X",AI$1<>"Trésorerie"),"D","") | ... AK34: =IF(AND(T34="X",AK$1<>"Trésorerie"),"D","")
A35: 45794 | B35: SUMUP | C35: Frais/encaissement don | D35: AC039 | E35: 0.02 | F35: Services bancaires | G35: Fonctionnement | H35: CB | O35: X | U35: =IF(ISBLANK(F35),0,1) -> 1 | V35: =IF(F35="","",IF(COUNTIF('Postes comptables'!$A:$C,F35)=0,"Anomalie","")) | W35: =MONTH(A35) -> 5 | X35: =IF(F35="","",MATCH(F35,'Postes comptables'!$C$3:$C$45,0)) -> 22 | Y35: {=IF(X35="","",INDEX('Postes comptables'!$B$3:$B$45,X35,0))} -> 62-08 | Z35: =IF(G35="","",IF(COUNTIF('Postes comptables'!$C$99:$C$148,G35)=0,"Anomalie","")) | AA35: =IF(AND(F35="",A35<>"",COUNTIF(AB35:AK35,"D")=0),TRUE,FALSE) -> FALSE | AB35: =IF(AND(K35="X",AB$1<>"Trésorerie"),"D","") | AC35: =IF(AND(L35="X",AC$1<>"Trésorerie"),"D","") | AD35: =IF(AND(M35="X",AD$1<>"Trésorerie"),"D","") | AE35: =IF(AND(N35="X",AE$1<>"Trésorerie"),"D","") | AF35: =IF(AND(O35="X",AF$1<>"Trésorerie"),"D","") | AG35: =IF(AND(P35="X",AG$1<>"Trésorerie"),"D","") | AH35: =IF(AND(Q35="X",AH$1<>"Trésorerie"),"D","") | AI35: =IF(AND(R35="X",AI$1<>"Trésorerie"),"D","") | ... AK35: =IF(AND(T35="X",AK$1<>"Trésorerie"),"D","")
A36: 45805 | B36: REIMS PUB | C36: Roll'Up | D36: AC030 | E36: 156 | F36: Achat de matériel et accessoires | G36: Fonctionnement | H36: VSEPA | J36: X | K36: X | U36: =IF(ISBLANK(F36),0,1) -> 1 | V36: =IF(F36="","",IF(COUNTIF('Postes comptables'!$A:$C,F36)=0,"Anomalie","")) | W36: =MONTH(A36) -> 5 | X36: =IF(F36="","",MATCH(F36,'Postes comptables'!$C$3:$C$45,0)) -> 3 | Y36: {=IF(X36="","",INDEX('Postes comptables'!$B$3:$B$45,X36,0))} -> 60-03 | Z36: =IF(G36="","",IF(COUNTIF('Postes comptables'!$C$99:$C$148,G36)=0,"Anomalie","")) | AA36: =IF(AND(F36="",A36<>"",COUNTIF(AB36:AK36,"D")=0),TRUE,FALSE) -> FALSE | AB36: =IF(AND(K36="X",AB$1<>"Trésorerie"),"D","") | AC36: =IF(AND(L36="X",AC$1<>"Trésorerie"),"D","") | AD36: =IF(AND(M36="X",AD$1<>"Trésorerie"),"D","") | AE36: =IF(AND(N36="X",AE$1<>"Trésorerie"),"D","") | AF36: =IF(AND(O36="X",AF$1<>"Trésorerie"),"D","") | AG36: =IF(AND(P36="X",AG$1<>"Trésorerie"),"D","") | AH36: =IF(AND(Q36="X",AH$1<>"Trésorerie"),"D","") | AI36: =IF(AND(R36="X",AI$1<>"Trésorerie"),"D","") | ... AK36: =IF(AND(T36="X",AK$1<>"Trésorerie"),"D","")
A37: 45812 | B37: SUMUP | C37: Frais/encaissement don | D37: AC040 | E37: 0.18 | F37: Services bancaires | G37: Autres concerts | H37: CB | O37: X | U37: =IF(ISBLANK(F37),0,1) -> 1 | V37: =IF(F37="","",IF(COUNTIF('Postes comptables'!$A:$C,F37)=0,"Anomalie","")) | W37: =MONTH(A37) -> 6 | X37: =IF(F37="","",MATCH(F37,'Postes comptables'!$C$3:$C$45,0)) -> 22 | Y37: {=IF(X37="","",INDEX('Postes comptables'!$B$3:$B$45,X37,0))} -> 62-08 | Z37: =IF(G37="","",IF(COUNTIF('Postes comptables'!$C$99:$C$148,G37)=0,"Anomalie","")) | AA37: =IF(AND(F37="",A37<>"",COUNTIF(AB37:AK37,"D")=0),TRUE,FALSE) -> FALSE | AB37: =IF(AND(K37="X",AB$1<>"Trésorerie"),"D","") | AC37: =IF(AND(L37="X",AC$1<>"Trésorerie"),"D","") | AD37: =IF(AND(M37="X",AD$1<>"Trésorerie"),"D","") | AE37: =IF(AND(N37="X",AE$1<>"Trésorerie"),"D","") | AF37: =IF(AND(O37="X",AF$1<>"Trésorerie"),"D","") | AG37: =IF(AND(P37="X",AG$1<>"Trésorerie"),"D","") | AH37: =IF(AND(Q37="X",AH$1<>"Trésorerie"),"D","") | AI37: =IF(AND(R37="X",AI$1<>"Trésorerie"),"D","") | ... AK37: =IF(AND(T37="X",AK$1<>"Trésorerie"),"D","")
A38: 45818 | B38: CREDIT AGRICOLE | C38: Compte service 05 | D38: AC033 | E38: 1.22 | F38: Services bancaires | G38: Fonctionnement | H38: PSEPA | J38: X | K38: X | U38: =IF(ISBLANK(F38),0,1) -> 1 | V38: =IF(F38="","",IF(COUNTIF('Postes comptables'!$A:$C,F38)=0,"Anomalie","")) | W38: =MONTH(A38) -> 6 | X38: =IF(F38="","",MATCH(F38,'Postes comptables'!$C$3:$C$45,0)) -> 22 | Y38: {=IF(X38="","",INDEX('Postes comptables'!$B$3:$B$45,X38,0))} -> 62-08 | Z38: =IF(G38="","",IF(COUNTIF('Postes comptables'!$C$99:$C$148,G38)=0,"Anomalie","")) | AA38: =IF(AND(F38="",A38<>"",COUNTIF(AB38:AK38,"D")=0),TRUE,FALSE) -> FALSE | AB38: =IF(AND(K38="X",AB$1<>"Trésorerie"),"D","") | AC38: =IF(AND(L38="X",AC$1<>"Trésorerie"),"D","") | AD38: =IF(AND(M38="X",AD$1<>"Trésorerie"),"D","") | AE38: =IF(AND(N38="X",AE$1<>"Trésorerie"),"D","") | AF38: =IF(AND(O38="X",AF$1<>"Trésorerie"),"D","") | AG38: =IF(AND(P38="X",AG$1<>"Trésorerie"),"D","") | AH38: =IF(AND(Q38="X",AH$1<>"Trésorerie"),"D","") | AI38: =IF(AND(R38="X",AI$1<>"Trésorerie"),"D","") | ... AK38: =IF(AND(T38="X",AK$1<>"Trésorerie"),"D","")
A39: 45820 | B39: CARREFOUR | C39: Achats cryptoportique | D39: AC031 | E39: 26 | F39: Frais réception concerts | G39: Autres concerts | H39: VSEPA | J39: X | K39: X | U39: =IF(ISBLANK(F39),0,1) -> 1 | V39: =IF(F39="","",IF(COUNTIF('Postes comptables'!$A:$C,F39)=0,"Anomalie","")) | W39: =MONTH(A39) -> 6 | X39: =IF(F39="","",MATCH(F39,'Postes comptables'!$C$3:$C$45,0)) -> 18 | Y39: {=IF(X39="","",INDEX('Postes comptables'!$B$3:$B$45,X39,0))} -> 62-04 | Z39: =IF(G39="","",IF(COUNTIF('Postes comptables'!$C$99:$C$148,G39)=0,"Anomalie","")) | AA39: =IF(AND(F39="",A39<>"",COUNTIF(AB39:AK39,"D")=0),TRUE,FALSE) -> FALSE | AB39: =IF(AND(K39="X",AB$1<>"Trésorerie"),"D","") | AC39: =IF(AND(L39="X",AC$1<>"Trésorerie"),"D","") | AD39: =IF(AND(M39="X",AD$1<>"Trésorerie"),"D","") | AE39: =IF(AND(N39="X",AE$1<>"Trésorerie"),"D","") | AF39: =IF(AND(O39="X",AF$1<>"Trésorerie"),"D","") | AG39: =IF(AND(P39="X",AG$1<>"Trésorerie"),"D","") | AH39: =IF(AND(Q39="X",AH$1<>"Trésorerie"),"D","") | AI39: =IF(AND(R39="X",AI$1<>"Trésorerie"),"D","") | ... AK39: =IF(AND(T39="X",AK$1<>"Trésorerie"),"D","")
A40: 45820 | B40: FREE | C40: Mobile 06 | D40: AC032 | E40: 2 | F40: Frais postaux et télécommunications | G40: Fonctionnement | H40: PSEPA | J40: X | K40: X | U40: =IF(ISBLANK(F40),0,1) -> 1 | V40: =IF(F40="","",IF(COUNTIF('Postes comptables'!$A:$C,F40)=0,"Anomalie","")) | W40: =MONTH(A40) -> 6 | X40: =IF(F40="","",MATCH(F40,'Postes comptables'!$C$3:$C$45,0)) -> 21 | Y40: {=IF(X40="","",INDEX('Postes comptables'!$B$3:$B$45,X40,0))} -> 62-07 | Z40: =IF(G40="","",IF(COUNTIF('Postes comptables'!$C$99:$C$148,G40)=0,"Anomalie","")) | AA40: =IF(AND(F40="",A40<>"",COUNTIF(AB40:AK40,"D")=0),TRUE,FALSE) -> FALSE | AB40: =IF(AND(K40="X",AB$1<>"Trésorerie"),"D","") | AC40: =IF(AND(L40="X",AC$1<>"Trésorerie"),"D","") | AD40: =IF(AND(M40="X",AD$1<>"Trésorerie"),"D","") | AE40: =IF(AND(N40="X",AE$1<>"Trésorerie"),"D","") | AF40: =IF(AND(O40="X",AF$1<>"Trésorerie"),"D","") | AG40: =IF(AND(P40="X",AG$1<>"Trésorerie"),"D","") | AH40: =IF(AND(Q40="X",AH$1<>"Trésorerie"),"D","") | AI40: =IF(AND(R40="X",AI$1<>"Trésorerie"),"D","") | ... AK40: =IF(AND(T40="X",AK$1<>"Trésorerie"),"D","")
A41: 45824 | B41: FLORA DEBOUT | C41: 6 bouteilles pot Crypto | D41: AC034 | E41: 111 | F41: Frais réception concerts | G41: Autres concerts | H41: VSEPA | J41: X | K41: x | U41: =IF(ISBLANK(F41),0,1) -> 1 | V41: =IF(F41="","",IF(COUNTIF('Postes comptables'!$A:$C,F41)=0,"Anomalie","")) | W41: =MONTH(A41) -> 6 | X41: =IF(F41="","",MATCH(F41,'Postes comptables'!$C$3:$C$45,0)) -> 18 | Y41: {=IF(X41="","",INDEX('Postes comptables'!$B$3:$B$45,X41,0))} -> 62-04 | Z41: =IF(G41="","",IF(COUNTIF('Postes comptables'!$C$99:$C$148,G41)=0,"Anomalie","")) | AA41: =IF(AND(F41="",A41<>"",COUNTIF(AB41:AK41,"D")=0),TRUE,FALSE) -> FALSE | AB41: =IF(AND(K41="X",AB$1<>"Trésorerie"),"D","") | AC41: =IF(AND(L41="X",AC$1<>"Trésorerie"),"D","") | AD41: =IF(AND(M41="X",AD$1<>"Trésorerie"),"D","") | AE41: =IF(AND(N41="X",AE$1<>"Trésorerie"),"D","") | AF41: =IF(AND(O41="X",AF$1<>"Trésorerie"),"D","") | AG41: =IF(AND(P41="X",AG$1<>"Trésorerie"),"D","") | AH41: =IF(AND(Q41="X",AH$1<>"Trésorerie"),"D","") | AI41: =IF(AND(R41="X",AI$1<>"Trésorerie"),"D","") | ... AK41: =IF(AND(T41="X",AK$1<>"Trésorerie"),"D","")
A42: 45825 | B42: ATM GROUPE | C42: Sécurité Concert Crypto | D42: AC035 | E42: 223.58 | F42: Sécurité concerts | G42: Autres concerts | H42: VSEPA | J42: X | K42: X | U42: =IF(ISBLANK(F42),0,1) -> 1 | V42: =IF(F42="","",IF(COUNTIF('Postes comptables'!$A:$C,F42)=0,"Anomalie","")) | W42: =MONTH(A42) -> 6 | X42: =IF(F42="","",MATCH(F42,'Postes comptables'!$C$3:$C$45,0)) -> 11 | Y42: {=IF(X42="","",INDEX('Postes comptables'!$B$3:$B$45,X42,0))} -> 61-04 | Z42: =IF(G42="","",IF(COUNTIF('Postes comptables'!$C$99:$C$148,G42)=0,"Anomalie","")) | AA42: =IF(AND(F42="",A42<>"",COUNTIF(AB42:AK42,"D")=0),TRUE,FALSE) -> FALSE | AB42: =IF(AND(K42="X",AB$1<>"Trésorerie"),"D","") | AC42: =IF(AND(L42="X",AC$1<>"Trésorerie"),"D","") | AD42: =IF(AND(M42="X",AD$1<>"Trésorerie"),"D","") | AE42: =IF(AND(N42="X",AE$1<>"Trésorerie"),"D","") | AF42: =IF(AND(O42="X",AF$1<>"Trésorerie"),"D","") | AG42: =IF(AND(P42="X",AG$1<>"Trésorerie"),"D","") | AH42: =IF(AND(Q42="X",AH$1<>"Trésorerie"),"D","") | AI42: =IF(AND(R42="X",AI$1<>"Trésorerie"),"D","") | ... AK42: =IF(AND(T42="X",AK$1<>"Trésorerie"),"D","")
A43: 45825 | B43: E.LECLERC | C43: Essence camion concert | D43: AC037 | E43: 8.39 | F43: Fournitures énergie | G43: Autres concerts | H43: VSEPA | J43: X | K43: X | U43: =IF(ISBLANK(F43),0,1) -> 1 | V43: =IF(F43="","",IF(COUNTIF('Postes comptables'!$A:$C,F43)=0,"Anomalie","")) | W43: =MONTH(A43) -> 6 | X43: =IF(F43="","",MATCH(F43,'Postes comptables'!$C$3:$C$45,0)) -> 4 | Y43: {=IF(X43="","",INDEX('Postes comptables'!$B$3:$B$45,X43,0))} -> 60-04 | Z43: =IF(G43="","",IF(COUNTIF('Postes comptables'!$C$99:$C$148,G43)=0,"Anomalie","")) | AA43: =IF(AND(F43="",A43<>"",COUNTIF(AB43:AK43,"D")=0),TRUE,FALSE) -> FALSE | AB43: =IF(AND(K43="X",AB$1<>"Trésorerie"),"D","") | AC43: =IF(AND(L43="X",AC$1<>"Trésorerie"),"D","") | AD43: =IF(AND(M43="X",AD$1<>"Trésorerie"),"D","") | AE43: =IF(AND(N43="X",AE$1<>"Trésorerie"),"D","") | AF43: =IF(AND(O43="X",AF$1<>"Trésorerie"),"D","") | AG43: =IF(AND(P43="X",AG$1<>"Trésorerie"),"D","") | AH43: =IF(AND(Q43="X",AH$1<>"Trésorerie"),"D","") | AI43: =IF(AND(R43="X",AI$1<>"Trésorerie"),"D","") | ... AK43: =IF(AND(T43="X",AK$1<>"Trésorerie"),"D","")
A44: 45825 | B44: E.LECLERC | C44: Location camion concert | D44: AC036 | E44: 54 | F44: Locations | G44: Autres concerts | H44: VSEPA | J44: X | K44: X | U44: =IF(ISBLANK(F44),0,1) -> 1 | V44: =IF(F44="","",IF(COUNTIF('Postes comptables'!$A:$C,F44)=0,"Anomalie","")) | W44: =MONTH(A44) -> 6 | X44: =IF(F44="","",MATCH(F44,'Postes comptables'!$C$3:$C$45,0)) -> 8 | Y44: {=IF(X44="","",INDEX('Postes comptables'!$B$3:$B$45,X44,0))} -> 61-01 | Z44: =IF(G44="","",IF(COUNTIF('Postes comptables'!$C$99:$C$148,G44)=0,"Anomalie","")) | AA44: =IF(AND(F44="",A44<>"",COUNTIF(AB44:AK44,"D")=0),TRUE,FALSE) -> FALSE | AB44: =IF(AND(K44="X",AB$1<>"Trésorerie"),"D","") | AC44: =IF(AND(L44="X",AC$1<>"Trésorerie"),"D","") | AD44: =IF(AND(M44="X",AD$1<>"Trésorerie"),"D","") | AE44: =IF(AND(N44="X",AE$1<>"Trésorerie"),"D","") | AF44: =IF(AND(O44="X",AF$1<>"Trésorerie"),"D","") | AG44: =IF(AND(P44="X",AG$1<>"Trésorerie"),"D","") | AH44: =IF(AND(Q44="X",AH$1<>"Trésorerie"),"D","") | AI44: =IF(AND(R44="X",AI$1<>"Trésorerie"),"D","") | ... AK44: =IF(AND(T44="X",AK$1<>"Trésorerie"),"D","")
A45: 45826 | B45: SHEET MUSIC | C45: Partition Encanto | D45: AC038 | E45: 84.92 | F45: Achat de partitions | G45: Partitions/Matériel musical | H45: CB | O45: X | U45: =IF(ISBLANK(F45),0,1) -> 1 | V45: =IF(F45="","",IF(COUNTIF('Postes comptables'!$A:$C,F45)=0,"Anomalie","")) | W45: =MONTH(A45) -> 6 | X45: =IF(F45="","",MATCH(F45,'Postes comptables'!$C$3:$C$45,0)) -> 2 | Y45: {=IF(X45="","",INDEX('Postes comptables'!$B$3:$B$45,X45,0))} -> 60-02 | Z45: =IF(G45="","",IF(COUNTIF('Postes comptables'!$C$99:$C$148,G45)=0,"Anomalie","")) | AA45: =IF(AND(F45="",A45<>"",COUNTIF(AB45:AK45,"D")=0),TRUE,FALSE) -> FALSE | AB45: =IF(AND(K45="X",AB$1<>"Trésorerie"),"D","") | AC45: =IF(AND(L45="X",AC$1<>"Trésorerie"),"D","") | AD45: =IF(AND(M45="X",AD$1<>"Trésorerie"),"D","") | AE45: =IF(AND(N45="X",AE$1<>"Trésorerie"),"D","") | AF45: =IF(AND(O45="X",AF$1<>"Trésorerie"),"D","") | AG45: =IF(AND(P45="X",AG$1<>"Trésorerie"),"D","") | AH45: =IF(AND(Q45="X",AH$1<>"Trésorerie"),"D","") | AI45: =IF(AND(R45="X",AI$1<>"Trésorerie"),"D","") | ... AK45: =IF(AND(T45="X",AK$1<>"Trésorerie"),"D","")
A46: 45838 | B46: BUREAU VALLEE | C46: Papier + cartouches | D46: AC041 | E46: 102.96 | F46: Fournitures de bureau, de reprographie | G46: Partitions/Matériel musical | H46: VSEPA | J46: X | K46: X | U46: =IF(ISBLANK(F46),0,1) -> 1 | V46: =IF(F46="","",IF(COUNTIF('Postes comptables'!$A:$C,F46)=0,"Anomalie","")) | W46: =MONTH(A46) -> 6 | X46: =IF(F46="","",MATCH(F46,'Postes comptables'!$C$3:$C$45,0)) -> 6 | Y46: {=IF(X46="","",INDEX('Postes comptables'!$B$3:$B$45,X46,0))} -> 60-06 | Z46: =IF(G46="","",IF(COUNTIF('Postes comptables'!$C$99:$C$148,G46)=0,"Anomalie","")) | AA46: =IF(AND(F46="",A46<>"",COUNTIF(AB46:AK46,"D")=0),TRUE,FALSE) -> FALSE | AB46: =IF(AND(K46="X",AB$1<>"Trésorerie"),"D","") | AC46: =IF(AND(L46="X",AC$1<>"Trésorerie"),"D","") | AD46: =IF(AND(M46="X",AD$1<>"Trésorerie"),"D","") | AE46: =IF(AND(N46="X",AE$1<>"Trésorerie"),"D","") | AF46: =IF(AND(O46="X",AF$1<>"Trésorerie"),"D","") | AG46: =IF(AND(P46="X",AG$1<>"Trésorerie"),"D","") | AH46: =IF(AND(Q46="X",AH$1<>"Trésorerie"),"D","") | AI46: =IF(AND(R46="X",AI$1<>"Trésorerie"),"D","") | ... AK46: =IF(AND(T46="X",AK$1<>"Trésorerie"),"D","")
A47: 45847 | B47: CREDIT AGRICOLE | C47: Compte service 06 | D47: AC042 | E47: 1.22 | F47: Services bancaires | G47: Fonctionnement | H47: PSEPA | J47: X | K47: X | U47: =IF(ISBLANK(F47),0,1) -> 1 | V47: =IF(F47="","",IF(COUNTIF('Postes comptables'!$A:$C,F47)=0,"Anomalie","")) | W47: =MONTH(A47) -> 7 | X47: =IF(F47="","",MATCH(F47,'Postes comptables'!$C$3:$C$45,0)) -> 22 | Y47: {=IF(X47="","",INDEX('Postes comptables'!$B$3:$B$45,X47,0))} -> 62-08 | Z47: =IF(G47="","",IF(COUNTIF('Postes comptables'!$C$99:$C$148,G47)=0,"Anomalie","")) | AA47: =IF(AND(F47="",A47<>"",COUNTIF(AB47:AK47,"D")=0),TRUE,FALSE) -> FALSE | AB47: =IF(AND(K47="X",AB$1<>"Trésorerie"),"D","") | AC47: =IF(AND(L47="X",AC$1<>"Trésorerie"),"D","") | AD47: =IF(AND(M47="X",AD$1<>"Trésorerie"),"D","") | AE47: =IF(AND(N47="X",AE$1<>"Trésorerie"),"D","") | AF47: =IF(AND(O47="X",AF$1<>"Trésorerie"),"D","") | AG47: =IF(AND(P47="X",AG$1<>"Trésorerie"),"D","") | AH47: =IF(AND(Q47="X",AH$1<>"Trésorerie"),"D","") | AI47: =IF(AND(R47="X",AI$1<>"Trésorerie"),"D","") | ... AK47: =IF(AND(T47="X",AK$1<>"Trésorerie"),"D","")
A48: 45855 | B48: FREE | C48: Mobile 07 | D48: AC044 | E48: 2 | F48: Frais postaux et télécommunications | G48: Fonctionnement | H48: PSEPA | J48: X | K48: X | U48: =IF(ISBLANK(F48),0,1) -> 1 | V48: =IF(F48="","",IF(COUNTIF('Postes comptables'!$A:$C,F48)=0,"Anomalie","")) | W48: =MONTH(A48) -> 7 | X48: =IF(F48="","",MATCH(F48,'Postes comptables'!$C$3:$C$45,0)) -> 21 | Y48: {=IF(X48="","",INDEX('Postes comptables'!$B$3:$B$45,X48,0))} -> 62-07 | Z48: =IF(G48="","",IF(COUNTIF('Postes comptables'!$C$99:$C$148,G48)=0,"Anomalie","")) | AA48: =IF(AND(F48="",A48<>"",COUNTIF(AB48:AK48,"D")=0),TRUE,FALSE) -> FALSE | AB48: =IF(AND(K48="X",AB$1<>"Trésorerie"),"D","") | AC48: =IF(AND(L48="X",AC$1<>"Trésorerie"),"D","") | AD48: =IF(AND(M48="X",AD$1<>"Trésorerie"),"D","") | AE48: =IF(AND(N48="X",AE$1<>"Trésorerie"),"D","") | AF48: =IF(AND(O48="X",AF$1<>"Trésorerie"),"D","") | AG48: =IF(AND(P48="X",AG$1<>"Trésorerie"),"D","") | AH48: =IF(AND(Q48="X",AH$1<>"Trésorerie"),"D","") | AI48: =IF(AND(R48="X",AI$1<>"Trésorerie"),"D","") | ... AK48: =IF(AND(T48="X",AK$1<>"Trésorerie"),"D","")
A49: 45872 | B49: FLORA DEBOUT | C49: 24 bouteilles champagne | D49: AC043 | E49: 444 | F49: Frais réception concerts | G49: Autres concerts | H49: VSEPA | J49: X | K49: X | U49: =IF(ISBLANK(F49),0,1) -> 1 | V49: =IF(F49="","",IF(COUNTIF('Postes comptables'!$A:$C,F49)=0,"Anomalie","")) | W49: =MONTH(A49) -> 8 | X49: =IF(F49="","",MATCH(F49,'Postes comptables'!$C$3:$C$45,0)) -> 18 | Y49: {=IF(X49="","",INDEX('Postes comptables'!$B$3:$B$45,X49,0))} -> 62-04 | Z49: =IF(G49="","",IF(COUNTIF('Postes comptables'!$C$99:$C$148,G49)=0,"Anomalie","")) | AA49: =IF(AND(F49="",A49<>"",COUNTIF(AB49:AK49,"D")=0),TRUE,FALSE) -> FALSE | AB49: =IF(AND(K49="X",AB$1<>"Trésorerie"),"D","") | AC49: =IF(AND(L49="X",AC$1<>"Trésorerie"),"D","") | AD49: =IF(AND(M49="X",AD$1<>"Trésorerie"),"D","") | AE49: =IF(AND(N49="X",AE$1<>"Trésorerie"),"D","") | AF49: =IF(AND(O49="X",AF$1<>"Trésorerie"),"D","") | AG49: =IF(AND(P49="X",AG$1<>"Trésorerie"),"D","") | AH49: =IF(AND(Q49="X",AH$1<>"Trésorerie"),"D","") | AI49: =IF(AND(R49="X",AI$1<>"Trésorerie"),"D","") | ... AK49: =IF(AND(T49="X",AK$1<>"Trésorerie"),"D","")
A50: 45878 | B50: CREDIT AGRICOLE | C50: Compte service 07 | D50: AC045 | E50: 1.22 | F50: Services bancaires | G50: Fonctionnement | H50: PSEPA | J50: X | K50: X | U50: =IF(ISBLANK(F50),0,1) -> 1 | V50: =IF(F50="","",IF(COUNTIF('Postes comptables'!$A:$C,F50)=0,"Anomalie","")) | W50: =MONTH(A50) -> 8 | X50: =IF(F50="","",MATCH(F50,'Postes comptables'!$C$3:$C$45,0)) -> 22 | Y50: {=IF(X50="","",INDEX('Postes comptables'!$B$3:$B$45,X50,0))} -> 62-08 | Z50: =IF(G50="","",IF(COUNTIF('Postes comptables'!$C$99:$C$148,G50)=0,"Anomalie","")) | AA50: =IF(AND(F50="",A50<>"",COUNTIF(AB50:AK50,"D")=0),TRUE,FALSE) -> FALSE | AB50: =IF(AND(K50="X",AB$1<>"Trésorerie"),"D","") | AC50: =IF(AND(L50="X",AC$1<>"Trésorerie"),"D","") | AD50: =IF(AND(M50="X",AD$1<>"Trésorerie"),"D","") | AE50: =IF(AND(N50="X",AE$1<>"Trésorerie"),"D","") | AF50: =IF(AND(O50="X",AF$1<>"Trésorerie"),"D","") | AG50: =IF(AND(P50="X",AG$1<>"Trésorerie"),"D","") | AH50: =IF(AND(Q50="X",AH$1<>"Trésorerie"),"D","") | AI50: =IF(AND(R50="X",AI$1<>"Trésorerie"),"D","") | ... AK50: =IF(AND(T50="X",AK$1<>"Trésorerie"),"D","")
A51: 45882 | B51: FREE | C51: Mobile 08 | D51: AC046 | E51: 2 | F51: Frais postaux et télécommunications | G51: Fonctionnement | H51: PSEPA | J51: X | K51: X | U51: =IF(ISBLANK(F51),0,1) -> 1 | V51: =IF(F51="","",IF(COUNTIF('Postes comptables'!$A:$C,F51)=0,"Anomalie","")) | W51: =MONTH(A51) -> 8 | X51: =IF(F51="","",MATCH(F51,'Postes comptables'!$C$3:$C$45,0)) -> 21 | Y51: {=IF(X51="","",INDEX('Postes comptables'!$B$3:$B$45,X51,0))} -> 62-07 | Z51: =IF(G51="","",IF(COUNTIF('Postes comptables'!$C$99:$C$148,G51)=0,"Anomalie","")) | AA51: =IF(AND(F51="",A51<>"",COUNTIF(AB51:AK51,"D")=0),TRUE,FALSE) -> FALSE | AB51: =IF(AND(K51="X",AB$1<>"Trésorerie"),"D","") | AC51: =IF(AND(L51="X",AC$1<>"Trésorerie"),"D","") | AD51: =IF(AND(M51="X",AD$1<>"Trésorerie"),"D","") | AE51: =IF(AND(N51="X",AE$1<>"Trésorerie"),"D","") | AF51: =IF(AND(O51="X",AF$1<>"Trésorerie"),"D","") | AG51: =IF(AND(P51="X",AG$1<>"Trésorerie"),"D","") | AH51: =IF(AND(Q51="X",AH$1<>"Trésorerie"),"D","") | AI51: =IF(AND(R51="X",AI$1<>"Trésorerie"),"D","") | ... AK51: =IF(AND(T51="X",AK$1<>"Trésorerie"),"D","")
A52: 45909 | B52: CREDIT AGRICOLE | C52: Compte service 08 | D52: AC049 | E52: 1.22 | F52: Services bancaires | G52: Fonctionnement | H52: PSEPA | J52: X | K52: X | U52: =IF(ISBLANK(F52),0,1) -> 1 | V52: =IF(F52="","",IF(COUNTIF('Postes comptables'!$A:$C,F52)=0,"Anomalie","")) | W52: =MONTH(A52) -> 9 | X52: =IF(F52="","",MATCH(F52,'Postes comptables'!$C$3:$C$45,0)) -> 22 | Y52: {=IF(X52="","",INDEX('Postes comptables'!$B$3:$B$45,X52,0))} -> 62-08 | Z52: =IF(G52="","",IF(COUNTIF('Postes comptables'!$C$99:$C$148,G52)=0,"Anomalie","")) | AA52: =IF(AND(F52="",A52<>"",COUNTIF(AB52:AK52,"D")=0),TRUE,FALSE) -> FALSE | AB52: =IF(AND(K52="X",AB$1<>"Trésorerie"),"D","") | AC52: =IF(AND(L52="X",AC$1<>"Trésorerie"),"D","") | AD52: =IF(AND(M52="X",AD$1<>"Trésorerie"),"D","") | AE52: =IF(AND(N52="X",AE$1<>"Trésorerie"),"D","") | AF52: =IF(AND(O52="X",AF$1<>"Trésorerie"),"D","") | AG52: =IF(AND(P52="X",AG$1<>"Trésorerie"),"D","") | AH52: =IF(AND(Q52="X",AH$1<>"Trésorerie"),"D","") | AI52: =IF(AND(R52="X",AI$1<>"Trésorerie"),"D","") | ... AK52: =IF(AND(T52="X",AK$1<>"Trésorerie"),"D","")
A53: 45916 | B53: FREE | C53: Mobile 09 | D53: AC048 | E53: 2 | F53: Frais postaux et télécommunications | G53: Fonctionnement | H53: PSEPA | J53: X | K53: X | U53: =IF(ISBLANK(F53),0,1) -> 1 | V53: =IF(F53="","",IF(COUNTIF('Postes comptables'!$A:$C,F53)=0,"Anomalie","")) | W53: =MONTH(A53) -> 9 | X53: =IF(F53="","",MATCH(F53,'Postes comptables'!$C$3:$C$45,0)) -> 21 | Y53: {=IF(X53="","",INDEX('Postes comptables'!$B$3:$B$45,X53,0))} -> 62-07 | Z53: =IF(G53="","",IF(COUNTIF('Postes comptables'!$C$99:$C$148,G53)=0,"Anomalie","")) | AA53: =IF(AND(F53="",A53<>"",COUNTIF(AB53:AK53,"D")=0),TRUE,FALSE) -> FALSE | AB53: =IF(AND(K53="X",AB$1<>"Trésorerie"),"D","") | AC53: =IF(AND(L53="X",AC$1<>"Trésorerie"),"D","") | AD53: =IF(AND(M53="X",AD$1<>"Trésorerie"),"D","") | AE53: =IF(AND(N53="X",AE$1<>"Trésorerie"),"D","") | AF53: =IF(AND(O53="X",AF$1<>"Trésorerie"),"D","") | AG53: =IF(AND(P53="X",AG$1<>"Trésorerie"),"D","") | AH53: =IF(AND(Q53="X",AH$1<>"Trésorerie"),"D","") | AI53: =IF(AND(R53="X",AI$1<>"Trésorerie"),"D","") | ... AK53: =IF(AND(T53="X",AK$1<>"Trésorerie"),"D","")
A54: 45919 | B54: MICROSOFT | C54: Licences Microsoft 365 | D54: AC047 | E54: 64.63 | F54: Achat licences Office 365 | G54: Fonctionnement | H54: PSEPA | J54: X | K54: X | U54: =IF(ISBLANK(F54),0,1) -> 1 | V54: =IF(F54="","",IF(COUNTIF('Postes comptables'!$A:$C,F54)=0,"Anomalie","")) | W54: =MONTH(A54) -> 9 | X54: =IF(F54="","",MATCH(F54,'Postes comptables'!$C$3:$C$45,0)) -> 7 | Y54: {=IF(X54="","",INDEX('Postes comptables'!$B$3:$B$45,X54,0))} -> 60-07 | Z54: =IF(G54="","",IF(COUNTIF('Postes comptables'!$C$99:$C$148,G54)=0,"Anomalie","")) | AA54: =IF(AND(F54="",A54<>"",COUNTIF(AB54:AK54,"D")=0),TRUE,FALSE) -> FALSE | AB54: =IF(AND(K54="X",AB$1<>"Trésorerie"),"D","") | AC54: =IF(AND(L54="X",AC$1<>"Trésorerie"),"D","") | AD54: =IF(AND(M54="X",AD$1<>"Trésorerie"),"D","") | AE54: =IF(AND(N54="X",AE$1<>"Trésorerie"),"D","") | AF54: =IF(AND(O54="X",AF$1<>"Trésorerie"),"D","") | AG54: =IF(AND(P54="X",AG$1<>"Trésorerie"),"D","") | AH54: =IF(AND(Q54="X",AH$1<>"Trésorerie"),"D","") | AI54: =IF(AND(R54="X",AI$1<>"Trésorerie"),"D","") | ... AK54: =IF(AND(T54="X",AK$1<>"Trésorerie"),"D","")
A55: 45923 | B55: VISTAPRINT | C55: Flyer Banda | D55: AC050 | E55: 34.91 | F55: Publications, relations publiques | G55: Fonctionnement | H55: VSEPA | J55: X | K55: X | U55: =IF(ISBLANK(F55),0,1) -> 1 | V55: =IF(F55="","",IF(COUNTIF('Postes comptables'!$A:$C,F55)=0,"Anomalie","")) | W55: =MONTH(A55) -> 9 | X55: =IF(F55="","",MATCH(F55,'Postes comptables'!$C$3:$C$45,0)) -> 16 | Y55: {=IF(X55="","",INDEX('Postes comptables'!$B$3:$B$45,X55,0))} -> 62-02 | Z55: =IF(G55="","",IF(COUNTIF('Postes comptables'!$C$99:$C$148,G55)=0,"Anomalie","")) | AA55: =IF(AND(F55="",A55<>"",COUNTIF(AB55:AK55,"D")=0),TRUE,FALSE) -> FALSE | AB55: =IF(AND(K55="X",AB$1<>"Trésorerie"),"D","") | AC55: =IF(AND(L55="X",AC$1<>"Trésorerie"),"D","") | AD55: =IF(AND(M55="X",AD$1<>"Trésorerie"),"D","") | AE55: =IF(AND(N55="X",AE$1<>"Trésorerie"),"D","") | AF55: =IF(AND(O55="X",AF$1<>"Trésorerie"),"D","") | AG55: =IF(AND(P55="X",AG$1<>"Trésorerie"),"D","") | AH55: =IF(AND(Q55="X",AH$1<>"Trésorerie"),"D","") | AI55: =IF(AND(R55="X",AI$1<>"Trésorerie"),"D","") | ... AK55: =IF(AND(T55="X",AK$1<>"Trésorerie"),"D","")
A56: 45939 | B56: CREDIT AGRICOLE | C56: Compte service 09 | D56: AC052 | E56: 1.22 | F56: Services bancaires | G56: Fonctionnement | H56: PSEPA | J56: X | K56: X | U56: =IF(ISBLANK(F56),0,1) -> 1 | V56: =IF(F56="","",IF(COUNTIF('Postes comptables'!$A:$C,F56)=0,"Anomalie","")) | W56: =MONTH(A56) -> 10 | X56: =IF(F56="","",MATCH(F56,'Postes comptables'!$C$3:$C$45,0)) -> 22 | Y56: {=IF(X56="","",INDEX('Postes comptables'!$B$3:$B$45,X56,0))} -> 62-08 | Z56: =IF(G56="","",IF(COUNTIF('Postes comptables'!$C$99:$C$148,G56)=0,"Anomalie","")) | AA56: =IF(AND(F56="",A56<>"",COUNTIF(AB56:AK56,"D")=0),TRUE,FALSE) -> FALSE | AB56: =IF(AND(K56="X",AB$1<>"Trésorerie"),"D","") | AC56: =IF(AND(L56="X",AC$1<>"Trésorerie"),"D","") | AD56: =IF(AND(M56="X",AD$1<>"Trésorerie"),"D","") | AE56: =IF(AND(N56="X",AE$1<>"Trésorerie"),"D","") | AF56: =IF(AND(O56="X",AF$1<>"Trésorerie"),"D","") | AG56: =IF(AND(P56="X",AG$1<>"Trésorerie"),"D","") | AH56: =IF(AND(Q56="X",AH$1<>"Trésorerie"),"D","") | AI56: =IF(AND(R56="X",AI$1<>"Trésorerie"),"D","") | ... AK56: =IF(AND(T56="X",AK$1<>"Trésorerie"),"D","")
A57: 45941 | B57: VISTAPRINT | C57: Flyers Concert | D57: AC051 | E57: 26.51 | F57: Publications, relations publiques | G57: Concerts Conservatoire | H57: VSEPA | J57: X | K57: X | U57: =IF(ISBLANK(F57),0,1) -> 1 | V57: =IF(F57="","",IF(COUNTIF('Postes comptables'!$A:$C,F57)=0,"Anomalie","")) | W57: =MONTH(A57) -> 10 | X57: =IF(F57="","",MATCH(F57,'Postes comptables'!$C$3:$C$45,0)) -> 16 | Y57: {=IF(X57="","",INDEX('Postes comptables'!$B$3:$B$45,X57,0))} -> 62-02 | Z57: =IF(G57="","",IF(COUNTIF('Postes comptables'!$C$99:$C$148,G57)=0,"Anomalie","")) | AA57: =IF(AND(F57="",A57<>"",COUNTIF(AB57:AK57,"D")=0),TRUE,FALSE) -> FALSE | AB57: =IF(AND(K57="X",AB$1<>"Trésorerie"),"D","") | AC57: =IF(AND(L57="X",AC$1<>"Trésorerie"),"D","") | AD57: =IF(AND(M57="X",AD$1<>"Trésorerie"),"D","") | AE57: =IF(AND(N57="X",AE$1<>"Trésorerie"),"D","") | AF57: =IF(AND(O57="X",AF$1<>"Trésorerie"),"D","") | AG57: =IF(AND(P57="X",AG$1<>"Trésorerie"),"D","") | AH57: =IF(AND(Q57="X",AH$1<>"Trésorerie"),"D","") | AI57: =IF(AND(R57="X",AI$1<>"Trésorerie"),"D","") | ... AK57: =IF(AND(T57="X",AK$1<>"Trésorerie"),"D","")
... A59: 45951 | B59: MICROSOFT | C59: Licences Microsoft 365 | D59: AC053 | E59: 11.39 | F59: Achat licences Office 365 | G59: Fonctionnement | H59: PSEPA | J59: X | K59: X | U59: =IF(ISBLANK(F59),0,1) -> 1 | V59: =IF(F59="","",IF(COUNTIF('Postes comptables'!$A:$C,F59)=0,"Anomalie","")) | W59: =MONTH(A59) -> 10 | X59: =IF(F59="","",MATCH(F59,'Postes comptables'!$C$3:$C$45,0)) -> 7 | Y59: {=IF(X59="","",INDEX('Postes comptables'!$B$3:$B$45,X59,0))} -> 60-07 | Z59: =IF(G59="","",IF(COUNTIF('Postes comptables'!$C$99:$C$148,G59)=0,"Anomalie","")) | AA59: =IF(AND(F59="",A59<>"",COUNTIF(AB59:AK59,"D")=0),TRUE,FALSE) -> FALSE | AB59: =IF(AND(K59="X",AB$1<>"Trésorerie"),"D","") | AC59: =IF(AND(L59="X",AC$1<>"Trésorerie"),"D","") | AD59: =IF(AND(M59="X",AD$1<>"Trésorerie"),"D","") | AE59: =IF(AND(N59="X",AE$1<>"Trésorerie"),"D","") | AF59: =IF(AND(O59="X",AF$1<>"Trésorerie"),"D","") | AG59: =IF(AND(P59="X",AG$1<>"Trésorerie"),"D","") | AH59: =IF(AND(Q59="X",AH$1<>"Trésorerie"),"D","") | AI59: =IF(AND(R59="X",AI$1<>"Trésorerie"),"D","") | ... AK59: =IF(AND(T59="X",AK$1<>"Trésorerie"),"D","")
A60: 45959 | B60: SACEM | C60: Concert du jeudi | D60: AC054 | E60: 55.29 | F60: Redevances | G60: Concerts Conservatoire | H60: CB | O60: X | U60: =IF(ISBLANK(F60),0,1) -> 1 | V60: =IF(F60="","",IF(COUNTIF('Postes comptables'!$A:$C,F60)=0,"Anomalie","")) | W60: =MONTH(A60) -> 10 | X60: =IF(F60="","",MATCH(F60,'Postes comptables'!$C$3:$C$45,0)) -> 32 | Y60: {=IF(X60="","",INDEX('Postes comptables'!$B$3:$B$45,X60,0))} -> 65-01 | Z60: =IF(G60="","",IF(COUNTIF('Postes comptables'!$C$99:$C$148,G60)=0,"Anomalie","")) | AA60: =IF(AND(F60="",A60<>"",COUNTIF(AB60:AK60,"D")=0),TRUE,FALSE) -> FALSE | AB60: =IF(AND(K60="X",AB$1<>"Trésorerie"),"D","") | AC60: =IF(AND(L60="X",AC$1<>"Trésorerie"),"D","") | AD60: =IF(AND(M60="X",AD$1<>"Trésorerie"),"D","") | AE60: =IF(AND(N60="X",AE$1<>"Trésorerie"),"D","") | AF60: =IF(AND(O60="X",AF$1<>"Trésorerie"),"D","") | AG60: =IF(AND(P60="X",AG$1<>"Trésorerie"),"D","") | AH60: =IF(AND(Q60="X",AH$1<>"Trésorerie"),"D","") | AI60: =IF(AND(R60="X",AI$1<>"Trésorerie"),"D","") | ... AK60: =IF(AND(T60="X",AK$1<>"Trésorerie"),"D","")
A61: 45959 | B61: SACEM | C61: Concert du vendredi | D61: AC054 | E61: 55.29 | F61: Redevances | G61: Concerts Conservatoire | H61: CB | O61: X | U61: =IF(ISBLANK(F61),0,1) -> 1 | V61: =IF(F61="","",IF(COUNTIF('Postes comptables'!$A:$C,F61)=0,"Anomalie","")) | W61: =MONTH(A61) -> 10 | X61: =IF(F61="","",MATCH(F61,'Postes comptables'!$C$3:$C$45,0)) -> 32 | Y61: {=IF(X61="","",INDEX('Postes comptables'!$B$3:$B$45,X61,0))} -> 65-01 | Z61: =IF(G61="","",IF(COUNTIF('Postes comptables'!$C$99:$C$148,G61)=0,"Anomalie","")) | AA61: =IF(AND(F61="",A61<>"",COUNTIF(AB61:AK61,"D")=0),TRUE,FALSE) -> FALSE | AB61: =IF(AND(K61="X",AB$1<>"Trésorerie"),"D","") | AC61: =IF(AND(L61="X",AC$1<>"Trésorerie"),"D","") | AD61: =IF(AND(M61="X",AD$1<>"Trésorerie"),"D","") | AE61: =IF(AND(N61="X",AE$1<>"Trésorerie"),"D","") | AF61: =IF(AND(O61="X",AF$1<>"Trésorerie"),"D","") | AG61: =IF(AND(P61="X",AG$1<>"Trésorerie"),"D","") | AH61: =IF(AND(Q61="X",AH$1<>"Trésorerie"),"D","") | AI61: =IF(AND(R61="X",AI$1<>"Trésorerie"),"D","") | ... AK61: =IF(AND(T61="X",AK$1<>"Trésorerie"),"D","")
A62: 45968 | B62: FLORA DEBOUT | C62: 15 bouteilles Concert conserv | D62: ANA | E62: -277.5 | F62: Frais réception concerts | G62: Autres concerts | U62: =IF(ISBLANK(F62),0,1) -> 1 | V62: =IF(F62="","",IF(COUNTIF('Postes comptables'!$A:$C,F62)=0,"Anomalie","")) | W62: =MONTH(A62) -> 11 | X62: =IF(F62="","",MATCH(F62,'Postes comptables'!$C$3:$C$45,0)) -> 18 | Y62: {=IF(X62="","",INDEX('Postes comptables'!$B$3:$B$45,X62,0))} -> 62-04 | Z62: =IF(G62="","",IF(COUNTIF('Postes comptables'!$C$99:$C$148,G62)=0,"Anomalie","")) | AA62: =IF(AND(F62="",A62<>"",COUNTIF(AB62:AK62,"D")=0),TRUE,FALSE) -> FALSE | AB62: =IF(AND(K62="X",AB$1<>"Trésorerie"),"D","") | AC62: =IF(AND(L62="X",AC$1<>"Trésorerie"),"D","") | AD62: =IF(AND(M62="X",AD$1<>"Trésorerie"),"D","") | AE62: =IF(AND(N62="X",AE$1<>"Trésorerie"),"D","") | AF62: =IF(AND(O62="X",AF$1<>"Trésorerie"),"D","") | AG62: =IF(AND(P62="X",AG$1<>"Trésorerie"),"D","") | AH62: =IF(AND(Q62="X",AH$1<>"Trésorerie"),"D","") | AI62: =IF(AND(R62="X",AI$1<>"Trésorerie"),"D","") | ... AK62: =IF(AND(T62="X",AK$1<>"Trésorerie"),"D","")
A63: 45968 | B63: FLORA DEBOUT | C63: 15 bouteilles Concert conserv | D63: ANA | E63: 277.5 | F63: Frais réception concerts | G63: Concerts Conservatoire | U63: =IF(ISBLANK(F63),0,1) -> 1 | V63: =IF(F63="","",IF(COUNTIF('Postes comptables'!$A:$C,F63)=0,"Anomalie","")) | W63: =MONTH(A63) -> 11 | X63: =IF(F63="","",MATCH(F63,'Postes comptables'!$C$3:$C$45,0)) -> 18 | Y63: {=IF(X63="","",INDEX('Postes comptables'!$B$3:$B$45,X63,0))} -> 62-04 | Z63: =IF(G63="","",IF(COUNTIF('Postes comptables'!$C$99:$C$148,G63)=0,"Anomalie","")) | AA63: =IF(AND(F63="",A63<>"",COUNTIF(AB63:AK63,"D")=0),TRUE,FALSE) -> FALSE | AB63: =IF(AND(K63="X",AB$1<>"Trésorerie"),"D","") | AC63: =IF(AND(L63="X",AC$1<>"Trésorerie"),"D","") | AD63: =IF(AND(M63="X",AD$1<>"Trésorerie"),"D","") | AE63: =IF(AND(N63="X",AE$1<>"Trésorerie"),"D","") | AF63: =IF(AND(O63="X",AF$1<>"Trésorerie"),"D","") | AG63: =IF(AND(P63="X",AG$1<>"Trésorerie"),"D","") | AH63: =IF(AND(Q63="X",AH$1<>"Trésorerie"),"D","") | AI63: =IF(AND(R63="X",AI$1<>"Trésorerie"),"D","") | ... AK63: =IF(AND(T63="X",AK$1<>"Trésorerie"),"D","")
A64: 45968 | B64: SUMUP | C64: Frais/encaissement don | D64: AC055 | E64: 0.35 | F64: Services bancaires | G64: Concerts Conservatoire | H64: CB | O64: X | U64: =IF(ISBLANK(F64),0,1) -> 1 | V64: =IF(F64="","",IF(COUNTIF('Postes comptables'!$A:$C,F64)=0,"Anomalie","")) | W64: =MONTH(A64) -> 11 | X64: =IF(F64="","",MATCH(F64,'Postes comptables'!$C$3:$C$45,0)) -> 22 | Y64: {=IF(X64="","",INDEX('Postes comptables'!$B$3:$B$45,X64,0))} -> 62-08 | Z64: =IF(G64="","",IF(COUNTIF('Postes comptables'!$C$99:$C$148,G64)=0,"Anomalie","")) | AA64: =IF(AND(F64="",A64<>"",COUNTIF(AB64:AK64,"D")=0),TRUE,FALSE) -> FALSE | AB64: =IF(AND(K64="X",AB$1<>"Trésorerie"),"D","") | AC64: =IF(AND(L64="X",AC$1<>"Trésorerie"),"D","") | AD64: =IF(AND(M64="X",AD$1<>"Trésorerie"),"D","") | AE64: =IF(AND(N64="X",AE$1<>"Trésorerie"),"D","") | AF64: =IF(AND(O64="X",AF$1<>"Trésorerie"),"D","") | AG64: =IF(AND(P64="X",AG$1<>"Trésorerie"),"D","") | AH64: =IF(AND(Q64="X",AH$1<>"Trésorerie"),"D","") | AI64: =IF(AND(R64="X",AI$1<>"Trésorerie"),"D","") | ... AK64: =IF(AND(T64="X",AK$1<>"Trésorerie"),"D","")
A65: 45970 | B65: CREDIT AGRICOLE | C65: Compte service 10 | D65: AC056 | E65: 1.22 | F65: Services bancaires | G65: Fonctionnement | J65: X | K65: X | U65: =IF(ISBLANK(F65),0,1) -> 1 | V65: =IF(F65="","",IF(COUNTIF('Postes comptables'!$A:$C,F65)=0,"Anomalie","")) | W65: =MONTH(A65) -> 11 | X65: =IF(F65="","",MATCH(F65,'Postes comptables'!$C$3:$C$45,0)) -> 22 | Y65: {=IF(X65="","",INDEX('Postes comptables'!$B$3:$B$45,X65,0))} -> 62-08 | Z65: =IF(G65="","",IF(COUNTIF('Postes comptables'!$C$99:$C$148,G65)=0,"Anomalie","")) | AA65: =IF(AND(F65="",A65<>"",COUNTIF(AB65:AK65,"D")=0),TRUE,FALSE) -> FALSE | AB65: =IF(AND(K65="X",AB$1<>"Trésorerie"),"D","") | AC65: =IF(AND(L65="X",AC$1<>"Trésorerie"),"D","") | AD65: =IF(AND(M65="X",AD$1<>"Trésorerie"),"D","") | AE65: =IF(AND(N65="X",AE$1<>"Trésorerie"),"D","") | AF65: =IF(AND(O65="X",AF$1<>"Trésorerie"),"D","") | AG65: =IF(AND(P65="X",AG$1<>"Trésorerie"),"D","") | AH65: =IF(AND(Q65="X",AH$1<>"Trésorerie"),"D","") | AI65: =IF(AND(R65="X",AI$1<>"Trésorerie"),"D","") | ... AK65: =IF(AND(T65="X",AK$1<>"Trésorerie"),"D","")
A66: 45970 | B66: PIZZ SARDA | C66: 25 pizzas | D66: AC057 | E66: 250 | F66: Frais réception concerts | G66: Concerts Conservatoire | H66: ESPECES | M66: X | U66: =IF(ISBLANK(F66),0,1) -> 1 | V66: =IF(F66="","",IF(COUNTIF('Postes comptables'!$A:$C,F66)=0,"Anomalie","")) | W66: =MONTH(A66) -> 11 | X66: =IF(F66="","",MATCH(F66,'Postes comptables'!$C$3:$C$45,0)) -> 18 | Y66: {=IF(X66="","",INDEX('Postes comptables'!$B$3:$B$45,X66,0))} -> 62-04 | Z66: =IF(G66="","",IF(COUNTIF('Postes comptables'!$C$99:$C$148,G66)=0,"Anomalie","")) | AA66: =IF(AND(F66="",A66<>"",COUNTIF(AB66:AK66,"D")=0),TRUE,FALSE) -> FALSE | AB66: =IF(AND(K66="X",AB$1<>"Trésorerie"),"D","") | AC66: =IF(AND(L66="X",AC$1<>"Trésorerie"),"D","") | AD66: =IF(AND(M66="X",AD$1<>"Trésorerie"),"D","") | AE66: =IF(AND(N66="X",AE$1<>"Trésorerie"),"D","") | AF66: =IF(AND(O66="X",AF$1<>"Trésorerie"),"D","") | AG66: =IF(AND(P66="X",AG$1<>"Trésorerie"),"D","") | AH66: =IF(AND(Q66="X",AH$1<>"Trésorerie"),"D","") | AI66: =IF(AND(R66="X",AI$1<>"Trésorerie"),"D","") | ... AK66: =IF(AND(T66="X",AK$1<>"Trésorerie"),"D","")
A67: 45971 | B67: ESPCES | C67: Remise en banque | D67: X | E67: 1150 | M67: X | U67: =IF(ISBLANK(F67),0,1) -> 0 | V67: =IF(F67="","",IF(COUNTIF('Postes comptables'!$A:$C,F67)=0,"Anomalie","")) | W67: =MONTH(A67) -> 11 | X67: =IF(F67="","",MATCH(F67,'Postes comptables'!$C$3:$C$45,0)) | Y67: {=IF(X67="","",INDEX('Postes comptables'!$B$3:$B$45,X67,0))} | Z67: =IF(G67="","",IF(COUNTIF('Postes comptables'!$C$99:$C$148,G67)=0,"Anomalie","")) | AA67: =IF(AND(F67="",A67<>"",COUNTIF(AB67:AK67,"D")=0),TRUE,FALSE) -> TRUE | AB67: =IF(AND(K67="X",AB$1<>"Trésorerie"),"D","") | AC67: =IF(AND(L67="X",AC$1<>"Trésorerie"),"D","") | AD67: =IF(AND(M67="X",AD$1<>"Trésorerie"),"D","") | AE67: =IF(AND(N67="X",AE$1<>"Trésorerie"),"D","") | AF67: =IF(AND(O67="X",AF$1<>"Trésorerie"),"D","") | AG67: =IF(AND(P67="X",AG$1<>"Trésorerie"),"D","") | AH67: =IF(AND(Q67="X",AH$1<>"Trésorerie"),"D","") | AI67: =IF(AND(R67="X",AI$1<>"Trésorerie"),"D","") | ... AK67: =IF(AND(T67="X",AK$1<>"Trésorerie"),"D","")
A68: 45975 | B68: FREE | C68: Mobile 11 | D68: AC077 | E68: 2 | F68: Frais postaux et télécommunications | G68: Fonctionnement | H68: PSEPA | J68: X | K68: X | U68: =IF(ISBLANK(F68),0,1) -> 1 | V68: =IF(F68="","",IF(COUNTIF('Postes comptables'!$A:$C,F68)=0,"Anomalie","")) | W68: =MONTH(A68) -> 11 | X68: =IF(F68="","",MATCH(F68,'Postes comptables'!$C$3:$C$45,0)) -> 21 | Y68: {=IF(X68="","",INDEX('Postes comptables'!$B$3:$B$45,X68,0))} -> 62-07 | Z68: =IF(G68="","",IF(COUNTIF('Postes comptables'!$C$99:$C$148,G68)=0,"Anomalie","")) | AA68: =IF(AND(F68="",A68<>"",COUNTIF(AB68:AK68,"D")=0),TRUE,FALSE) -> FALSE | AB68: =IF(AND(K68="X",AB$1<>"Trésorerie"),"D","") | AC68: =IF(AND(L68="X",AC$1<>"Trésorerie"),"D","") | AD68: =IF(AND(M68="X",AD$1<>"Trésorerie"),"D","") | AE68: =IF(AND(N68="X",AE$1<>"Trésorerie"),"D","") | AF68: =IF(AND(O68="X",AF$1<>"Trésorerie"),"D","") | AG68: =IF(AND(P68="X",AG$1<>"Trésorerie"),"D","") | AH68: =IF(AND(Q68="X",AH$1<>"Trésorerie"),"D","") | AI68: =IF(AND(R68="X",AI$1<>"Trésorerie"),"D","") | ... AK68: =IF(AND(T68="X",AK$1<>"Trésorerie"),"D","")
A69: 45976 | B69: ADAM METTERIE | C69: Vacataire technique | D69: AC058 | E69: 125 | F69: Prestations et honoraires | G69: Concerts Conservatoire | H69: VSEPA | J69: X | K69: X | U69: =IF(ISBLANK(F69),0,1) -> 1 | V69: =IF(F69="","",IF(COUNTIF('Postes comptables'!$A:$C,F69)=0,"Anomalie","")) | W69: =MONTH(A69) -> 11 | X69: =IF(F69="","",MATCH(F69,'Postes comptables'!$C$3:$C$45,0)) -> 12 | Y69: {=IF(X69="","",INDEX('Postes comptables'!$B$3:$B$45,X69,0))} -> 61-05 | Z69: =IF(G69="","",IF(COUNTIF('Postes comptables'!$C$99:$C$148,G69)=0,"Anomalie","")) | AA69: =IF(AND(F69="",A69<>"",COUNTIF(AB69:AK69,"D")=0),TRUE,FALSE) -> FALSE | AB69: =IF(AND(K69="X",AB$1<>"Trésorerie"),"D","") | AC69: =IF(AND(L69="X",AC$1<>"Trésorerie"),"D","") | AD69: =IF(AND(M69="X",AD$1<>"Trésorerie"),"D","") | AE69: =IF(AND(N69="X",AE$1<>"Trésorerie"),"D","") | AF69: =IF(AND(O69="X",AF$1<>"Trésorerie"),"D","") | AG69: =IF(AND(P69="X",AG$1<>"Trésorerie"),"D","") | AH69: =IF(AND(Q69="X",AH$1<>"Trésorerie"),"D","") | AI69: =IF(AND(R69="X",AI$1<>"Trésorerie"),"D","") | ... AK69: =IF(AND(T69="X",AK$1<>"Trésorerie"),"D","")
A70: 45976 | B70: VACATAIRE | C70: SALARIE | D70: AC060 | E70: 36.4 | F70: Rémunération des personnels | G70: Concerts Conservatoire | H70: VSEPA | J70: X | K70: X | U70: =IF(ISBLANK(F70),0,1) -> 1 | V70: =IF(F70="","",IF(COUNTIF('Postes comptables'!$A:$C,F70)=0,"Anomalie","")) | W70: =MONTH(A70) -> 11 | X70: =IF(F70="","",MATCH(F70,'Postes comptables'!$C$3:$C$45,0)) -> 28 | Y70: {=IF(X70="","",INDEX('Postes comptables'!$B$3:$B$45,X70,0))} -> 64-01 | Z70: =IF(G70="","",IF(COUNTIF('Postes comptables'!$C$99:$C$148,G70)=0,"Anomalie","")) | AA70: =IF(AND(F70="",A70<>"",COUNTIF(AB70:AK70,"D")=0),TRUE,FALSE) -> FALSE | AB70: =IF(AND(K70="X",AB$1<>"Trésorerie"),"D","") | AC70: =IF(AND(L70="X",AC$1<>"Trésorerie"),"D","") | AD70: =IF(AND(M70="X",AD$1<>"Trésorerie"),"D","") | AE70: =IF(AND(N70="X",AE$1<>"Trésorerie"),"D","") | AF70: =IF(AND(O70="X",AF$1<>"Trésorerie"),"D","") | AG70: =IF(AND(P70="X",AG$1<>"Trésorerie"),"D","") | AH70: =IF(AND(Q70="X",AH$1<>"Trésorerie"),"D","") | AI70: =IF(AND(R70="X",AI$1<>"Trésorerie"),"D","") | ... AK70: =IF(AND(T70="X",AK$1<>"Trésorerie"),"D","")
A71: 45976 | B71: VACATAIRE | C71: SALARIE | D71: AC061 | E71: 36.4 | F71: Rémunération des personnels | G71: Concerts Conservatoire | H71: VSEPA | J71: X | K71: X | U71: =IF(ISBLANK(F71),0,1) -> 1 | V71: =IF(F71="","",IF(COUNTIF('Postes comptables'!$A:$C,F71)=0,"Anomalie","")) | W71: =MONTH(A71) -> 11 | X71: =IF(F71="","",MATCH(F71,'Postes comptables'!$C$3:$C$45,0)) -> 28 | Y71: {=IF(X71="","",INDEX('Postes comptables'!$B$3:$B$45,X71,0))} -> 64-01 | Z71: =IF(G71="","",IF(COUNTIF('Postes comptables'!$C$99:$C$148,G71)=0,"Anomalie","")) | AA71: =IF(AND(F71="",A71<>"",COUNTIF(AB71:AK71,"D")=0),TRUE,FALSE) -> FALSE | AB71: =IF(AND(K71="X",AB$1<>"Trésorerie"),"D","") | AC71: =IF(AND(L71="X",AC$1<>"Trésorerie"),"D","") | AD71: =IF(AND(M71="X",AD$1<>"Trésorerie"),"D","") | AE71: =IF(AND(N71="X",AE$1<>"Trésorerie"),"D","") | AF71: =IF(AND(O71="X",AF$1<>"Trésorerie"),"D","") | AG71: =IF(AND(P71="X",AG$1<>"Trésorerie"),"D","") | AH71: =IF(AND(Q71="X",AH$1<>"Trésorerie"),"D","") | AI71: =IF(AND(R71="X",AI$1<>"Trésorerie"),"D","") | ... AK71: =IF(AND(T71="X",AK$1<>"Trésorerie"),"D","")
A72: 45976 | B72: VACATAIRE | C72: SALARIE | D72: AC062 | E72: 36.4 | F72: Rémunération des personnels | G72: Concerts Conservatoire | H72: VSEPA | J72: X | K72: X | U72: =IF(ISBLANK(F72),0,1) -> 1 | V72: =IF(F72="","",IF(COUNTIF('Postes comptables'!$A:$C,F72)=0,"Anomalie","")) | W72: =MONTH(A72) -> 11 | X72: =IF(F72="","",MATCH(F72,'Postes comptables'!$C$3:$C$45,0)) -> 28 | Y72: {=IF(X72="","",INDEX('Postes comptables'!$B$3:$B$45,X72,0))} -> 64-01 | Z72: =IF(G72="","",IF(COUNTIF('Postes comptables'!$C$99:$C$148,G72)=0,"Anomalie","")) | AA72: =IF(AND(F72="",A72<>"",COUNTIF(AB72:AK72,"D")=0),TRUE,FALSE) -> FALSE | AB72: =IF(AND(K72="X",AB$1<>"Trésorerie"),"D","") | AC72: =IF(AND(L72="X",AC$1<>"Trésorerie"),"D","") | AD72: =IF(AND(M72="X",AD$1<>"Trésorerie"),"D","") | AE72: =IF(AND(N72="X",AE$1<>"Trésorerie"),"D","") | AF72: =IF(AND(O72="X",AF$1<>"Trésorerie"),"D","") | AG72: =IF(AND(P72="X",AG$1<>"Trésorerie"),"D","") | AH72: =IF(AND(Q72="X",AH$1<>"Trésorerie"),"D","") | AI72: =IF(AND(R72="X",AI$1<>"Trésorerie"),"D","") | ... AK72: =IF(AND(T72="X",AK$1<>"Trésorerie"),"D","")
A73: 45976 | B73: VACATAIRE | C73: SALARIE | D73: AC063 | E73: 36.4 | F73: Rémunération des personnels | G73: Concerts Conservatoire | H73: VSEPA | J73: X | K73: X | U73: =IF(ISBLANK(F73),0,1) -> 1 | V73: =IF(F73="","",IF(COUNTIF('Postes comptables'!$A:$C,F73)=0,"Anomalie","")) | W73: =MONTH(A73) -> 11 | X73: =IF(F73="","",MATCH(F73,'Postes comptables'!$C$3:$C$45,0)) -> 28 | Y73: {=IF(X73="","",INDEX('Postes comptables'!$B$3:$B$45,X73,0))} -> 64-01 | Z73: =IF(G73="","",IF(COUNTIF('Postes comptables'!$C$99:$C$148,G73)=0,"Anomalie","")) | AA73: =IF(AND(F73="",A73<>"",COUNTIF(AB73:AK73,"D")=0),TRUE,FALSE) -> FALSE | AB73: =IF(AND(K73="X",AB$1<>"Trésorerie"),"D","") | AC73: =IF(AND(L73="X",AC$1<>"Trésorerie"),"D","") | AD73: =IF(AND(M73="X",AD$1<>"Trésorerie"),"D","") | AE73: =IF(AND(N73="X",AE$1<>"Trésorerie"),"D","") | AF73: =IF(AND(O73="X",AF$1<>"Trésorerie"),"D","") | AG73: =IF(AND(P73="X",AG$1<>"Trésorerie"),"D","") | AH73: =IF(AND(Q73="X",AH$1<>"Trésorerie"),"D","") | AI73: =IF(AND(R73="X",AI$1<>"Trésorerie"),"D","") | ... AK73: =IF(AND(T73="X",AK$1<>"Trésorerie"),"D","")
A74: 45977 | B74: FLORA DEBOUT | C74: 9 bouteilles Sainte Cécile | D74: ANA | E74: -166.5 | F74: Frais réception concerts | G74: Autres concerts | U74: =IF(ISBLANK(F74),0,1) -> 1 | V74: =IF(F74="","",IF(COUNTIF('Postes comptables'!$A:$C,F74)=0,"Anomalie","")) | W74: =MONTH(A74) -> 11 | X74: =IF(F74="","",MATCH(F74,'Postes comptables'!$C$3:$C$45,0)) -> 18 | Y74: {=IF(X74="","",INDEX('Postes comptables'!$B$3:$B$45,X74,0))} -> 62-04 | Z74: =IF(G74="","",IF(COUNTIF('Postes comptables'!$C$99:$C$148,G74)=0,"Anomalie","")) | AA74: =IF(AND(F74="",A74<>"",COUNTIF(AB74:AK74,"D")=0),TRUE,FALSE) -> FALSE | AB74: =IF(AND(K74="X",AB$1<>"Trésorerie"),"D","") | AC74: =IF(AND(L74="X",AC$1<>"Trésorerie"),"D","") | AD74: =IF(AND(M74="X",AD$1<>"Trésorerie"),"D","") | AE74: =IF(AND(N74="X",AE$1<>"Trésorerie"),"D","") | AF74: =IF(AND(O74="X",AF$1<>"Trésorerie"),"D","") | AG74: =IF(AND(P74="X",AG$1<>"Trésorerie"),"D","") | AH74: =IF(AND(Q74="X",AH$1<>"Trésorerie"),"D","") | AI74: =IF(AND(R74="X",AI$1<>"Trésorerie"),"D","") | ... AK74: =IF(AND(T74="X",AK$1<>"Trésorerie"),"D","")
A75: 45977 | B75: FLORA DEBOUT | C75: 9 bouteilles Sainte Cécile | D75: ANA | E75: 166.5 | F75: Frais réception Ste Cécile | G75: Sainte Cécile | U75: =IF(ISBLANK(F75),0,1) -> 1 | V75: =IF(F75="","",IF(COUNTIF('Postes comptables'!$A:$C,F75)=0,"Anomalie","")) | W75: =MONTH(A75) -> 11 | X75: =IF(F75="","",MATCH(F75,'Postes comptables'!$C$3:$C$45,0)) -> 19 | Y75: {=IF(X75="","",INDEX('Postes comptables'!$B$3:$B$45,X75,0))} -> 62-05 | Z75: =IF(G75="","",IF(COUNTIF('Postes comptables'!$C$99:$C$148,G75)=0,"Anomalie","")) | AA75: =IF(AND(F75="",A75<>"",COUNTIF(AB75:AK75,"D")=0),TRUE,FALSE) -> FALSE | AB75: =IF(AND(K75="X",AB$1<>"Trésorerie"),"D","") | AC75: =IF(AND(L75="X",AC$1<>"Trésorerie"),"D","") | AD75: =IF(AND(M75="X",AD$1<>"Trésorerie"),"D","") | AE75: =IF(AND(N75="X",AE$1<>"Trésorerie"),"D","") | AF75: =IF(AND(O75="X",AF$1<>"Trésorerie"),"D","") | AG75: =IF(AND(P75="X",AG$1<>"Trésorerie"),"D","") | AH75: =IF(AND(Q75="X",AH$1<>"Trésorerie"),"D","") | AI75: =IF(AND(R75="X",AI$1<>"Trésorerie"),"D","") | ... AK75: =IF(AND(T75="X",AK$1<>"Trésorerie"),"D","")
A76: 45978 | B76: CARREFOUR | C76: Achats pour Banda | D76: AC066 | E76: 69.39 | F76: Frais réception concerts | G76: Autres concerts | H76: VSEPA | J76: X | K76: X | U76: =IF(ISBLANK(F76),0,1) -> 1 | V76: =IF(F76="","",IF(COUNTIF('Postes comptables'!$A:$C,F76)=0,"Anomalie","")) | W76: =MONTH(A76) -> 11 | X76: =IF(F76="","",MATCH(F76,'Postes comptables'!$C$3:$C$45,0)) -> 18 | Y76: {=IF(X76="","",INDEX('Postes comptables'!$B$3:$B$45,X76,0))} -> 62-04 | Z76: =IF(G76="","",IF(COUNTIF('Postes comptables'!$C$99:$C$148,G76)=0,"Anomalie","")) | AA76: =IF(AND(F76="",A76<>"",COUNTIF(AB76:AK76,"D")=0),TRUE,FALSE) -> FALSE | AB76: =IF(AND(K76="X",AB$1<>"Trésorerie"),"D","") | AC76: =IF(AND(L76="X",AC$1<>"Trésorerie"),"D","") | AD76: =IF(AND(M76="X",AD$1<>"Trésorerie"),"D","") | AE76: =IF(AND(N76="X",AE$1<>"Trésorerie"),"D","") | AF76: =IF(AND(O76="X",AF$1<>"Trésorerie"),"D","") | AG76: =IF(AND(P76="X",AG$1<>"Trésorerie"),"D","") | AH76: =IF(AND(Q76="X",AH$1<>"Trésorerie"),"D","") | AI76: =IF(AND(R76="X",AI$1<>"Trésorerie"),"D","") | ... AK76: =IF(AND(T76="X",AK$1<>"Trésorerie"),"D","")
A77: 45978 | B77: CARREFOUR | C77: Achats pour concert CRR | D77: AC067 | E77: 47.72 | F77: Frais réception concerts | G77: Concerts Conservatoire | H77: VESPA | J77: X | K77: X | U77: =IF(ISBLANK(F77),0,1) -> 1 | V77: =IF(F77="","",IF(COUNTIF('Postes comptables'!$A:$C,F77)=0,"Anomalie","")) | W77: =MONTH(A77) -> 11 | X77: =IF(F77="","",MATCH(F77,'Postes comptables'!$C$3:$C$45,0)) -> 18 | Y77: {=IF(X77="","",INDEX('Postes comptables'!$B$3:$B$45,X77,0))} -> 62-04 | Z77: =IF(G77="","",IF(COUNTIF('Postes comptables'!$C$99:$C$148,G77)=0,"Anomalie","")) | AA77: =IF(AND(F77="",A77<>"",COUNTIF(AB77:AK77,"D")=0),TRUE,FALSE) -> FALSE | AB77: =IF(AND(K77="X",AB$1<>"Trésorerie"),"D","") | AC77: =IF(AND(L77="X",AC$1<>"Trésorerie"),"D","") | AD77: =IF(AND(M77="X",AD$1<>"Trésorerie"),"D","") | AE77: =IF(AND(N77="X",AE$1<>"Trésorerie"),"D","") | AF77: =IF(AND(O77="X",AF$1<>"Trésorerie"),"D","") | AG77: =IF(AND(P77="X",AG$1<>"Trésorerie"),"D","") | AH77: =IF(AND(Q77="X",AH$1<>"Trésorerie"),"D","") | AI77: =IF(AND(R77="X",AI$1<>"Trésorerie"),"D","") | ... AK77: =IF(AND(T77="X",AK$1<>"Trésorerie"),"D","")
A78: 45978 | B78: CARREFOUR | C78: Achats pour Ste | D78: AC065 | E78: 63.64 | F78: Frais réception Ste Cécile | G78: Sainte Cécile | H78: VSEPA | J78: X | K78: X | U78: =IF(ISBLANK(F78),0,1) -> 1 | V78: =IF(F78="","",IF(COUNTIF('Postes comptables'!$A:$C,F78)=0,"Anomalie","")) | W78: =MONTH(A78) -> 11 | X78: =IF(F78="","",MATCH(F78,'Postes comptables'!$C$3:$C$45,0)) -> 19 | Y78: {=IF(X78="","",INDEX('Postes comptables'!$B$3:$B$45,X78,0))} -> 62-05 | Z78: =IF(G78="","",IF(COUNTIF('Postes comptables'!$C$99:$C$148,G78)=0,"Anomalie","")) | AA78: =IF(AND(F78="",A78<>"",COUNTIF(AB78:AK78,"D")=0),TRUE,FALSE) -> FALSE | AB78: =IF(AND(K78="X",AB$1<>"Trésorerie"),"D","") | AC78: =IF(AND(L78="X",AC$1<>"Trésorerie"),"D","") | AD78: =IF(AND(M78="X",AD$1<>"Trésorerie"),"D","") | AE78: =IF(AND(N78="X",AE$1<>"Trésorerie"),"D","") | AF78: =IF(AND(O78="X",AF$1<>"Trésorerie"),"D","") | AG78: =IF(AND(P78="X",AG$1<>"Trésorerie"),"D","") | AH78: =IF(AND(Q78="X",AH$1<>"Trésorerie"),"D","") | AI78: =IF(AND(R78="X",AI$1<>"Trésorerie"),"D","") | ... AK78: =IF(AND(T78="X",AK$1<>"Trésorerie"),"D","")
A79: 45978 | B79: FLUNCH | C79: Achats pot Sainte Cecile | D79: AC064 | E79: 39.99 | F79: Frais réception Ste Cécile | G79: Sainte Cécile | H79: VSEPA | J79: X | K79: X | U79: =IF(ISBLANK(F79),0,1) -> 1 | V79: =IF(F79="","",IF(COUNTIF('Postes comptables'!$A:$C,F79)=0,"Anomalie","")) | W79: =MONTH(A79) -> 11 | X79: =IF(F79="","",MATCH(F79,'Postes comptables'!$C$3:$C$45,0)) -> 19 | Y79: {=IF(X79="","",INDEX('Postes comptables'!$B$3:$B$45,X79,0))} -> 62-05 | Z79: =IF(G79="","",IF(COUNTIF('Postes comptables'!$C$99:$C$148,G79)=0,"Anomalie","")) | AA79: =IF(AND(F79="",A79<>"",COUNTIF(AB79:AK79,"D")=0),TRUE,FALSE) -> FALSE | AB79: =IF(AND(K79="X",AB$1<>"Trésorerie"),"D","") | AC79: =IF(AND(L79="X",AC$1<>"Trésorerie"),"D","") | AD79: =IF(AND(M79="X",AD$1<>"Trésorerie"),"D","") | AE79: =IF(AND(N79="X",AE$1<>"Trésorerie"),"D","") | AF79: =IF(AND(O79="X",AF$1<>"Trésorerie"),"D","") | AG79: =IF(AND(P79="X",AG$1<>"Trésorerie"),"D","") | AH79: =IF(AND(Q79="X",AH$1<>"Trésorerie"),"D","") | AI79: =IF(AND(R79="X",AI$1<>"Trésorerie"),"D","") | ... AK79: =IF(AND(T79="X",AK$1<>"Trésorerie"),"D","")
A80: 45978 | B80: LECLERC | C80: Essence+location camion | D80: AC068 | E80: 54.71 | F80: Locations | G80: Sainte Cécile | H80: VSEPA | J80: X | K80: X | U80: =IF(ISBLANK(F80),0,1) -> 1 | V80: =IF(F80="","",IF(COUNTIF('Postes comptables'!$A:$C,F80)=0,"Anomalie","")) | W80: =MONTH(A80) -> 11 | X80: =IF(F80="","",MATCH(F80,'Postes comptables'!$C$3:$C$45,0)) -> 8 | Y80: {=IF(X80="","",INDEX('Postes comptables'!$B$3:$B$45,X80,0))} -> 61-01 | Z80: =IF(G80="","",IF(COUNTIF('Postes comptables'!$C$99:$C$148,G80)=0,"Anomalie","")) | AA80: =IF(AND(F80="",A80<>"",COUNTIF(AB80:AK80,"D")=0),TRUE,FALSE) -> FALSE | AB80: =IF(AND(K80="X",AB$1<>"Trésorerie"),"D","") | AC80: =IF(AND(L80="X",AC$1<>"Trésorerie"),"D","") | AD80: =IF(AND(M80="X",AD$1<>"Trésorerie"),"D","") | AE80: =IF(AND(N80="X",AE$1<>"Trésorerie"),"D","") | AF80: =IF(AND(O80="X",AF$1<>"Trésorerie"),"D","") | AG80: =IF(AND(P80="X",AG$1<>"Trésorerie"),"D","") | AH80: =IF(AND(Q80="X",AH$1<>"Trésorerie"),"D","") | AI80: =IF(AND(R80="X",AI$1<>"Trésorerie"),"D","") | ... AK80: =IF(AND(T80="X",AK$1<>"Trésorerie"),"D","")
A81: 45979 | B81: ATM GROUPE | C81: Sécurité Concert Conservatoire | D81: AC069 | E81: 225.12 | F81: Sécurité concerts | G81: Concerts Conservatoire | H81: VSEPA | J81: X | K81: X | U81: =IF(ISBLANK(F81),0,1) -> 1 | V81: =IF(F81="","",IF(COUNTIF('Postes comptables'!$A:$C,F81)=0,"Anomalie","")) | W81: =MONTH(A81) -> 11 | X81: =IF(F81="","",MATCH(F81,'Postes comptables'!$C$3:$C$45,0)) -> 11 | Y81: {=IF(X81="","",INDEX('Postes comptables'!$B$3:$B$45,X81,0))} -> 61-04 | Z81: =IF(G81="","",IF(COUNTIF('Postes comptables'!$C$99:$C$148,G81)=0,"Anomalie","")) | AA81: =IF(AND(F81="",A81<>"",COUNTIF(AB81:AK81,"D")=0),TRUE,FALSE) -> FALSE | AB81: =IF(AND(K81="X",AB$1<>"Trésorerie"),"D","") | AC81: =IF(AND(L81="X",AC$1<>"Trésorerie"),"D","") | AD81: =IF(AND(M81="X",AD$1<>"Trésorerie"),"D","") | AE81: =IF(AND(N81="X",AE$1<>"Trésorerie"),"D","") | AF81: =IF(AND(O81="X",AF$1<>"Trésorerie"),"D","") | AG81: =IF(AND(P81="X",AG$1<>"Trésorerie"),"D","") | AH81: =IF(AND(Q81="X",AH$1<>"Trésorerie"),"D","") | AI81: =IF(AND(R81="X",AI$1<>"Trésorerie"),"D","") | ... AK81: =IF(AND(T81="X",AK$1<>"Trésorerie"),"D","")
A82: 45987 | B82: HELLO ASSO | C82: Contribution service | D82: AC071 | E82: 7 | F82: Services bancaires | G82: Concerts Conservatoire | H82: PSEPA | J82: X | K82: X | U82: =IF(ISBLANK(F82),0,1) -> 1 | V82: =IF(F82="","",IF(COUNTIF('Postes comptables'!$A:$C,F82)=0,"Anomalie","")) | W82: =MONTH(A82) -> 11 | X82: =IF(F82="","",MATCH(F82,'Postes comptables'!$C$3:$C$45,0)) -> 22 | Y82: {=IF(X82="","",INDEX('Postes comptables'!$B$3:$B$45,X82,0))} -> 62-08 | Z82: =IF(G82="","",IF(COUNTIF('Postes comptables'!$C$99:$C$148,G82)=0,"Anomalie","")) | AA82: =IF(AND(F82="",A82<>"",COUNTIF(AB82:AK82,"D")=0),TRUE,FALSE) -> FALSE | AB82: =IF(AND(K82="X",AB$1<>"Trésorerie"),"D","") | AC82: =IF(AND(L82="X",AC$1<>"Trésorerie"),"D","") | AD82: =IF(AND(M82="X",AD$1<>"Trésorerie"),"D","") | AE82: =IF(AND(N82="X",AE$1<>"Trésorerie"),"D","") | AF82: =IF(AND(O82="X",AF$1<>"Trésorerie"),"D","") | AG82: =IF(AND(P82="X",AG$1<>"Trésorerie"),"D","") | AH82: =IF(AND(Q82="X",AH$1<>"Trésorerie"),"D","") | AI82: =IF(AND(R82="X",AI$1<>"Trésorerie"),"D","") | ... AK82: =IF(AND(T82="X",AK$1<>"Trésorerie"),"D","")
A83: 45994 | B83: CARREFOUR | C83: Achats concert conservatoire | D83: AC070 | E83: 140.6 | F83: Frais réception concerts | G83: Concerts Conservatoire | H83: VSEPA | J83: X | K83: X | U83: =IF(ISBLANK(F83),0,1) -> 1 | V83: =IF(F83="","",IF(COUNTIF('Postes comptables'!$A:$C,F83)=0,"Anomalie","")) | W83: =MONTH(A83) -> 12 | X83: =IF(F83="","",MATCH(F83,'Postes comptables'!$C$3:$C$45,0)) -> 18 | Y83: {=IF(X83="","",INDEX('Postes comptables'!$B$3:$B$45,X83,0))} -> 62-04 | Z83: =IF(G83="","",IF(COUNTIF('Postes comptables'!$C$99:$C$148,G83)=0,"Anomalie","")) | AA83: =IF(AND(F83="",A83<>"",COUNTIF(AB83:AK83,"D")=0),TRUE,FALSE) -> FALSE | AB83: =IF(AND(K83="X",AB$1<>"Trésorerie"),"D","") | AC83: =IF(AND(L83="X",AC$1<>"Trésorerie"),"D","") | AD83: =IF(AND(M83="X",AD$1<>"Trésorerie"),"D","") | AE83: =IF(AND(N83="X",AE$1<>"Trésorerie"),"D","") | AF83: =IF(AND(O83="X",AF$1<>"Trésorerie"),"D","") | AG83: =IF(AND(P83="X",AG$1<>"Trésorerie"),"D","") | AH83: =IF(AND(Q83="X",AH$1<>"Trésorerie"),"D","") | AI83: =IF(AND(R83="X",AI$1<>"Trésorerie"),"D","") | ... AK83: =IF(AND(T83="X",AK$1<>"Trésorerie"),"D","")
A84: 45997 | B84: URSSAF | C84: Cotisations patronales | D84: AC075 | E84: 76 | F84: Charges sociales | G84: Concerts Conservatoire | P84: X | U84: =IF(ISBLANK(F84),0,1) -> 1 | V84: =IF(F84="","",IF(COUNTIF('Postes comptables'!$A:$C,F84)=0,"Anomalie","")) | W84: =MONTH(A84) -> 12 | X84: =IF(F84="","",MATCH(F84,'Postes comptables'!$C$3:$C$45,0)) -> 29 | Y84: {=IF(X84="","",INDEX('Postes comptables'!$B$3:$B$45,X84,0))} -> 64-02 | Z84: =IF(G84="","",IF(COUNTIF('Postes comptables'!$C$99:$C$148,G84)=0,"Anomalie","")) | AA84: =IF(AND(F84="",A84<>"",COUNTIF(AB84:AK84,"D")=0),TRUE,FALSE) -> FALSE | AB84: =IF(AND(K84="X",AB$1<>"Trésorerie"),"D","") | AC84: =IF(AND(L84="X",AC$1<>"Trésorerie"),"D","") | AD84: =IF(AND(M84="X",AD$1<>"Trésorerie"),"D","") | AE84: =IF(AND(N84="X",AE$1<>"Trésorerie"),"D","") | AF84: =IF(AND(O84="X",AF$1<>"Trésorerie"),"D","") | AG84: =IF(AND(P84="X",AG$1<>"Trésorerie"),"D","") -> D | AH84: =IF(AND(Q84="X",AH$1<>"Trésorerie"),"D","") | AI84: =IF(AND(R84="X",AI$1<>"Trésorerie"),"D","") | ... AK84: =IF(AND(T84="X",AK$1<>"Trésorerie"),"D","")
A85: 45997 | B85: FLORA DEBOUT | C85: Champagne 36 bouteilles | D85: AC074 | E85: 666 | F85: Frais réception concerts | G85: Autres concerts | H85: VSEPA | J85: X | K85: X | U85: =IF(ISBLANK(F85),0,1) -> 1 | V85: =IF(F85="","",IF(COUNTIF('Postes comptables'!$A:$C,F85)=0,"Anomalie","")) | W85: =MONTH(A85) -> 12 | X85: =IF(F85="","",MATCH(F85,'Postes comptables'!$C$3:$C$45,0)) -> 18 | Y85: {=IF(X85="","",INDEX('Postes comptables'!$B$3:$B$45,X85,0))} -> 62-04 | Z85: =IF(G85="","",IF(COUNTIF('Postes comptables'!$C$99:$C$148,G85)=0,"Anomalie","")) | AA85: =IF(AND(F85="",A85<>"",COUNTIF(AB85:AK85,"D")=0),TRUE,FALSE) -> FALSE | AB85: =IF(AND(K85="X",AB$1<>"Trésorerie"),"D","") | AC85: =IF(AND(L85="X",AC$1<>"Trésorerie"),"D","") | AD85: =IF(AND(M85="X",AD$1<>"Trésorerie"),"D","") | AE85: =IF(AND(N85="X",AE$1<>"Trésorerie"),"D","") | AF85: =IF(AND(O85="X",AF$1<>"Trésorerie"),"D","") | AG85: =IF(AND(P85="X",AG$1<>"Trésorerie"),"D","") | AH85: =IF(AND(Q85="X",AH$1<>"Trésorerie"),"D","") | AI85: =IF(AND(R85="X",AI$1<>"Trésorerie"),"D","") | ... AK85: =IF(AND(T85="X",AK$1<>"Trésorerie"),"D","")
A86: 45999 | B86: VIRGINIE | C86: Achats concert conservatoire | D86: AC072 | E86: 12.18 | F86: Frais réception concerts | G86: Concerts Conservatoire | H86: VSEPA | J86: X | K86: X | U86: =IF(ISBLANK(F86),0,1) -> 1 | V86: =IF(F86="","",IF(COUNTIF('Postes comptables'!$A:$C,F86)=0,"Anomalie","")) | W86: =MONTH(A86) -> 12 | X86: =IF(F86="","",MATCH(F86,'Postes comptables'!$C$3:$C$45,0)) -> 18 | Y86: {=IF(X86="","",INDEX('Postes comptables'!$B$3:$B$45,X86,0))} -> 62-04 | Z86: =IF(G86="","",IF(COUNTIF('Postes comptables'!$C$99:$C$148,G86)=0,"Anomalie","")) | AA86: =IF(AND(F86="",A86<>"",COUNTIF(AB86:AK86,"D")=0),TRUE,FALSE) -> FALSE | AB86: =IF(AND(K86="X",AB$1<>"Trésorerie"),"D","") | AC86: =IF(AND(L86="X",AC$1<>"Trésorerie"),"D","") | AD86: =IF(AND(M86="X",AD$1<>"Trésorerie"),"D","") | AE86: =IF(AND(N86="X",AE$1<>"Trésorerie"),"D","") | AF86: =IF(AND(O86="X",AF$1<>"Trésorerie"),"D","") | AG86: =IF(AND(P86="X",AG$1<>"Trésorerie"),"D","") | AH86: =IF(AND(Q86="X",AH$1<>"Trésorerie"),"D","") | AI86: =IF(AND(R86="X",AI$1<>"Trésorerie"),"D","") | ... AK86: =IF(AND(T86="X",AK$1<>"Trésorerie"),"D","")
A87: 45999 | B87: VIRGINIE | C87: Achats Sainte Cécile | D87: AC073 | E87: 4.67 | F87: Frais réception Ste Cécile | G87: Sainte Cécile | H87: VSEPA | J87: X | K87: X | U87: =IF(ISBLANK(F87),0,1) -> 1 | V87: =IF(F87="","",IF(COUNTIF('Postes comptables'!$A:$C,F87)=0,"Anomalie","")) | W87: =MONTH(A87) -> 12 | X87: =IF(F87="","",MATCH(F87,'Postes comptables'!$C$3:$C$45,0)) -> 19 | Y87: {=IF(X87="","",INDEX('Postes comptables'!$B$3:$B$45,X87,0))} -> 62-05 | Z87: =IF(G87="","",IF(COUNTIF('Postes comptables'!$C$99:$C$148,G87)=0,"Anomalie","")) | AA87: =IF(AND(F87="",A87<>"",COUNTIF(AB87:AK87,"D")=0),TRUE,FALSE) -> FALSE | AB87: =IF(AND(K87="X",AB$1<>"Trésorerie"),"D","") | AC87: =IF(AND(L87="X",AC$1<>"Trésorerie"),"D","") | AD87: =IF(AND(M87="X",AD$1<>"Trésorerie"),"D","") | AE87: =IF(AND(N87="X",AE$1<>"Trésorerie"),"D","") | AF87: =IF(AND(O87="X",AF$1<>"Trésorerie"),"D","") | AG87: =IF(AND(P87="X",AG$1<>"Trésorerie"),"D","") | AH87: =IF(AND(Q87="X",AH$1<>"Trésorerie"),"D","") | AI87: =IF(AND(R87="X",AI$1<>"Trésorerie"),"D","") | ... AK87: =IF(AND(T87="X",AK$1<>"Trésorerie"),"D","")
A88: 46005 | B88: CREDIT AGRICOLE | C88: Compte service 11 | D88: AC076 | E88: 1.22 | F88: Services bancaires | G88: Fonctionnement | H88: PSEPA | J88: X | K88: X | U88: =IF(ISBLANK(F88),0,1) -> 1 | V88: =IF(F88="","",IF(COUNTIF('Postes comptables'!$A:$C,F88)=0,"Anomalie","")) | W88: =MONTH(A88) -> 12 | X88: =IF(F88="","",MATCH(F88,'Postes comptables'!$C$3:$C$45,0)) -> 22 | Y88: {=IF(X88="","",INDEX('Postes comptables'!$B$3:$B$45,X88,0))} -> 62-08 | Z88: =IF(G88="","",IF(COUNTIF('Postes comptables'!$C$99:$C$148,G88)=0,"Anomalie","")) | AA88: =IF(AND(F88="",A88<>"",COUNTIF(AB88:AK88,"D")=0),TRUE,FALSE) -> FALSE | AB88: =IF(AND(K88="X",AB$1<>"Trésorerie"),"D","") | AC88: =IF(AND(L88="X",AC$1<>"Trésorerie"),"D","") | AD88: =IF(AND(M88="X",AD$1<>"Trésorerie"),"D","") | AE88: =IF(AND(N88="X",AE$1<>"Trésorerie"),"D","") | AF88: =IF(AND(O88="X",AF$1<>"Trésorerie"),"D","") | AG88: =IF(AND(P88="X",AG$1<>"Trésorerie"),"D","") | AH88: =IF(AND(Q88="X",AH$1<>"Trésorerie"),"D","") | AI88: =IF(AND(R88="X",AI$1<>"Trésorerie"),"D","") | ... AK88: =IF(AND(T88="X",AK$1<>"Trésorerie"),"D","")
A89: 46005 | B89: FREE | C89: Mobile 12 | D89: AC079 | E89: 2 | F89: Frais postaux et télécommunications | G89: Fonctionnement | H89: PSEPA | J89: X | K89: X | U89: =IF(ISBLANK(F89),0,1) -> 1 | V89: =IF(F89="","",IF(COUNTIF('Postes comptables'!$A:$C,F89)=0,"Anomalie","")) | W89: =MONTH(A89) -> 12 | X89: =IF(F89="","",MATCH(F89,'Postes comptables'!$C$3:$C$45,0)) -> 21 | Y89: {=IF(X89="","",INDEX('Postes comptables'!$B$3:$B$45,X89,0))} -> 62-07 | Z89: =IF(G89="","",IF(COUNTIF('Postes comptables'!$C$99:$C$148,G89)=0,"Anomalie","")) | AA89: =IF(AND(F89="",A89<>"",COUNTIF(AB89:AK89,"D")=0),TRUE,FALSE) -> FALSE | AB89: =IF(AND(K89="X",AB$1<>"Trésorerie"),"D","") | AC89: =IF(AND(L89="X",AC$1<>"Trésorerie"),"D","") | AD89: =IF(AND(M89="X",AD$1<>"Trésorerie"),"D","") | AE89: =IF(AND(N89="X",AE$1<>"Trésorerie"),"D","") | AF89: =IF(AND(O89="X",AF$1<>"Trésorerie"),"D","") | AG89: =IF(AND(P89="X",AG$1<>"Trésorerie"),"D","") | AH89: =IF(AND(Q89="X",AH$1<>"Trésorerie"),"D","") | AI89: =IF(AND(R89="X",AI$1<>"Trésorerie"),"D","") | ... AK89: =IF(AND(T89="X",AK$1<>"Trésorerie"),"D","")
A90: 46007 | B90: SEDI EQUIPEMENT | C90: Pochettes Partitions | D90: AC080 | E90: 368.16 | F90: Achat de matériel et accessoires | G90: Fonctionnement | H90: VSEPA | J90: X | K90: X | U90: =IF(ISBLANK(F90),0,1) -> 1 | V90: =IF(F90="","",IF(COUNTIF('Postes comptables'!$A:$C,F90)=0,"Anomalie","")) | W90: =MONTH(A90) -> 12 | X90: =IF(F90="","",MATCH(F90,'Postes comptables'!$C$3:$C$45,0)) -> 3 | Y90: {=IF(X90="","",INDEX('Postes comptables'!$B$3:$B$45,X90,0))} -> 60-03 | Z90: =IF(G90="","",IF(COUNTIF('Postes comptables'!$C$99:$C$148,G90)=0,"Anomalie","")) | AA90: =IF(AND(F90="",A90<>"",COUNTIF(AB90:AK90,"D")=0),TRUE,FALSE) -> FALSE | AB90: =IF(AND(K90="X",AB$1<>"Trésorerie"),"D","") | AC90: =IF(AND(L90="X",AC$1<>"Trésorerie"),"D","") | AD90: =IF(AND(M90="X",AD$1<>"Trésorerie"),"D","") | AE90: =IF(AND(N90="X",AE$1<>"Trésorerie"),"D","") | AF90: =IF(AND(O90="X",AF$1<>"Trésorerie"),"D","") | AG90: =IF(AND(P90="X",AG$1<>"Trésorerie"),"D","") | AH90: =IF(AND(Q90="X",AH$1<>"Trésorerie"),"D","") | AI90: =IF(AND(R90="X",AI$1<>"Trésorerie"),"D","") | ... AK90: =IF(AND(T90="X",AK$1<>"Trésorerie"),"D","")
A91: 46014 | B91: NG MUSIQUE | C91: Carnets de marche | D91: AC078 | E91: 292.5 | F91: Achat de matériel musical | G91: Fonctionnement | P91: X | U91: =IF(ISBLANK(F91),0,1) -> 1 | V91: =IF(F91="","",IF(COUNTIF('Postes comptables'!$A:$C,F91)=0,"Anomalie","")) | W91: =MONTH(A91) -> 12 | X91: =IF(F91="","",MATCH(F91,'Postes comptables'!$C$3:$C$45,0)) -> 1 | Y91: {=IF(X91="","",INDEX('Postes comptables'!$B$3:$B$45,X91,0))} -> 60-01 | Z91: =IF(G91="","",IF(COUNTIF('Postes comptables'!$C$99:$C$148,G91)=0,"Anomalie","")) | AA91: =IF(AND(F91="",A91<>"",COUNTIF(AB91:AK91,"D")=0),TRUE,FALSE) -> FALSE | AB91: =IF(AND(K91="X",AB$1<>"Trésorerie"),"D","") | AC91: =IF(AND(L91="X",AC$1<>"Trésorerie"),"D","") | AD91: =IF(AND(M91="X",AD$1<>"Trésorerie"),"D","") | AE91: =IF(AND(N91="X",AE$1<>"Trésorerie"),"D","") | AF91: =IF(AND(O91="X",AF$1<>"Trésorerie"),"D","") | AG91: =IF(AND(P91="X",AG$1<>"Trésorerie"),"D","") -> D | AH91: =IF(AND(Q91="X",AH$1<>"Trésorerie"),"D","") | AI91: =IF(AND(R91="X",AI$1<>"Trésorerie"),"D","") | ... AK91: =IF(AND(T91="X",AK$1<>"Trésorerie"),"D","")
A92: 46022 | B92: BUREAU VALLEE | C92: Cartouches partitions | D92: AC081 | E92: 114.87 | F92: Fournitures de bureau, de reprographie | G92: Partitions/Matériel musical | H92: VSEPA | J92: X | K92: x | U92: =IF(ISBLANK(F92),0,1) -> 1 | V92: =IF(F92="","",IF(COUNTIF('Postes comptables'!$A:$C,F92)=0,"Anomalie","")) | W92: =MONTH(A92) -> 12 | X92: =IF(F92="","",MATCH(F92,'Postes comptables'!$C$3:$C$45,0)) -> 6 | Y92: {=IF(X92="","",INDEX('Postes comptables'!$B$3:$B$45,X92,0))} -> 60-06 | Z92: =IF(G92="","",IF(COUNTIF('Postes comptables'!$C$99:$C$148,G92)=0,"Anomalie","")) | AA92: =IF(AND(F92="",A92<>"",COUNTIF(AB92:AK92,"D")=0),TRUE,FALSE) -> FALSE | AB92: =IF(AND(K92="X",AB$1<>"Trésorerie"),"D","") | AC92: =IF(AND(L92="X",AC$1<>"Trésorerie"),"D","") | AD92: =IF(AND(M92="X",AD$1<>"Trésorerie"),"D","") | AE92: =IF(AND(N92="X",AE$1<>"Trésorerie"),"D","") | AF92: =IF(AND(O92="X",AF$1<>"Trésorerie"),"D","") | AG92: =IF(AND(P92="X",AG$1<>"Trésorerie"),"D","") | AH92: =IF(AND(Q92="X",AH$1<>"Trésorerie"),"D","") | AI92: =IF(AND(R92="X",AI$1<>"Trésorerie"),"D","") | ... AK92: =IF(AND(T92="X",AK$1<>"Trésorerie"),"D","")
A93: 46022 | B93: VILLE REIMS | C93: Mise à disposition salle répét | E93: 916 | F93: Mise à disposition gratuite de biens et services | U93: =IF(ISBLANK(F93),0,1) -> 1 | V93: =IF(F93="","",IF(COUNTIF('Postes comptables'!$A:$C,F93)=0,"Anomalie","")) | W93: =MONTH(A93) -> 12 | X93: =IF(F93="","",MATCH(F93,'Postes comptables'!$C$3:$C$45,0)) -> #N/A | Y93: {=IF(X93="","",INDEX('Postes comptables'!$B$3:$B$45,X93,0))} -> #N/A | Z93: =IF(G93="","",IF(COUNTIF('Postes comptables'!$C$99:$C$148,G93)=0,"Anomalie","")) | AA93: =IF(AND(F93="",A93<>"",COUNTIF(AB93:AK93,"D")=0),TRUE,FALSE) -> FALSE | AB93: =IF(AND(K93="X",AB$1<>"Trésorerie"),"D","") | AC93: =IF(AND(L93="X",AC$1<>"Trésorerie"),"D","") | AD93: =IF(AND(M93="X",AD$1<>"Trésorerie"),"D","") | AE93: =IF(AND(N93="X",AE$1<>"Trésorerie"),"D","") | AF93: =IF(AND(O93="X",AF$1<>"Trésorerie"),"D","") | AG93: =IF(AND(P93="X",AG$1<>"Trésorerie"),"D","") | AH93: =IF(AND(Q93="X",AH$1<>"Trésorerie"),"D","") | AI93: =IF(AND(R93="X",AI$1<>"Trésorerie"),"D","") | ... AK93: =IF(AND(T93="X",AK$1<>"Trésorerie"),"D","")
A94: 46022 | B94: VILLE REIMS | C94: Mise à disposition conservatoire | E94: 2870 | F94: Mise à disposition gratuite de biens et services | U94: =IF(ISBLANK(F94),0,1) -> 1 | V94: =IF(F94="","",IF(COUNTIF('Postes comptables'!$A:$C,F94)=0,"Anomalie","")) | W94: =MONTH(A94) -> 12 | X94: =IF(F94="","",MATCH(F94,'Postes comptables'!$C$3:$C$45,0)) -> #N/A | Y94: {=IF(X94="","",INDEX('Postes comptables'!$B$3:$B$45,X94,0))} -> #N/A | Z94: =IF(G94="","",IF(COUNTIF('Postes comptables'!$C$99:$C$148,G94)=0,"Anomalie","")) | AA94: =IF(AND(F94="",A94<>"",COUNTIF(AB94:AK94,"D")=0),TRUE,FALSE) -> FALSE | AB94: =IF(AND(K94="X",AB$1<>"Trésorerie"),"D","") | AC94: =IF(AND(L94="X",AC$1<>"Trésorerie"),"D","") | AD94: =IF(AND(M94="X",AD$1<>"Trésorerie"),"D","") | AE94: =IF(AND(N94="X",AE$1<>"Trésorerie"),"D","") | AF94: =IF(AND(O94="X",AF$1<>"Trésorerie"),"D","") | AG94: =IF(AND(P94="X",AG$1<>"Trésorerie"),"D","") | AH94: =IF(AND(Q94="X",AH$1<>"Trésorerie"),"D","") | AI94: =IF(AND(R94="X",AI$1<>"Trésorerie"),"D","") | ... AK94: =IF(AND(T94="X",AK$1<>"Trésorerie"),"D","")
A95: 46022 | B95: CPA | C95: Tickets parking | E95: 848 | F95: Mise à disposition gratuite de biens et services | U95: =IF(ISBLANK(F95),0,1) -> 1 | V95: =IF(F95="","",IF(COUNTIF('Postes comptables'!$A:$C,F95)=0,"Anomalie","")) | W95: =MONTH(A95) -> 12 | X95: =IF(F95="","",MATCH(F95,'Postes comptables'!$C$3:$C$45,0)) -> #N/A | Y95: {=IF(X95="","",INDEX('Postes comptables'!$B$3:$B$45,X95,0))} -> #N/A | Z95: =IF(G95="","",IF(COUNTIF('Postes comptables'!$C$99:$C$148,G95)=0,"Anomalie","")) | AA95: =IF(AND(F95="",A95<>"",COUNTIF(AB95:AK95,"D")=0),TRUE,FALSE) -> FALSE | AB95: =IF(AND(K95="X",AB$1<>"Trésorerie"),"D","") | AC95: =IF(AND(L95="X",AC$1<>"Trésorerie"),"D","") | AD95: =IF(AND(M95="X",AD$1<>"Trésorerie"),"D","") | AE95: =IF(AND(N95="X",AE$1<>"Trésorerie"),"D","") | AF95: =IF(AND(O95="X",AF$1<>"Trésorerie"),"D","") | AG95: =IF(AND(P95="X",AG$1<>"Trésorerie"),"D","") | AH95: =IF(AND(Q95="X",AH$1<>"Trésorerie"),"D","") | AI95: =IF(AND(R95="X",AI$1<>"Trésorerie"),"D","") | ... AK95: =IF(AND(T95="X",AK$1<>"Trésorerie"),"D","")
A96: 46022 | B96: MUSICIENS | C96: Kilomètres 2024 abandonnés | E96: 9440 | F96: Mise à disposition gratuite de biens et services | U96: =IF(ISBLANK(F96),0,1) -> 1 | V96: =IF(F96="","",IF(COUNTIF('Postes comptables'!$A:$C,F96)=0,"Anomalie","")) | W96: =MONTH(A96) -> 12 | X96: =IF(F96="","",MATCH(F96,'Postes comptables'!$C$3:$C$45,0)) -> #N/A | Y96: {=IF(X96="","",INDEX('Postes comptables'!$B$3:$B$45,X96,0))} -> #N/A | Z96: =IF(G96="","",IF(COUNTIF('Postes comptables'!$C$99:$C$148,G96)=0,"Anomalie","")) | AA96: =IF(AND(F96="",A96<>"",COUNTIF(AB96:AK96,"D")=0),TRUE,FALSE) -> FALSE | AB96: =IF(AND(K96="X",AB$1<>"Trésorerie"),"D","") | AC96: =IF(AND(L96="X",AC$1<>"Trésorerie"),"D","") | AD96: =IF(AND(M96="X",AD$1<>"Trésorerie"),"D","") | AE96: =IF(AND(N96="X",AE$1<>"Trésorerie"),"D","") | AF96: =IF(AND(O96="X",AF$1<>"Trésorerie"),"D","") | AG96: =IF(AND(P96="X",AG$1<>"Trésorerie"),"D","") | AH96: =IF(AND(Q96="X",AH$1<>"Trésorerie"),"D","") | AI96: =IF(AND(R96="X",AI$1<>"Trésorerie"),"D","") | ... AK96: =IF(AND(T96="X",AK$1<>"Trésorerie"),"D","")
A97: 46022 | B97: BENEVOLES | C97: Bénévolat 2025 | E97: 9560 | F97: Personnel bénévole | U97: =IF(ISBLANK(F97),0,1) -> 1 | V97: =IF(F97="","",IF(COUNTIF('Postes comptables'!$A:$C,F97)=0,"Anomalie","")) | W97: =MONTH(A97) -> 12 | X97: =IF(F97="","",MATCH(F97,'Postes comptables'!$C$3:$C$45,0)) -> #N/A | Y97: {=IF(X97="","",INDEX('Postes comptables'!$B$3:$B$45,X97,0))} -> #N/A | Z97: =IF(G97="","",IF(COUNTIF('Postes comptables'!$C$99:$C$148,G97)=0,"Anomalie","")) | AA97: =IF(AND(F97="",A97<>"",COUNTIF(AB97:AK97,"D")=0),TRUE,FALSE) -> FALSE | AB97: =IF(AND(K97="X",AB$1<>"Trésorerie"),"D","") | AC97: =IF(AND(L97="X",AC$1<>"Trésorerie"),"D","") | AD97: =IF(AND(M97="X",AD$1<>"Trésorerie"),"D","") | AE97: =IF(AND(N97="X",AE$1<>"Trésorerie"),"D","") | AF97: =IF(AND(O97="X",AF$1<>"Trésorerie"),"D","") | AG97: =IF(AND(P97="X",AG$1<>"Trésorerie"),"D","") | AH97: =IF(AND(Q97="X",AH$1<>"Trésorerie"),"D","") | AI97: =IF(AND(R97="X",AI$1<>"Trésorerie"),"D","") | ... AK97: =IF(AND(T97="X",AK$1<>"Trésorerie"),"D","")
U98: =IF(ISBLANK(F98),0,1) -> 0 | V98: =IF(F98="","",IF(COUNTIF('Postes comptables'!$A:$C,F98)=0,"Anomalie","")) | W98: =MONTH(A98) -> 1 | X98: =IF(F98="","",MATCH(F98,'Postes comptables'!$C$3:$C$45,0)) | Y98: {=IF(X98="","",INDEX('Postes comptables'!$B$3:$B$45,X98,0))} | Z98: =IF(G98="","",IF(COUNTIF('Postes comptables'!$C$99:$C$148,G98)=0,"Anomalie","")) | AA98: =IF(AND(F98="",A98<>"",COUNTIF(AB98:AK98,"D")=0),TRUE,FALSE) -> FALSE | AB98: =IF(AND(K98="X",AB$1<>"Trésorerie"),"D","") | AC98: =IF(AND(L98="X",AC$1<>"Trésorerie"),"D","") | AD98: =IF(AND(M98="X",AD$1<>"Trésorerie"),"D","") | AE98: =IF(AND(N98="X",AE$1<>"Trésorerie"),"D","") | AF98: =IF(AND(O98="X",AF$1<>"Trésorerie"),"D","") | AG98: =IF(AND(P98="X",AG$1<>"Trésorerie"),"D","") | AH98: =IF(AND(Q98="X",AH$1<>"Trésorerie"),"D","") | AI98: =IF(AND(R98="X",AI$1<>"Trésorerie"),"D","") | ... AK98: =IF(AND(T98="X",AK$1<>"Trésorerie"),"D","")
U99: =IF(ISBLANK(F99),0,1) -> 0 | V99: =IF(F99="","",IF(COUNTIF('Postes comptables'!$A:$C,F99)=0,"Anomalie","")) | W99: =MONTH(A99) -> 1 | X99: =IF(F99="","",MATCH(F99,'Postes comptables'!$C$3:$C$45,0)) | Y99: {=IF(X99="","",INDEX('Postes comptables'!$B$3:$B$45,X99,0))} | Z99: =IF(G99="","",IF(COUNTIF('Postes comptables'!$C$99:$C$148,G99)=0,"Anomalie","")) | AA99: =IF(AND(F99="",A99<>"",COUNTIF(AB99:AK99,"D")=0),TRUE,FALSE) -> FALSE | AB99: =IF(AND(K99="X",AB$1<>"Trésorerie"),"D","") | AC99: =IF(AND(L99="X",AC$1<>"Trésorerie"),"D","") | AD99: =IF(AND(M99="X",AD$1<>"Trésorerie"),"D","") | AE99: =IF(AND(N99="X",AE$1<>"Trésorerie"),"D","") | AF99: =IF(AND(O99="X",AF$1<>"Trésorerie"),"D","") | AG99: =IF(AND(P99="X",AG$1<>"Trésorerie"),"D","") | AH99: =IF(AND(Q99="X",AH$1<>"Trésorerie"),"D","") | AI99: =IF(AND(R99="X",AI$1<>"Trésorerie"),"D","") | ... AK99: =IF(AND(T99="X",AK$1<>"Trésorerie"),"D","")
U100: =IF(ISBLANK(F100),0,1) -> 0 | V100: =IF(F100="","",IF(COUNTIF('Postes comptables'!$A:$C,F100)=0,"Anomalie","")) | W100: =MONTH(A100) -> 1 | X100: =IF(F100="","",MATCH(F100,'Postes comptables'!$C$3:$C$45,0)) | Y100: {=IF(X100="","",INDEX('Postes comptables'!$B$3:$B$45,X100,0))} | Z100: =IF(G100="","",IF(COUNTIF('Postes comptables'!$C$99:$C$148,G100)=0,"Anomalie","")) | AA100: =IF(AND(F100="",A100<>"",COUNTIF(AB100:AK100,"D")=0),TRUE,FALSE) -> FALSE | AB100: =IF(AND(K100="X",AB$1<>"Trésorerie"),"D","") | AC100: =IF(AND(L100="X",AC$1<>"Trésorerie"),"D","") | AD100: =IF(AND(M100="X",AD$1<>"Trésorerie"),"D","") | AE100: =IF(AND(N100="X",AE$1<>"Trésorerie"),"D","") | AF100: =IF(AND(O100="X",AF$1<>"Trésorerie"),"D","") | AG100: =IF(AND(P100="X",AG$1<>"Trésorerie"),"D","") | AH100: =IF(AND(Q100="X",AH$1<>"Trésorerie"),"D","") | AI100: =IF(AND(R100="X",AI$1<>"Trésorerie"),"D","") | ... AK100: =IF(AND(T100="X",AK$1<>"Trésorerie"),"D","")
U101: =IF(ISBLANK(F101),0,1) -> 0 | V101: =IF(F101="","",IF(COUNTIF('Postes comptables'!$A:$C,F101)=0,"Anomalie","")) | W101: =MONTH(A101) -> 1 | X101: =IF(F101="","",MATCH(F101,'Postes comptables'!$C$3:$C$45,0)) | Y101: {=IF(X101="","",INDEX('Postes comptables'!$B$3:$B$45,X101,0))} | Z101: =IF(G101="","",IF(COUNTIF('Postes comptables'!$C$99:$C$148,G101)=0,"Anomalie","")) | AA101: =IF(AND(F101="",A101<>"",COUNTIF(AB101:AK101,"D")=0),TRUE,FALSE) -> FALSE | AB101: =IF(AND(K101="X",AB$1<>"Trésorerie"),"D","") | AC101: =IF(AND(L101="X",AC$1<>"Trésorerie"),"D","") | AD101: =IF(AND(M101="X",AD$1<>"Trésorerie"),"D","") | AE101: =IF(AND(N101="X",AE$1<>"Trésorerie"),"D","") | AF101: =IF(AND(O101="X",AF$1<>"Trésorerie"),"D","") | AG101: =IF(AND(P101="X",AG$1<>"Trésorerie"),"D","") | AH101: =IF(AND(Q101="X",AH$1<>"Trésorerie"),"D","") | AI101: =IF(AND(R101="X",AI$1<>"Trésorerie"),"D","") | ... AK101: =IF(AND(T101="X",AK$1<>"Trésorerie"),"D","")
U102: =IF(ISBLANK(F102),0,1) -> 0 | V102: =IF(F102="","",IF(COUNTIF('Postes comptables'!$A:$C,F102)=0,"Anomalie","")) | W102: =MONTH(A102) -> 1 | X102: =IF(F102="","",MATCH(F102,'Postes comptables'!$C$3:$C$45,0)) | Y102: {=IF(X102="","",INDEX('Postes comptables'!$B$3:$B$45,X102,0))} | Z102: =IF(G102="","",IF(COUNTIF('Postes comptables'!$C$99:$C$148,G102)=0,"Anomalie","")) | AA102: =IF(AND(F102="",A102<>"",COUNTIF(AB102:AK102,"D")=0),TRUE,FALSE) -> FALSE | AB102: =IF(AND(K102="X",AB$1<>"Trésorerie"),"D","") | AC102: =IF(AND(L102="X",AC$1<>"Trésorerie"),"D","") | AD102: =IF(AND(M102="X",AD$1<>"Trésorerie"),"D","") | AE102: =IF(AND(N102="X",AE$1<>"Trésorerie"),"D","") | AF102: =IF(AND(O102="X",AF$1<>"Trésorerie"),"D","") | AG102: =IF(AND(P102="X",AG$1<>"Trésorerie"),"D","") | AH102: =IF(AND(Q102="X",AH$1<>"Trésorerie"),"D","") | AI102: =IF(AND(R102="X",AI$1<>"Trésorerie"),"D","") | ... AK102: =IF(AND(T102="X",AK$1<>"Trésorerie"),"D","")
...

Sheet Recettes
A1: DATE | B1: TIERS | C1: LIBELLE DE LA RECETTE | D1: NUMERO PIECE COMPTABLE | E1: MONTANT ENCAISSE | F1: POSTE COMPTABLE | G1: POSTE ANALYTIQUE | H1: MODE DE REGLEMENT | I1: NUMERO PIECE | J1: Sur relevé bancaire | K1: =Accueil!G6&" "&Accueil!H6&" "&Accueil!K6 -> C.AGRICOLE COMPTE COURANT Trésorerie | L1: =Accueil!G8&" "&Accueil!H8&" "&Accueil!K8 -> C.AGRICOLE LIVRET A Trésorerie | M1: =Accueil!G10&" "&Accueil!H10&" "&Accueil!K10 -> CAISSE Trésorerie | N1: =Accueil!G12&" "&Accueil!H12&" "&Accueil!K12 | O1: =Accueil!G14&" "& Accueil!H14&" "&Accueil!K14 -> SUMUP CARTE BANCAIRE Trésorerie | P1: =Accueil!G16&" "& Accueil!H16&" "&Accueil!K16 -> A PAYER Passif | Q1: =Accueil!G18&" "& Accueil!H18&" "&Accueil!K18 -> A RECEVOIR Actif | R1: =Accueil!G20&" "& Accueil!H20&" "&Accueil!K20 -> A REVERSER Trésorerie | S1: =Accueil!G22&" "& Accueil!H22&" "&Accueil!K22 | T1: =Accueil!G24&" "& Accueil!H24&" "&Accueil!K24 | AB1: =Accueil!$Q$6 -> Trésorerie | AC1: =Accueil!$Q$8 -> Trésorerie | AD1: =Accueil!$Q$10 -> Trésorerie | AE1: =Accueil!$Q$12 -> Trésorerie | AF1: =Accueil!$Q$14 -> Trésorerie | AG1: =Accueil!$Q$16 -> Passif | AH1: =Accueil!$Q$18 -> Actif | AI1: =Accueil!$Q$20 -> Trésorerie | AJ1: =Accueil!$Q$22 -> Trésorerie | AK1: =Accueil!$Q$24 -> Trésorerie
A2: 45671 | B2: LIVRET A | C2: VIREMENT INTERNE | D2: X | E2: 1483.38 | H2: VSEPA | L2: X | U2: =IF(ISBLANK(F2),0,1) -> 0 | V2: =IF(F2="","",IF(COUNTIF('Postes comptables'!$A:$C,F2)=0,"Anomalie","")) | W2: =MONTH(A2) -> 1 | Z2: =IF(G2="","",IF(COUNTIF('Postes comptables'!$C$99:$C$148,G2)=0,"Anomalie","")) | AA2: =IF(AND(F2="",A2<>"",COUNTIF(AB2:AK2,"D")=0),TRUE,FALSE) -> TRUE | AB2: =IF(AND(K2="X",AB$1<>"Trésorerie"),"D","") | AC2: =IF(AND(L2="X",AC$1<>"Trésorerie"),"D","") | AD2: =IF(AND(M2="X",AD$1<>"Trésorerie"),"D","") | AE2: =IF(AND(N2="X",AE$1<>"Trésorerie"),"D","") | AF2: =IF(AND(O2="X",AF$1<>"Trésorerie"),"D","") | AG2: =IF(AND(P2="X",AG$1<>"Trésorerie"),"D","") | AH2: =IF(AND(Q2="X",AH$1<>"Trésorerie"),"D","") | AI2: =IF(AND(R2="X",AI$1<>"Trésorerie"),"D","") | ... AK2: =IF(AND(T2="X",AK$1<>"Trésorerie"),"D","")
A3: 45672 | B3: HELLO ASSO | C3: VIREMENT INTERNE | D3: X | E3: 780 | H3: VSEPA | J3: X | K3: X | Q3: X | U3: =IF(ISBLANK(F3),0,1) -> 0 | V3: =IF(F3="","",IF(COUNTIF('Postes comptables'!$A:$C,F3)=0,"Anomalie","")) | W3: =MONTH(A3) -> 1 | Z3: =IF(G3="","",IF(COUNTIF('Postes comptables'!$C$99:$C$148,G3)=0,"Anomalie","")) | AA3: =IF(AND(F3="",A3<>"",COUNTIF(AB3:AK3,"D")=0),TRUE,FALSE) -> FALSE | AB3: =IF(AND(K3="X",AB$1<>"Trésorerie"),"D","") | AC3: =IF(AND(L3="X",AC$1<>"Trésorerie"),"D","") | AD3: =IF(AND(M3="X",AD$1<>"Trésorerie"),"D","") | AE3: =IF(AND(N3="X",AE$1<>"Trésorerie"),"D","") | AF3: =IF(AND(O3="X",AF$1<>"Trésorerie"),"D","") | AG3: =IF(AND(P3="X",AG$1<>"Trésorerie"),"D","") | AH3: =IF(AND(Q3="X",AH$1<>"Trésorerie"),"D","") -> D | AI3: =IF(AND(R3="X",AI$1<>"Trésorerie"),"D","") | ... AK3: =IF(AND(T3="X",AK$1<>"Trésorerie"),"D","")
A4: 45677 | B4: BENEVOLES | C4: Refacturation Licence Microsoft | D4: REC001 | E4: 40.32 | F4: Rétrocession Licences Office 365 | G4: Fonctionnement | H4: VSEPA | J4: X | K4: X | U4: =IF(ISBLANK(F4),0,1) -> 1 | V4: =IF(F4="","",IF(COUNTIF('Postes comptables'!$A:$C,F4)=0,"Anomalie","")) | W4: =MONTH(A4) -> 1 | Z4: =IF(G4="","",IF(COUNTIF('Postes comptables'!$C$99:$C$148,G4)=0,"Anomalie","")) | AA4: =IF(AND(F4="",A4<>"",COUNTIF(AB4:AK4,"D")=0),TRUE,FALSE) -> FALSE | AB4: =IF(AND(K4="X",AB$1<>"Trésorerie"),"D","") | AC4: =IF(AND(L4="X",AC$1<>"Trésorerie"),"D","") | AD4: =IF(AND(M4="X",AD$1<>"Trésorerie"),"D","") | AE4: =IF(AND(N4="X",AE$1<>"Trésorerie"),"D","") | AF4: =IF(AND(O4="X",AF$1<>"Trésorerie"),"D","") | AG4: =IF(AND(P4="X",AG$1<>"Trésorerie"),"D","") | AH4: =IF(AND(Q4="X",AH$1<>"Trésorerie"),"D","") | AI4: =IF(AND(R4="X",AI$1<>"Trésorerie"),"D","") | ... AK4: =IF(AND(T4="X",AK$1<>"Trésorerie"),"D","")
A5: 45677 | B5: BENEVOLES | C5: Refacturation Licence Microsoft | D5: REC002 | E5: 40.32 | F5: Rétrocession Licences Office 365 | G5: Fonctionnement | H5: VSEPA | J5: X | K5: X | U5: =IF(ISBLANK(F5),0,1) -> 1 | V5: =IF(F5="","",IF(COUNTIF('Postes comptables'!$A:$C,F5)=0,"Anomalie","")) | W5: =MONTH(A5) -> 1 | Z5: =IF(G5="","",IF(COUNTIF('Postes comptables'!$C$99:$C$148,G5)=0,"Anomalie","")) | AA5: =IF(AND(F5="",A5<>"",COUNTIF(AB5:AK5,"D")=0),TRUE,FALSE) -> FALSE | AB5: =IF(AND(K5="X",AB$1<>"Trésorerie"),"D","") | AC5: =IF(AND(L5="X",AC$1<>"Trésorerie"),"D","") | AD5: =IF(AND(M5="X",AD$1<>"Trésorerie"),"D","") | AE5: =IF(AND(N5="X",AE$1<>"Trésorerie"),"D","") | AF5: =IF(AND(O5="X",AF$1<>"Trésorerie"),"D","") | AG5: =IF(AND(P5="X",AG$1<>"Trésorerie"),"D","") | AH5: =IF(AND(Q5="X",AH$1<>"Trésorerie"),"D","") | AI5: =IF(AND(R5="X",AI$1<>"Trésorerie"),"D","") | ... AK5: =IF(AND(T5="X",AK$1<>"Trésorerie"),"D","")
A6: 45711 | B6: MUSICIENS | C6: MUSICIEN | D6: REC002B | E6: 20 | F6: Vente lampes pupitres | G6: Fonctionnement | H6: VSEPA | J6: X | K6: X | U6: =IF(ISBLANK(F6),0,1) -> 1 | V6: =IF(F6="","",IF(COUNTIF('Postes comptables'!$A:$C,F6)=0,"Anomalie","")) | W6: =MONTH(A6) -> 2 | Z6: =IF(G6="","",IF(COUNTIF('Postes comptables'!$C$99:$C$148,G6)=0,"Anomalie","")) | AA6: =IF(AND(F6="",A6<>"",COUNTIF(AB6:AK6,"D")=0),TRUE,FALSE) -> FALSE | AB6: =IF(AND(K6="X",AB$1<>"Trésorerie"),"D","") | AC6: =IF(AND(L6="X",AC$1<>"Trésorerie"),"D","") | AD6: =IF(AND(M6="X",AD$1<>"Trésorerie"),"D","") | AE6: =IF(AND(N6="X",AE$1<>"Trésorerie"),"D","") | AF6: =IF(AND(O6="X",AF$1<>"Trésorerie"),"D","") | AG6: =IF(AND(P6="X",AG$1<>"Trésorerie"),"D","") | AH6: =IF(AND(Q6="X",AH$1<>"Trésorerie"),"D","") | AI6: =IF(AND(R6="X",AI$1<>"Trésorerie"),"D","") | ... AK6: =IF(AND(T6="X",AK$1<>"Trésorerie"),"D","")
A7: 45712 | B7: MUSICIENS | C7: MUSICIEN | D7: REC002B | E7: 40 | F7: Vente lampes pupitres | G7: Fonctionnement | H7: VSEPA | J7: X | K7: X | U7: =IF(ISBLANK(F7),0,1) -> 1 | V7: =IF(F7="","",IF(COUNTIF('Postes comptables'!$A:$C,F7)=0,"Anomalie","")) | W7: =MONTH(A7) -> 2 | Z7: =IF(G7="","",IF(COUNTIF('Postes comptables'!$C$99:$C$148,G7)=0,"Anomalie","")) | AA7: =IF(AND(F7="",A7<>"",COUNTIF(AB7:AK7,"D")=0),TRUE,FALSE) -> FALSE | AB7: =IF(AND(K7="X",AB$1<>"Trésorerie"),"D","") | AC7: =IF(AND(L7="X",AC$1<>"Trésorerie"),"D","") | AD7: =IF(AND(M7="X",AD$1<>"Trésorerie"),"D","") | AE7: =IF(AND(N7="X",AE$1<>"Trésorerie"),"D","") | AF7: =IF(AND(O7="X",AF$1<>"Trésorerie"),"D","") | AG7: =IF(AND(P7="X",AG$1<>"Trésorerie"),"D","") | AH7: =IF(AND(Q7="X",AH$1<>"Trésorerie"),"D","") | AI7: =IF(AND(R7="X",AI$1<>"Trésorerie"),"D","") | ... AK7: =IF(AND(T7="X",AK$1<>"Trésorerie"),"D","")
A8: 45712 | B8: MUSICIENS | C8: MUSICIEN | D8: REC002B | E8: 20 | F8: Vente lampes pupitres | G8: Fonctionnement | H8: VSEPA | J8: X | K8: X | U8: =IF(ISBLANK(F8),0,1) -> 1 | V8: =IF(F8="","",IF(COUNTIF('Postes comptables'!$A:$C,F8)=0,"Anomalie","")) | W8: =MONTH(A8) -> 2 | Z8: =IF(G8="","",IF(COUNTIF('Postes comptables'!$C$99:$C$148,G8)=0,"Anomalie","")) | AA8: =IF(AND(F8="",A8<>"",COUNTIF(AB8:AK8,"D")=0),TRUE,FALSE) -> FALSE | AB8: =IF(AND(K8="X",AB$1<>"Trésorerie"),"D","") | AC8: =IF(AND(L8="X",AC$1<>"Trésorerie"),"D","") | AD8: =IF(AND(M8="X",AD$1<>"Trésorerie"),"D","") | AE8: =IF(AND(N8="X",AE$1<>"Trésorerie"),"D","") | AF8: =IF(AND(O8="X",AF$1<>"Trésorerie"),"D","") | AG8: =IF(AND(P8="X",AG$1<>"Trésorerie"),"D","") | AH8: =IF(AND(Q8="X",AH$1<>"Trésorerie"),"D","") | AI8: =IF(AND(R8="X",AI$1<>"Trésorerie"),"D","") | ... AK8: =IF(AND(T8="X",AK$1<>"Trésorerie"),"D","")
A9: 45713 | B9: MUSICIENS | C9: MUSICIEN | D9: REC002B | E9: 20 | F9: Vente lampes pupitres | G9: Fonctionnement | H9: VSEPA | J9: X | K9: X | U9: =IF(ISBLANK(F9),0,1) -> 1 | V9: =IF(F9="","",IF(COUNTIF('Postes comptables'!$A:$C,F9)=0,"Anomalie","")) | W9: =MONTH(A9) -> 2 | Z9: =IF(G9="","",IF(COUNTIF('Postes comptables'!$C$99:$C$148,G9)=0,"Anomalie","")) | AA9: =IF(AND(F9="",A9<>"",COUNTIF(AB9:AK9,"D")=0),TRUE,FALSE) -> FALSE | AB9: =IF(AND(K9="X",AB$1<>"Trésorerie"),"D","") | AC9: =IF(AND(L9="X",AC$1<>"Trésorerie"),"D","") | AD9: =IF(AND(M9="X",AD$1<>"Trésorerie"),"D","") | AE9: =IF(AND(N9="X",AE$1<>"Trésorerie"),"D","") | AF9: =IF(AND(O9="X",AF$1<>"Trésorerie"),"D","") | AG9: =IF(AND(P9="X",AG$1<>"Trésorerie"),"D","") | AH9: =IF(AND(Q9="X",AH$1<>"Trésorerie"),"D","") | AI9: =IF(AND(R9="X",AI$1<>"Trésorerie"),"D","") | ... AK9: =IF(AND(T9="X",AK$1<>"Trésorerie"),"D","")
A10: 45715 | B10: AXA | C10: ASSURANCE REMBT | D10: REC003 | E10: 100 | F10: Indemnités d'assurances | G10: Fonctionnement | H10: REMISE CHEQUES | I10: 6455976 | J10: x | K10: x | U10: =IF(ISBLANK(F10),0,1) -> 1 | V10: =IF(F10="","",IF(COUNTIF('Postes comptables'!$A:$C,F10)=0,"Anomalie","")) | W10: =MONTH(A10) -> 2 | Z10: =IF(G10="","",IF(COUNTIF('Postes comptables'!$C$99:$C$148,G10)=0,"Anomalie","")) | AA10: =IF(AND(F10="",A10<>"",COUNTIF(AB10:AK10,"D")=0),TRUE,FALSE) -> FALSE | AB10: =IF(AND(K10="X",AB$1<>"Trésorerie"),"D","") | AC10: =IF(AND(L10="X",AC$1<>"Trésorerie"),"D","") | AD10: =IF(AND(M10="X",AD$1<>"Trésorerie"),"D","") | AE10: =IF(AND(N10="X",AE$1<>"Trésorerie"),"D","") | AF10: =IF(AND(O10="X",AF$1<>"Trésorerie"),"D","") | AG10: =IF(AND(P10="X",AG$1<>"Trésorerie"),"D","") | AH10: =IF(AND(Q10="X",AH$1<>"Trésorerie"),"D","") | AI10: =IF(AND(R10="X",AI$1<>"Trésorerie"),"D","") | ... AK10: =IF(AND(T10="X",AK$1<>"Trésorerie"),"D","")
A11: 45716 | B11: MUSICIENS | C11: MUSICIEN | D11: REC002B | E11: 20 | F11: Vente lampes pupitres | G11: Fonctionnement | H11: VSEPA | J11: X | K11: X | U11: =IF(ISBLANK(F11),0,1) -> 1 | V11: =IF(F11="","",IF(COUNTIF('Postes comptables'!$A:$C,F11)=0,"Anomalie","")) | W11: =MONTH(A11) -> 2 | Z11: =IF(G11="","",IF(COUNTIF('Postes comptables'!$C$99:$C$148,G11)=0,"Anomalie","")) | AA11: =IF(AND(F11="",A11<>"",COUNTIF(AB11:AK11,"D")=0),TRUE,FALSE) -> FALSE | AB11: =IF(AND(K11="X",AB$1<>"Trésorerie"),"D","") | AC11: =IF(AND(L11="X",AC$1<>"Trésorerie"),"D","") | AD11: =IF(AND(M11="X",AD$1<>"Trésorerie"),"D","") | AE11: =IF(AND(N11="X",AE$1<>"Trésorerie"),"D","") | AF11: =IF(AND(O11="X",AF$1<>"Trésorerie"),"D","") | AG11: =IF(AND(P11="X",AG$1<>"Trésorerie"),"D","") | AH11: =IF(AND(Q11="X",AH$1<>"Trésorerie"),"D","") | AI11: =IF(AND(R11="X",AI$1<>"Trésorerie"),"D","") | ... AK11: =IF(AND(T11="X",AK$1<>"Trésorerie"),"D","")
A12: 45716 | B12: MUSICIENS | C12: MUSICIEN | D12: REC002B | E12: 20 | F12: Vente lampes pupitres | G12: Fonctionnement | H12: VSEPA | J12: X | K12: X | U12: =IF(ISBLANK(F12),0,1) -> 1 | V12: =IF(F12="","",IF(COUNTIF('Postes comptables'!$A:$C,F12)=0,"Anomalie","")) | W12: =MONTH(A12) -> 2 | Z12: =IF(G12="","",IF(COUNTIF('Postes comptables'!$C$99:$C$148,G12)=0,"Anomalie","")) | AA12: =IF(AND(F12="",A12<>"",COUNTIF(AB12:AK12,"D")=0),TRUE,FALSE) -> FALSE | AB12: =IF(AND(K12="X",AB$1<>"Trésorerie"),"D","") | AC12: =IF(AND(L12="X",AC$1<>"Trésorerie"),"D","") | AD12: =IF(AND(M12="X",AD$1<>"Trésorerie"),"D","") | AE12: =IF(AND(N12="X",AE$1<>"Trésorerie"),"D","") | AF12: =IF(AND(O12="X",AF$1<>"Trésorerie"),"D","") | AG12: =IF(AND(P12="X",AG$1<>"Trésorerie"),"D","") | AH12: =IF(AND(Q12="X",AH$1<>"Trésorerie"),"D","") | AI12: =IF(AND(R12="X",AI$1<>"Trésorerie"),"D","") | ... AK12: =IF(AND(T12="X",AK$1<>"Trésorerie"),"D","")
A13: 45716 | B13: MUSICIENS | C13: MUSICIEN | D13: REC002B | E13: 40 | F13: Vente lampes pupitres | G13: Fonctionnement | H13: VSEPA | J13: X | K13: X | U13: =IF(ISBLANK(F13),0,1) -> 1 | V13: =IF(F13="","",IF(COUNTIF('Postes comptables'!$A:$C,F13)=0,"Anomalie","")) | W13: =MONTH(A13) -> 2 | Z13: =IF(G13="","",IF(COUNTIF('Postes comptables'!$C$99:$C$148,G13)=0,"Anomalie","")) | AA13: =IF(AND(F13="",A13<>"",COUNTIF(AB13:AK13,"D")=0),TRUE,FALSE) -> FALSE | AB13: =IF(AND(K13="X",AB$1<>"Trésorerie"),"D","") | AC13: =IF(AND(L13="X",AC$1<>"Trésorerie"),"D","") | AD13: =IF(AND(M13="X",AD$1<>"Trésorerie"),"D","") | AE13: =IF(AND(N13="X",AE$1<>"Trésorerie"),"D","") | AF13: =IF(AND(O13="X",AF$1<>"Trésorerie"),"D","") | AG13: =IF(AND(P13="X",AG$1<>"Trésorerie"),"D","") | AH13: =IF(AND(Q13="X",AH$1<>"Trésorerie"),"D","") | AI13: =IF(AND(R13="X",AI$1<>"Trésorerie"),"D","") | ... AK13: =IF(AND(T13="X",AK$1<>"Trésorerie"),"D","")
A14: 45716 | B14: MUSICIENS | C14: MUSICIEN | D14: REC002B | E14: 20 | F14: Vente lampes pupitres | G14: Fonctionnement | H14: VSEPA | J14: X | K14: X | U14: =IF(ISBLANK(F14),0,1) -> 1 | V14: =IF(F14="","",IF(COUNTIF('Postes comptables'!$A:$C,F14)=0,"Anomalie","")) | W14: =MONTH(A14) -> 2 | Z14: =IF(G14="","",IF(COUNTIF('Postes comptables'!$C$99:$C$148,G14)=0,"Anomalie","")) | AA14: =IF(AND(F14="",A14<>"",COUNTIF(AB14:AK14,"D")=0),TRUE,FALSE) -> FALSE | AB14: =IF(AND(K14="X",AB$1<>"Trésorerie"),"D","") | AC14: =IF(AND(L14="X",AC$1<>"Trésorerie"),"D","") | AD14: =IF(AND(M14="X",AD$1<>"Trésorerie"),"D","") | AE14: =IF(AND(N14="X",AE$1<>"Trésorerie"),"D","") | AF14: =IF(AND(O14="X",AF$1<>"Trésorerie"),"D","") | AG14: =IF(AND(P14="X",AG$1<>"Trésorerie"),"D","") | AH14: =IF(AND(Q14="X",AH$1<>"Trésorerie"),"D","") | AI14: =IF(AND(R14="X",AI$1<>"Trésorerie"),"D","") | ... AK14: =IF(AND(T14="X",AK$1<>"Trésorerie"),"D","")
A15: 45717 | B15: MUSICIENS | C15: MUSICIEN | D15: REC002B | E15: 20 | F15: Vente lampes pupitres | G15: Fonctionnement | H15: VSEPA | J15: X | K15: X | U15: =IF(ISBLANK(F15),0,1) -> 1 | V15: =IF(F15="","",IF(COUNTIF('Postes comptables'!$A:$C,F15)=0,"Anomalie","")) | W15: =MONTH(A15) -> 3 | Z15: =IF(G15="","",IF(COUNTIF('Postes comptables'!$C$99:$C$148,G15)=0,"Anomalie","")) | AA15: =IF(AND(F15="",A15<>"",COUNTIF(AB15:AK15,"D")=0),TRUE,FALSE) -> FALSE | AB15: =IF(AND(K15="X",AB$1<>"Trésorerie"),"D","") | AC15: =IF(AND(L15="X",AC$1<>"Trésorerie"),"D","") | AD15: =IF(AND(M15="X",AD$1<>"Trésorerie"),"D","") | AE15: =IF(AND(N15="X",AE$1<>"Trésorerie"),"D","") | AF15: =IF(AND(O15="X",AF$1<>"Trésorerie"),"D","") | AG15: =IF(AND(P15="X",AG$1<>"Trésorerie"),"D","") | AH15: =IF(AND(Q15="X",AH$1<>"Trésorerie"),"D","") | AI15: =IF(AND(R15="X",AI$1<>"Trésorerie"),"D","") | ... AK15: =IF(AND(T15="X",AK$1<>"Trésorerie"),"D","")
A16: 45734 | B16: MUSICIENS | C16: MUSICIENS | D16: REC002B | E16: 140 | F16: Vente lampes pupitres | G16: Fonctionnement | H16: REMISE CHEQUES | I16: 6176294 | J16: X | K16: X | U16: =IF(ISBLANK(F16),0,1) -> 1 | V16: =IF(F16="","",IF(COUNTIF('Postes comptables'!$A:$C,F16)=0,"Anomalie","")) | W16: =MONTH(A16) -> 3 | Z16: =IF(G16="","",IF(COUNTIF('Postes comptables'!$C$99:$C$148,G16)=0,"Anomalie","")) | AA16: =IF(AND(F16="",A16<>"",COUNTIF(AB16:AK16,"D")=0),TRUE,FALSE) -> FALSE | AB16: =IF(AND(K16="X",AB$1<>"Trésorerie"),"D","") | AC16: =IF(AND(L16="X",AC$1<>"Trésorerie"),"D","") | AD16: =IF(AND(M16="X",AD$1<>"Trésorerie"),"D","") | AE16: =IF(AND(N16="X",AE$1<>"Trésorerie"),"D","") | AF16: =IF(AND(O16="X",AF$1<>"Trésorerie"),"D","") | AG16: =IF(AND(P16="X",AG$1<>"Trésorerie"),"D","") | AH16: =IF(AND(Q16="X",AH$1<>"Trésorerie"),"D","") | AI16: =IF(AND(R16="X",AI$1<>"Trésorerie"),"D","") | ... AK16: =IF(AND(T16="X",AK$1<>"Trésorerie"),"D","")
A17: 45736 | B17: MUSICIENS | C17: MUSICIENS | D17: REC002B | E17: 180 | F17: Vente lampes pupitres | G17: Fonctionnement | H17: ESPECES | J17: X | K17: X | U17: =IF(ISBLANK(F17),0,1) -> 1 | V17: =IF(F17="","",IF(COUNTIF('Postes comptables'!$A:$C,F17)=0,"Anomalie","")) | W17: =MONTH(A17) -> 3 | Z17: =IF(G17="","",IF(COUNTIF('Postes comptables'!$C$99:$C$148,G17)=0,"Anomalie","")) | AA17: =IF(AND(F17="",A17<>"",COUNTIF(AB17:AK17,"D")=0),TRUE,FALSE) -> FALSE | AB17: =IF(AND(K17="X",AB$1<>"Trésorerie"),"D","") | AC17: =IF(AND(L17="X",AC$1<>"Trésorerie"),"D","") | AD17: =IF(AND(M17="X",AD$1<>"Trésorerie"),"D","") | AE17: =IF(AND(N17="X",AE$1<>"Trésorerie"),"D","") | AF17: =IF(AND(O17="X",AF$1<>"Trésorerie"),"D","") | AG17: =IF(AND(P17="X",AG$1<>"Trésorerie"),"D","") | AH17: =IF(AND(Q17="X",AH$1<>"Trésorerie"),"D","") | AI17: =IF(AND(R17="X",AI$1<>"Trésorerie"),"D","") | ... AK17: =IF(AND(T17="X",AK$1<>"Trésorerie"),"D","")
A18: 45736 | B18: MICROSOFT | C18: Rembt licence Microsoft | D18: REC006 | E18: 34.58 | F18: Rétrocession Licences Office 365 | G18: Fonctionnement | H18: VSEPA | J18: X | K18: X | U18: =IF(ISBLANK(F18),0,1) -> 1 | V18: =IF(F18="","",IF(COUNTIF('Postes comptables'!$A:$C,F18)=0,"Anomalie","")) | W18: =MONTH(A18) -> 3 | Z18: =IF(G18="","",IF(COUNTIF('Postes comptables'!$C$99:$C$148,G18)=0,"Anomalie","")) | AA18: =IF(AND(F18="",A18<>"",COUNTIF(AB18:AK18,"D")=0),TRUE,FALSE) -> FALSE | AB18: =IF(AND(K18="X",AB$1<>"Trésorerie"),"D","") | AC18: =IF(AND(L18="X",AC$1<>"Trésorerie"),"D","") | AD18: =IF(AND(M18="X",AD$1<>"Trésorerie"),"D","") | AE18: =IF(AND(N18="X",AE$1<>"Trésorerie"),"D","") | AF18: =IF(AND(O18="X",AF$1<>"Trésorerie"),"D","") | AG18: =IF(AND(P18="X",AG$1<>"Trésorerie"),"D","") | AH18: =IF(AND(Q18="X",AH$1<>"Trésorerie"),"D","") | AI18: =IF(AND(R18="X",AI$1<>"Trésorerie"),"D","") | ... AK18: =IF(AND(T18="X",AK$1<>"Trésorerie"),"D","")
A19: 45742 | B19: MUSICIENS | C19: MUSICIEN | D19: REC002B | E19: 20 | F19: Vente lampes pupitres | G19: Fonctionnement | H19: VSEPA | J19: X | K19: X | U19: =IF(ISBLANK(F19),0,1) -> 1 | V19: =IF(F19="","",IF(COUNTIF('Postes comptables'!$A:$C,F19)=0,"Anomalie","")) | W19: =MONTH(A19) -> 3 | Z19: =IF(G19="","",IF(COUNTIF('Postes comptables'!$C$99:$C$148,G19)=0,"Anomalie","")) | AA19: =IF(AND(F19="",A19<>"",COUNTIF(AB19:AK19,"D")=0),TRUE,FALSE) -> FALSE | AB19: =IF(AND(K19="X",AB$1<>"Trésorerie"),"D","") | AC19: =IF(AND(L19="X",AC$1<>"Trésorerie"),"D","") | AD19: =IF(AND(M19="X",AD$1<>"Trésorerie"),"D","") | AE19: =IF(AND(N19="X",AE$1<>"Trésorerie"),"D","") | AF19: =IF(AND(O19="X",AF$1<>"Trésorerie"),"D","") | AG19: =IF(AND(P19="X",AG$1<>"Trésorerie"),"D","") | AH19: =IF(AND(Q19="X",AH$1<>"Trésorerie"),"D","") | AI19: =IF(AND(R19="X",AI$1<>"Trésorerie"),"D","") | ... AK19: =IF(AND(T19="X",AK$1<>"Trésorerie"),"D","")
A20: 45746 | B20: MUSICIENS | C20: Rembt licence Microsoft | D20: REC006B | E20: -34.58 | F20: Rétrocession Licences Office 365 | G20: Fonctionnement | H20: VSEPA | J20: X | K20: X | U20: =IF(ISBLANK(F20),0,1) -> 1 | V20: =IF(F20="","",IF(COUNTIF('Postes comptables'!$A:$C,F20)=0,"Anomalie","")) | W20: =MONTH(A20) -> 3 | Z20: =IF(G20="","",IF(COUNTIF('Postes comptables'!$C$99:$C$148,G20)=0,"Anomalie","")) | AA20: =IF(AND(F20="",A20<>"",COUNTIF(AB20:AK20,"D")=0),TRUE,FALSE) -> FALSE | AB20: =IF(AND(K20="X",AB$1<>"Trésorerie"),"D","") | AC20: =IF(AND(L20="X",AC$1<>"Trésorerie"),"D","") | AD20: =IF(AND(M20="X",AD$1<>"Trésorerie"),"D","") | AE20: =IF(AND(N20="X",AE$1<>"Trésorerie"),"D","") | AF20: =IF(AND(O20="X",AF$1<>"Trésorerie"),"D","") | AG20: =IF(AND(P20="X",AG$1<>"Trésorerie"),"D","") | AH20: =IF(AND(Q20="X",AH$1<>"Trésorerie"),"D","") | AI20: =IF(AND(R20="X",AI$1<>"Trésorerie"),"D","") | ... AK20: =IF(AND(T20="X",AK$1<>"Trésorerie"),"D","")
R21: X | U21: =IF(ISBLANK(F21),0,1) -> 0 | V21: =IF(F21="","",IF(COUNTIF('Postes comptables'!$A:$C,F21)=0,"Anomalie","")) | W21: =MONTH(A21) -> 1 | Z21: =IF(G21="","",IF(COUNTIF('Postes comptables'!$C$99:$C$148,G21)=0,"Anomalie","")) | AA21: =IF(AND(F21="",A21<>"",COUNTIF(AB21:AK21,"D")=0),TRUE,FALSE) -> FALSE | AB21: =IF(AND(K21="X",AB$1<>"Trésorerie"),"D","") | AC21: =IF(AND(L21="X",AC$1<>"Trésorerie"),"D","") | AD21: =IF(AND(M21="X",AD$1<>"Trésorerie"),"D","") | AE21: =IF(AND(N21="X",AE$1<>"Trésorerie"),"D","") | AF21: =IF(AND(O21="X",AF$1<>"Trésorerie"),"D","") | AG21: =IF(AND(P21="X",AG$1<>"Trésorerie"),"D","") | AH21: =IF(AND(Q21="X",AH$1<>"Trésorerie"),"D","") | AI21: =IF(AND(R21="X",AI$1<>"Trésorerie"),"D","") | ... AK21: =IF(AND(T21="X",AK$1<>"Trésorerie"),"D","")
R22: X | U22: =IF(ISBLANK(F22),0,1) -> 0 | V22: =IF(F22="","",IF(COUNTIF('Postes comptables'!$A:$C,F22)=0,"Anomalie","")) | W22: =MONTH(A22) -> 1 | Z22: =IF(G22="","",IF(COUNTIF('Postes comptables'!$C$99:$C$148,G22)=0,"Anomalie","")) | AA22: =IF(AND(F22="",A22<>"",COUNTIF(AB22:AK22,"D")=0),TRUE,FALSE) -> FALSE | AB22: =IF(AND(K22="X",AB$1<>"Trésorerie"),"D","") | AC22: =IF(AND(L22="X",AC$1<>"Trésorerie"),"D","") | AD22: =IF(AND(M22="X",AD$1<>"Trésorerie"),"D","") | AE22: =IF(AND(N22="X",AE$1<>"Trésorerie"),"D","") | AF22: =IF(AND(O22="X",AF$1<>"Trésorerie"),"D","") | AG22: =IF(AND(P22="X",AG$1<>"Trésorerie"),"D","") | AH22: =IF(AND(Q22="X",AH$1<>"Trésorerie"),"D","") | AI22: =IF(AND(R22="X",AI$1<>"Trésorerie"),"D","") | ... AK22: =IF(AND(T22="X",AK$1<>"Trésorerie"),"D","")
A23: 45794 | B23: BIENFAITEURS | C23: Don reçu | D23: REC012 | E23: 1 | F23: Dons des bienfaiteurs | G23: Fonctionnement | H23: CB | O23: X | U23: =IF(ISBLANK(F23),0,1) -> 1 | V23: =IF(F23="","",IF(COUNTIF('Postes comptables'!$A:$C,F23)=0,"Anomalie","")) | W23: =MONTH(A23) -> 5 | Z23: =IF(G23="","",IF(COUNTIF('Postes comptables'!$C$99:$C$148,G23)=0,"Anomalie","")) | AA23: =IF(AND(F23="",A23<>"",COUNTIF(AB23:AK23,"D")=0),TRUE,FALSE) -> FALSE | AB23: =IF(AND(K23="X",AB$1<>"Trésorerie"),"D","") | AC23: =IF(AND(L23="X",AC$1<>"Trésorerie"),"D","") | AD23: =IF(AND(M23="X",AD$1<>"Trésorerie"),"D","") | AE23: =IF(AND(N23="X",AE$1<>"Trésorerie"),"D","") | AF23: =IF(AND(O23="X",AF$1<>"Trésorerie"),"D","") | AG23: =IF(AND(P23="X",AG$1<>"Trésorerie"),"D","") | AH23: =IF(AND(Q23="X",AH$1<>"Trésorerie"),"D","") | AI23: =IF(AND(R23="X",AI$1<>"Trésorerie"),"D","") | ... AK23: =IF(AND(T23="X",AK$1<>"Trésorerie"),"D","")
A24: 45798 | B24: BIENFAITEURS | C24: Concert Boult sur Suippe | D24: REC008 | E24: 100 | F24: Dons des bienfaiteurs | G24: Autres concerts | H24: REMISE CHEQUES | I24: 6172529 | J24: X | K24: X | U24: =IF(ISBLANK(F24),0,1) -> 1 | V24: =IF(F24="","",IF(COUNTIF('Postes comptables'!$A:$C,F24)=0,"Anomalie","")) | W24: =MONTH(A24) -> 5 | Z24: =IF(G24="","",IF(COUNTIF('Postes comptables'!$C$99:$C$148,G24)=0,"Anomalie","")) | AA24: =IF(AND(F24="",A24<>"",COUNTIF(AB24:AK24,"D")=0),TRUE,FALSE) -> FALSE | AB24: =IF(AND(K24="X",AB$1<>"Trésorerie"),"D","") | AC24: =IF(AND(L24="X",AC$1<>"Trésorerie"),"D","") | AD24: =IF(AND(M24="X",AD$1<>"Trésorerie"),"D","") | AE24: =IF(AND(N24="X",AE$1<>"Trésorerie"),"D","") | AF24: =IF(AND(O24="X",AF$1<>"Trésorerie"),"D","") | AG24: =IF(AND(P24="X",AG$1<>"Trésorerie"),"D","") | AH24: =IF(AND(Q24="X",AH$1<>"Trésorerie"),"D","") | AI24: =IF(AND(R24="X",AI$1<>"Trésorerie"),"D","") | ... AK24: =IF(AND(T24="X",AK$1<>"Trésorerie"),"D","")
A25: 45803 | B25: MUSICIENS | C25: MUSICIEN | D25: REC002B | E25: 20 | F25: Vente lampes pupitres | G25: Fonctionnement | H25: VSEPA | J25: X | K25: X | U25: =IF(ISBLANK(F25),0,1) -> 1 | V25: =IF(F25="","",IF(COUNTIF('Postes comptables'!$A:$C,F25)=0,"Anomalie","")) | W25: =MONTH(A25) -> 5 | Z25: =IF(G25="","",IF(COUNTIF('Postes comptables'!$C$99:$C$148,G25)=0,"Anomalie","")) | AA25: =IF(AND(F25="",A25<>"",COUNTIF(AB25:AK25,"D")=0),TRUE,FALSE) -> FALSE | AB25: =IF(AND(K25="X",AB$1<>"Trésorerie"),"D","") | AC25: =IF(AND(L25="X",AC$1<>"Trésorerie"),"D","") | AD25: =IF(AND(M25="X",AD$1<>"Trésorerie"),"D","") | AE25: =IF(AND(N25="X",AE$1<>"Trésorerie"),"D","") | AF25: =IF(AND(O25="X",AF$1<>"Trésorerie"),"D","") | AG25: =IF(AND(P25="X",AG$1<>"Trésorerie"),"D","") | AH25: =IF(AND(Q25="X",AH$1<>"Trésorerie"),"D","") | AI25: =IF(AND(R25="X",AI$1<>"Trésorerie"),"D","") | ... AK25: =IF(AND(T25="X",AK$1<>"Trésorerie"),"D","")
A26: 45812 | B26: BIENFAITEURS | C26: Don concert Crypto | D26: REC011 | E26: 10 | F26: Dons des bienfaiteurs | G26: Autres concerts | H26: CB | O26: X | U26: =IF(ISBLANK(F26),0,1) -> 1 | V26: =IF(F26="","",IF(COUNTIF('Postes comptables'!$A:$C,F26)=0,"Anomalie","")) | W26: =MONTH(A26) -> 6 | Z26: =IF(G26="","",IF(COUNTIF('Postes comptables'!$C$99:$C$148,G26)=0,"Anomalie","")) | AA26: =IF(AND(F26="",A26<>"",COUNTIF(AB26:AK26,"D")=0),TRUE,FALSE) -> FALSE | AB26: =IF(AND(K26="X",AB$1<>"Trésorerie"),"D","") | AC26: =IF(AND(L26="X",AC$1<>"Trésorerie"),"D","") | AD26: =IF(AND(M26="X",AD$1<>"Trésorerie"),"D","") | AE26: =IF(AND(N26="X",AE$1<>"Trésorerie"),"D","") | AF26: =IF(AND(O26="X",AF$1<>"Trésorerie"),"D","") | AG26: =IF(AND(P26="X",AG$1<>"Trésorerie"),"D","") | AH26: =IF(AND(Q26="X",AH$1<>"Trésorerie"),"D","") | AI26: =IF(AND(R26="X",AI$1<>"Trésorerie"),"D","") | ... AK26: =IF(AND(T26="X",AK$1<>"Trésorerie"),"D","")
A27: 45813 | B27: BIENFAITEURS | C27: Remise espèces CRYPTO | D27: REC007 | E27: 225 | F27: Dons des bienfaiteurs | G27: Autres concerts | H27: ESPECES | J27: X | K27: X | U27: =IF(ISBLANK(F27),0,1) -> 1 | V27: =IF(F27="","",IF(COUNTIF('Postes comptables'!$A:$C,F27)=0,"Anomalie","")) | W27: =MONTH(A27) -> 6 | Z27: =IF(G27="","",IF(COUNTIF('Postes comptables'!$C$99:$C$148,G27)=0,"Anomalie","")) | AA27: =IF(AND(F27="",A27<>"",COUNTIF(AB27:AK27,"D")=0),TRUE,FALSE) -> FALSE | AB27: =IF(AND(K27="X",AB$1<>"Trésorerie"),"D","") | AC27: =IF(AND(L27="X",AC$1<>"Trésorerie"),"D","") | AD27: =IF(AND(M27="X",AD$1<>"Trésorerie"),"D","") | AE27: =IF(AND(N27="X",AE$1<>"Trésorerie"),"D","") | AF27: =IF(AND(O27="X",AF$1<>"Trésorerie"),"D","") | AG27: =IF(AND(P27="X",AG$1<>"Trésorerie"),"D","") | AH27: =IF(AND(Q27="X",AH$1<>"Trésorerie"),"D","") | AI27: =IF(AND(R27="X",AI$1<>"Trésorerie"),"D","") | ... AK27: =IF(AND(T27="X",AK$1<>"Trésorerie"),"D","")
A28: 45813 | B28: MAIRIE | C28: Concert Boult sur Suippe | D28: REC004 | E28: 500 | F28: Prestations concerts | G28: Autres concerts | H28: REMISE CHEQUES | I28: 6173984 | J28: X | K28: x | U28: =IF(ISBLANK(F28),0,1) -> 1 | V28: =IF(F28="","",IF(COUNTIF('Postes comptables'!$A:$C,F28)=0,"Anomalie","")) | W28: =MONTH(A28) -> 6 | Z28: =IF(G28="","",IF(COUNTIF('Postes comptables'!$C$99:$C$148,G28)=0,"Anomalie","")) | AA28: =IF(AND(F28="",A28<>"",COUNTIF(AB28:AK28,"D")=0),TRUE,FALSE) -> FALSE | AB28: =IF(AND(K28="X",AB$1<>"Trésorerie"),"D","") | AC28: =IF(AND(L28="X",AC$1<>"Trésorerie"),"D","") | AD28: =IF(AND(M28="X",AD$1<>"Trésorerie"),"D","") | AE28: =IF(AND(N28="X",AE$1<>"Trésorerie"),"D","") | AF28: =IF(AND(O28="X",AF$1<>"Trésorerie"),"D","") | AG28: =IF(AND(P28="X",AG$1<>"Trésorerie"),"D","") | AH28: =IF(AND(Q28="X",AH$1<>"Trésorerie"),"D","") | AI28: =IF(AND(R28="X",AI$1<>"Trésorerie"),"D","") | ... AK28: =IF(AND(T28="X",AK$1<>"Trésorerie"),"D","")
A29: 45813 | B29: BIENFAITEURS | C29: Concert CRYPTO | D29: REC010 | E29: 40 | F29: Dons des bienfaiteurs | G29: Autres concerts | H29: REMISE CHEQUES | I29: 6173985 | J29: X | K29: x | U29: =IF(ISBLANK(F29),0,1) -> 1 | V29: =IF(F29="","",IF(COUNTIF('Postes comptables'!$A:$C,F29)=0,"Anomalie","")) | W29: =MONTH(A29) -> 6 | Z29: =IF(G29="","",IF(COUNTIF('Postes comptables'!$C$99:$C$148,G29)=0,"Anomalie","")) | AA29: =IF(AND(F29="",A29<>"",COUNTIF(AB29:AK29,"D")=0),TRUE,FALSE) -> FALSE | AB29: =IF(AND(K29="X",AB$1<>"Trésorerie"),"D","") | AC29: =IF(AND(L29="X",AC$1<>"Trésorerie"),"D","") | AD29: =IF(AND(M29="X",AD$1<>"Trésorerie"),"D","") | AE29: =IF(AND(N29="X",AE$1<>"Trésorerie"),"D","") | AF29: =IF(AND(O29="X",AF$1<>"Trésorerie"),"D","") | AG29: =IF(AND(P29="X",AG$1<>"Trésorerie"),"D","") | AH29: =IF(AND(Q29="X",AH$1<>"Trésorerie"),"D","") | AI29: =IF(AND(R29="X",AI$1<>"Trésorerie"),"D","") | ... AK29: =IF(AND(T29="X",AK$1<>"Trésorerie"),"D","")
A30: 45814 | B30: BIENFAITEURS | C30: DON BIENFAITEUR | D30: REC005 | E30: 100 | F30: Dons des bienfaiteurs | G30: Fonctionnement | H30: VSEPA | J30: X | K30: X | U30: =IF(ISBLANK(F30),0,1) -> 1 | V30: =IF(F30="","",IF(COUNTIF('Postes comptables'!$A:$C,F30)=0,"Anomalie","")) | W30: =MONTH(A30) -> 6 | Z30: =IF(G30="","",IF(COUNTIF('Postes comptables'!$C$99:$C$148,G30)=0,"Anomalie","")) | AA30: =IF(AND(F30="",A30<>"",COUNTIF(AB30:AK30,"D")=0),TRUE,FALSE) -> FALSE | AB30: =IF(AND(K30="X",AB$1<>"Trésorerie"),"D","") | AC30: =IF(AND(L30="X",AC$1<>"Trésorerie"),"D","") | AD30: =IF(AND(M30="X",AD$1<>"Trésorerie"),"D","") | AE30: =IF(AND(N30="X",AE$1<>"Trésorerie"),"D","") | AF30: =IF(AND(O30="X",AF$1<>"Trésorerie"),"D","") | AG30: =IF(AND(P30="X",AG$1<>"Trésorerie"),"D","") | AH30: =IF(AND(Q30="X",AH$1<>"Trésorerie"),"D","") | AI30: =IF(AND(R30="X",AI$1<>"Trésorerie"),"D","") | ... AK30: =IF(AND(T30="X",AK$1<>"Trésorerie"),"D","")
